Workbook

Sheet Classif Prog-Admin-Eco
AM2: =AI7+AI40+AI44+AR1347 -> 8920555 | AO2: =AN44-AE44 -> 0 | AQ2: =AN123-AE123 -> -2955274 | AT2: =AF44-AO44 -> 0
BA3: (en milliers de francs CFA)
C4: 2022 | L4: 2023 | U4: 2024 | AD4: 2025 | AM4: 2026 | AV4: 2027
C5: DEPENSES ORDINAIRES | G5: DEPENSES EN CAPITAL | L5: DEPENSES ORDINAIRES | P5: DEPENSES EN CAPITAL | U5: DEPENSES ORDINAIRES | Y5: DEPENSES EN CAPITAL | AD5: DEPENSES ORDINAIRES | AH5: DEPENSES EN CAPITAL | AM5: DEPENSES ORDINAIRES | AQ5: DEPENSES EN CAPITAL | AV5: DEPENSES ORDINAIRES | AZ5: DEPENSES EN CAPITAL
A6: Code Prog. | B6: Ministère /Programme/Dotation | C6: Dépenses de personnel | D6: Dépenses d'acquisitions de biens et services | E6: Dépenses de transfert | F6: Total dépenses ordinaires (a) | G6: Ressources Intérieures | H6: Ressources extérieures | J6: Total dépenses en capital (b) | K6: Total des Prévisions | L6: Dépenses de personnel | M6: Dépenses d'acquisitions de biens et services | N6: Dépenses de transfert | O6: Total dépenses ordinaires (a) | P6: Ressources Intérieures | Q6: Ressources extérieures (dons) | R6: Ressources extérieures (prêts) | S6: Total dépenses en capital (b) | T6: Total des Prévisions | U6: Dépenses de personnel | V6: Dépenses d'acquisitions de biens et services | W6: Dépenses de transfert | X6: Total dépenses ordinaires (a) | Y6: Ressources Intérieures | Z6: Ressources extérieures (dons) | AA6: Ressources extérieures (prêts) | AB6: Total dépenses en capital (b) | AC6: Total des Prévisions | AD6: Dépenses de personnel | AE6: Dépenses d'acquisitions de biens et services | AF6: Dépenses de transfert | AG6: Total dépenses ordinaires (a) | AH6: Ressources Intérieures | AI6: Ressources extérieures (dons) | AJ6: Ressources extérieures (prêts) | AK6: Total dépenses en capital (b) | AL6: Total des Prévisions | AM6: Dépenses de personnel | AN6: Dépenses d'acquisitions de biens et services | AO6: Dépenses de transfert | AP6: Total dépenses ordinaires (a) | AQ6: Ressources Intérieures | AR6: Ressources extérieures (dons) | AS6: Ressources extérieures (prêts) | AT6: Total dépenses en capital (b) | AU6: Total des Prévisions | AV6: Dépenses de personnel | AW6: Dépenses d'acquisitions de biens et services | AX6: Dépenses de transfert | AY6: Total dépenses ordinaires (a) | AZ6: Ressources Intérieures | BA6: Ressources extérieures (dons) | BB6: Ressources extérieures (prêts) | BC6: Total dépenses en capital (b) | BD6: Total des Prévisions
A7: MINISTERE DU DEVELOPPEMENT ET DE LA COORDINATION DE L'ACTION GOUVERNEMENTALE | C7: =C8+C9 -> 1117950 | D7: =D8+D9 -> 2480961.2 | E7: =E8+E9 -> 331003.83 | F7: =C7+D7+E7 -> 3929915 | G7: =G8+G9 -> 450000 | H7: =H8+H9 -> 283480.07 | J7: =G7+H7 -> 733480.07 | K7: =F7+J7 -> 4663395.1 | L7: =L8+L9 -> 1819885.7 | M7: =M8+M9 -> 2311320.6 | N7: =N8+N9 -> 361951.4 | O7: =L7+M7+N7 -> 4493157.7 | P7: =P8+P9 -> 895454.5 | Q7: =Q8+Q9 -> 0 | R7: =R8+R9 -> 0 | S7: =P7+Q7+R7 -> 895454.5 | T7: =T8+T9 -> 5388612.2 | U7: =U8+U9 -> 2009310 | V7: =V8+V9 -> 2778642 | W7: =W8+W9 -> 566970 | X7: =U7+V7+W7 -> 5354922 | Y7: =Y8+Y9 -> 1690909 | Z7: =Z8+Z9 -> 3763500 | AA7: =AA8+AA9 -> 0 | AB7: =Y7+Z7+AA7 -> 5454409 | AC7: =X7+AB7 -> 10809331 | AD7: =AD8+AD9 -> 1955707 | AE7: =AE8+AE9 -> 2814355 | AF7: =AF8+AF9 -> 931257 | AG7: =AD7+AE7+AF7 -> 5701319 | AH7: =AH8+AH9 -> 2309091 | AI7: =AI8+AI9 -> 0 | AJ7: =AJ8+AJ9 -> 0 | AK7: =AH7+AI7+AJ7 -> 2309091 | AL7: =AG7+AH7 -> 8010410 | AM7: =AM8+AM9 -> 2063691 | AN7: =AN8+AN9 -> 2628642 | AO7: =AO8+AO9 -> 1116970 | AP7: =AM7+AN7+AO7 -> 5809303 | AQ7: =AQ8+AQ9 -> 2809091 | AR7: =AR8+AR9 -> 0 | AS7: =AS8+AS9 -> 0 | AT7: =AQ7+AR7+AS7 -> 2809091 | AU7: =AP7+AT7 -> 8618394 | AV7: =AV8+AV9 -> 2155576 | AW7: =AW8+AW9 -> 2628642 | AX7: =AX8+AX9 -> 1116970 | AY7: =AV7+AW7+AX7 -> 5901188 | AZ7: =AZ8+AZ9 -> 2000000 | BA7: =BA8+BA9 -> 0 | BB7: =BB8+BB9 -> 0 | BC7: =AZ7+BA7+BB7 -> 2000000 | BD7: =AY7+BC7 -> 7901188
A8: 015 | B8: Pilotage et soutien aux services du MDC | C8: 994504 | D8: 2325265.2 | E8: 128066.83 | F8: =SUM(C8:E8) -> 3447836 | G8: 0 | H8: 0 | I8: 0 | J8: =G8+H8+I8 -> 0 | K8: =F8+J8 -> 3447836 | L8: 1148065.3 | M8: 2066311.5 | N8: 116481.4 | O8: =L8+M8+N8 -> 3330858.3 | P8: 0 | Q8: 0 | R8: 0 | S8: =P8+Q8+R8 -> 0 | T8: =O8+S8 -> 3330858.3 | U8: 1460689 | V8: 2213684 | W8: 121500 | X8: =SUM(U8:W8) -> 3795873 | Y8: 0 | Z8: 0 | AA8: 0 | AB8: =Y8+Z8+AA8 -> 0 | AC8: =X8+AB8 -> 3795873 | AD8: 1339732 | AE8: 2258327 | AF8: 485787 | AG8: =SUM(AD8:AF8) -> 4083846 | AH8: 0 | AI8: 0 | AJ8: 0 | AK8: =AH8+AI8+AJ8 -> 0 | AL8: =AG8+AK8 -> 4083846 | AM8: 1415205 | AN8: 2063684 | AO8: 671500 | AP8: =SUM(AM8:AO8) -> 4150389 | AQ8: 0 | AR8: 0 | AS8: 0 | AT8: =AQ8+AR8+AS8 -> 0 | AU8: =AP8+AT8 -> 4150389 | AV8: 1478011 | AW8: 2063684 | AX8: 671500 | AY8: =AV8+AW8+AX8 -> 4213195 | AZ8: 0 | BA8: 0 | BB8: 0 | BC8: =AZ8+BA8+BB8 -> 0 | BD8: =AY8+BC8 -> 4213195
A9: 016 | B9: Orientation et évaluation des politiques de développement | C9: 123446 | D9: 155695.95 | E9: 202937 | F9: =SUM(C9:E9) -> 482078.95 | G9: 450000 | H9: 283480.07 | I9: 283480.07 | J9: =G9+H9 -> 733480.07 | K9: =F9+J9 -> 1215559 | L9: 671820.35 | M9: 245009.09 | N9: 245470 | O9: =L9+M9+N9 -> 1162299.4 | P9: 895454.5 | Q9: 0 | R9: 0 | S9: =P9+Q9+R9 -> 895454.5 | T9: =O9+S9 -> 2057753.9 | U9: 548621 | V9: 564958 | W9: 445470 | X9: =SUM(U9:W9) -> 1559049 | Y9: 1690909 | Z9: 3763500 | AA9: 0 | AB9: =Y9+Z9+AA9 -> 5454409 | AC9: =X9+AB9 -> 7013458 | AD9: 615975 | AE9: 556028 | AF9: 445470 | AG9: =SUM(AD9:AF9) -> 1617473 | AH9: 2309091 | AI9: 0 | AJ9: 0 | AK9: =AH9+AI9+AJ9 -> 2309091 | AL9: =AG9+AK9 -> 3926564 | AM9: 648486 | AN9: 564958 | AO9: 445470 | AP9: =SUM(AM9:AO9) -> 1658914 | AQ9: 2809091 | AR9: 0 | AS9: 0 | AT9: =AQ9+AR9+AS9 -> 2809091 | AU9: =AP9+AT9 -> 4468005 | AV9: 677565 | AW9: 564958 | AX9: 445470 | AY9: =AV9+AW9+AX9 -> 1687993 | AZ9: 2000000 | BA9: 0 | BB9: 0 | BC9: =AZ9+BA9+BB9 -> 2000000 | BD9: =AY9+BC9 -> 3687993
A10: MINISTERE DE LA JUSTICE ET DE LA LEGISLATION | C10: =C11+C12+C13+C14+C15 -> 7284190 | D10: =D11+D12+D13+D14+D15 -> 2465525.5 | E10: =E11+E12+E13+E14+E15 -> 10910858 | F10: =F11+F12+F13+F14+F15 -> 20660573 | G10: =G11+G12+G13+G14+G15 -> 5276186.2 | H10: =H11+H12+H13+H14+H15 -> 0 | I10: =I11+I12+I13+I14+I15 -> 0 | J10: =J11+J12+J13+J14+J15 -> 5276186.2 | ... N10: =N11+N12+N13+N14+N15 -> 11228790 | O10: =L10+M10+N10 -> 22707031 | P10: =P11+P12+P13+P14+P15 -> 4400000 | Q10: =Q11+Q12+Q13+Q14+Q15 -> 0 | R10: =R11+R12+R13+R14+R15 -> 0 | S10: =P10+Q10+R10 -> 4400000 | T10: =T11+T12+T13+T14+T15 -> 27107031 | U10: =U11+U12+U13+U14+U15 -> 10357870 | V10: =V11+V12+V13+V14+V15 -> 4696684 | W10: =W11+W12+W13+W14+W15 -> 10378981 | X10: =X11+X12+X13+X14+X15 -> 25433535 | Y10: =Y11+Y12+Y13+Y14+Y15 -> 11780000 | Z10: =Z11+Z12+Z13+Z14+Z15 -> 0 | AA10: =AA11+AA12+AA13+AA14+AA15 -> 0 | ... AO10: =AO11+AO12+AO13+AO14+AO15 -> 11712705 | AP10: =AM10+AN10+AO10 -> 27801855 | AQ10: =AQ11+AQ12+AQ13+AQ14+AQ15 -> 12750000 | AR10: =AR11+AR12+AR13+AR14+AR15 -> 0 | AS10: =AS11+AS12+AS13+AS14+AS15 -> 0 | AT10: =AT11+AT12+AT13+AT14+AT15 -> 12750000 | AU10: =AP10+AT10 -> 40551855 | AV10: =AV11+AV12+AV13+AV14+AV15 -> 12341758 | AW10: =AW11+AW12+AW13+AW14+AW15 -> 4262960 | AX10: =AX11+AX12+AX13+AX14+AX15 -> 11712705 | AY10: =AV10+AW10+AX10 -> 28317423 | AZ10: =AZ11+AZ12+AZ13+AZ14+AZ15 -> 8687000 | BA10: =BA11+BA12+BA13+BA14+BA15 -> 0 | BB10: =BB11+BB12+BB13+BB14+BB15 -> 0 | BC10: =AZ10+BA10+BB10 -> 8687000 | BD10: =AY10+BC10 -> 37004423
A11: 018 | B11: Pilotage et soutien aux services du MJL | C11: 2999419 | D11: 2184306.8 | E11: 75000 | F11: =SUM(C11:E11) -> 5258725.8 | G11: 308619.22 | H11: 0 | I11: 0 | J11: =G11+H11 -> 308619.22 | K11: =F11+J11 -> 5567345 | L11: 1493544.6 | M11: 2271248.6 | N11: 139400 | O11: =L11+M11+N11 -> 3904193.1 | P11: 0 | Q11: 0 | R11: 0 | S11: =P11+Q11+R11 -> 0 | T11: =O11+S11 -> 3904193.1 | U11: 861591 | V11: 3671174 | W11: 0 | X11: =SUM(U11:W11) -> 4532765 | Y11: 0 | Z11: 0 | AA11: 0 | AB11: =Y11+Z11+AA11 -> 0 | AC11: =X11+AB11 -> 4532765 | AD11: 1436019 | AE11: 3188930 | AF11: 0 | AG11: =SUM(AD11:AF11) -> 4624949 | AH11: 0 | AI11: 0 | AJ11: 0 | AK11: =AH11+AI11+AJ11 -> 0 | AL11: =AG11+AK11 -> 4624949 | AM11: 1549146 | AN11: 3188930 | AO11: 0 | AP11: =AM11+AN11+AO11 -> 4738076 | AQ11: 0 | AR11: 0 | AS11: 0 | AT11: =AQ11+AR11+AS11 -> 0 | AU11: =AP11+AT11 -> 4738076 | AV11: 1636669 | AW11: 3188930 | AX11: 0 | AY11: =AV11+AW11+AX11 -> 4825599 | AZ11: 0 | BA11: 0 | BB11: 0 | BC11: =AZ11+BA11+BB11 -> 0 | BD11: =AY11+BC11 -> 4825599
A12: 019 | B12: Cadre législatif normatif et institutionnel | C12: 416252 | D12: 165575.98 | E12: 85848.33 | F12: =SUM(C12:E12) -> 667676.31 | G12: 0 | H12: 0 | I12: 0 | J12: =G12+H12 -> 0 | K12: =F12+J12 -> 667676.31 | L12: 635275.58 | M12: 165358.8 | N12: 0 | O12: =L12+M12+N12 -> 800634.38 | P12: 0 | Q12: 0 | R12: 0 | S12: =P12+Q12+R12 -> 0 | T12: =O12+S12 -> 800634.38 | U12: 363850 | V12: 225525 | W12: 0 | X12: =SUM(U12:W12) -> 589375 | Y12: 0 | Z12: 0 | AA12: 0 | AB12: =Y12+Z12+AA12 -> 0 | AC12: =X12+AB12 -> 589375 | AD12: 985306 | AE12: 225525 | AF12: 0 | AG12: =SUM(AD12:AF12) -> 1210831 | AH12: 0 | AI12: 0 | AJ12: 0 | AK12: =AH12+AI12+AJ12 -> 0 | AL12: =AG12+AK12 -> 1210831 | AM12: 1046850 | AN12: 225525 | AO12: 0 | AP12: =SUM(AM12:AO12) -> 1272375 | AQ12: 0 | AR12: 0 | AS12: 0 | AT12: =AQ12+AR12+AS12 -> 0 | AU12: =AP12+AT12 -> 1272375 | AV12: 1094464 | AW12: 225525 | AX12: 0 | AY12: =AV12+AW12+AX12 -> 1319989 | AZ12: 0 | BA12: 0 | BB12: 0 | BC12: =AZ12+BA12+BB12 -> 0 | BD12: =AY12+BC12 -> 1319989
A13: 020 | B13: Services judiciaires | C13: 3754472 | D13: 77725.826 | E13: 2236295.5 | F13: =SUM(C13:E13) -> 6068493.4 | G13: 4128615 | H13: 0 | I13: 0 | J13: =G13+H13 -> 4128615 | K13: =F13+J13 -> 10197108 | L13: 6463230.3 | M13: 73490 | N13: 2251333 | O13: =L13+M13+N13 -> 8788053.3 | P13: 3400000 | Q13: 0 | R13: 0 | S13: =P13+Q13+R13 -> 3400000 | T13: =O13+S13 -> 12188053 | U13: 9056948 | V13: 718505 | W13: 3167841 | X13: =SUM(U13:W13) -> 12943294 | Y13: 10780000 | Z13: 0 | AA13: 0 | AB13: =Y13+Z13+AA13 -> 10780000 | AC13: =X13+AB13 -> 23723294 | AD13: 8512436 | AE13: 718505 | AF13: 4471565 | AG13: =SUM(AD13:AF13) -> 13702506 | AH13: 9520000 | AI13: 0 | AJ13: 0 | AK13: =AH13+AI13+AJ13 -> 9520000 | AL13: =AG13+AK13 -> 23222506 | AM13: 8987910 | AN13: 718505 | AO13: 4471565 | AP13: =SUM(AM13:AO13) -> 14177980 | AQ13: 11750000 | AR13: 0 | AS13: 0 | AT13: =AQ13+AR13+AS13 -> 11750000 | AU13: =AP13+AT13 -> 25927980 | AV13: 9355775 | AW13: 718505 | AX13: 4471565 | AY13: =AV13+AW13+AX13 -> 14545845 | AZ13: 7687000 | BA13: 0 | BB13: 0 | BC13: =AZ13+BA13+BB13 -> 7687000 | BD13: =AY13+BC13 -> 22232845
A14: 095 | B14: Système pénitentiaire | C14: 47427 | D14: 0 | E14: 8352573.7 | F14: =SUM(C14:E14) -> 8400000.7 | G14: 753952 | H14: 0 | I14: 0 | J14: =G14+H14 -> 753952 | K14: =F14+J14 -> 9153952.7 | L14: 0 | M14: 0 | N14: 8626917.1 | O14: =L14+M14+N14 -> 8626917.1 | P14: 1000000 | Q14: 0 | R14: 0 | S14: =P14+Q14+R14 -> 1000000 | T14: =O14+S14 -> 9626917.1 | U14: 0 | V14: 0 | W14: 7000000 | X14: =SUM(U14:W14) -> 7000000 | Y14: 1000000 | Z14: 0 | AA14: 0 | AB14: =Y14+Z14+AA14 -> 1000000 | AC14: =X14+AB14 -> 8000000 | AD14: 0 | AE14: 0 | AF14: 7000000 | AG14: =SUM(AD14:AF14) -> 7000000 | AH14: 1000000 | AI14: 0 | AJ14: 0 | AK14: =AH14+AI14+AJ14 -> 1000000 | AL14: =AG14+AK14 -> 8000000 | AM14: 0 | AN14: 0 | AO14: 7000000 | AP14: ='Classif Prog-Admin-Eco'!AZ117 -> 24300000 | AQ14: 1000000 | AR14: 0 | AS14: 0 | AT14: =AQ14+AR14+AS14 -> 1000000 | AU14: =AP14+AT14 -> 25300000 | AV14: 0 | AW14: 0 | AX14: 7000000 | AY14: =AV14+AW14+AX14 -> 7000000 | AZ14: 1000000 | BA14: 0 | BB14: 0 | BC14: =AZ14+BA14+BB14 -> 1000000 | BD14: =AY14+BC14 -> 8000000
A15: 021 | B15: Droits Humains | C15: 66620 | D15: 37916.915 | E15: 161140 | F15: =SUM(C15:E15) -> 265676.92 | G15: 85000 | H15: 0 | I15: 0 | J15: =G15+H15 -> 85000 | K15: =F15+J15 -> 350676.92 | L15: 343593.4 | M15: 32500 | N15: 211140 | O15: =L15+M15+N15 -> 587233.4 | P15: 0 | Q15: 0 | R15: 0 | S15: =P15+Q15+R15 -> 0 | T15: =O15+S15 -> 587233.4 | U15: 75481 | V15: 81480 | W15: 211140 | X15: =SUM(U15:W15) -> 368101 | Y15: 0 | Z15: 0 | AA15: 0 | AB15: =Y15+Z15+AA15 -> 0 | AC15: =X15+AB15 -> 368101 | AD15: 226041 | AE15: 130000 | AF15: 241140 | AG15: =SUM(AD15:AF15) -> 597181 | AH15: 0 | AI15: 0 | AJ15: 0 | AK15: =AH15+AI15+AJ15 -> 0 | AL15: =AG15+AK15 -> 597181 | AM15: 242284 | AN15: 130000 | AO15: 241140 | AP15: =SUM(AM15:AO15) -> 613424 | AQ15: 0 | AR15: 0 | AS15: 0 | AT15: =AQ15+AR15+AS15 -> 0 | AU15: =AP15+AT15 -> 613424 | AV15: 254850 | AW15: 130000 | AX15: 241140 | AY15: =AV15+AW15+AX15 -> 625990 | AZ15: 0 | BA15: 0 | BB15: 0 | BC15: =AZ15+BA15+BB15 -> 0 | BD15: =AY15+BC15 -> 625990
A16: MINISTERE DES AFFAIRES ETRANGERES | C16: =C17+C18+C19 -> 5874319 | D16: =D17+D18+D19 -> 4803526.4 | E16: =E17+E18+E19 -> 50000 | F16: =C16+D16+E16 -> 10727845 | G16: =G17+G18+G19 -> 671345.42 | H16: =H17+H18+H19 -> 0 | I16: =I17+I18+I19 -> 0 | J16: =G16+H16+I16 -> 671345.42 | K16: =F16+J16 -> 11399191 | L16: =L17+L18+L19 -> 6431834.9 | M16: =M17+M18+M19 -> 4793264.4 | N16: =N17+N18+N19 -> 429750 | O16: =L16+M16+N16 -> 11654849 | P16: =P17+P18+P19 -> 296885 | Q16: =Q17+Q18+Q19 -> 0 | R16: =R17+R18+R19 -> 0 | S16: =P16+Q16+R16 -> 296885 | T16: =T17+T18+T19 -> 11951734 | U16: =U17+U18+U19 -> 8938365 | V16: =V17+V18+V19 -> 6073701 | W16: =W17+W18+W19 -> 100000 | X16: =U16+V16+W16 -> 15112066 | Y16: =Y17+Y18+Y19 -> 1000000 | Z16: =Z17+Z18+Z19 -> 0 | AA16: =AA17+AA18+AA19 -> 0 | AB16: =Y16+Z16+AA16 -> 1000000 | AC16: =X16+AB16 -> 16112066 | AD16: =AD17+AD18+AD19 -> 11104021 | AE16: =AE17+AE18+AE19 -> 6073701 | AF16: =AF17+AF18+AF19 -> 100000 | AG16: =AD16+AE16+AF16 -> 17277722 | AH16: =AH17+AH18+AH19 -> 1900000 | AI16: =AI17+AI18+AI19 -> 0 | AJ16: =AJ17+AJ18+AJ19 -> 0 | AK16: =AH16+AI16+AJ16 -> 1900000 | AL16: =AG16+AK16 -> 19177722 | AM16: =AM17+AM18+AM19 -> 11797793 | AN16: =AN17+AN18+AN19 -> 6073701 | AO16: =AO17+AO18+AO19 -> 100000 | AP16: =AM16+AN16+AO16 -> 17971494 | AQ16: =AQ17+AQ18+AQ19 -> 900000 | AR16: =AR17+AR18+AR19 -> 0 | AS16: =AS17+AS18+AS19 -> 0 | AT16: =AQ16+AR16+AS16 -> 900000 | AU16: =AP16+AT16 -> 18871494 | AV16: =AV17+AV18+AV19 -> 12543557 | AW16: =AW17+AW18+AW19 -> 6073701 | AX16: =AX17+AX18+AX19 -> 100000 | AY16: =AV16+AW16+AX16 -> 18717258 | AZ16: =AZ17+AZ18+AZ19 -> 900000 | BA16: =BA17+BA18+BA19 -> 0 | BB16: =BB17+BB18+BB19 -> 0 | BC16: =AZ16+BA16+BB16 -> 900000 | BD16: =AY16+BC16 -> 19617258
A17: 022 | B17: Pilotage et soutiens aux services du MAE | C17: 866834 | D17: 1789514.7 | E17: 0 | F17: =SUM(C17:E17) -> 2656348.7 | G17: 375975.83 | H17: 0 | I17: 0 | J17: =G17+H17 -> 375975.83 | K17: =F17+J17 -> 3032324.6 | L17: 1187308.6 | M17: 1812352.7 | N17: 276000 | O17: =L17+M17+N17 -> 3275661.3 | P17: 85392.502 | Q17: 0 | R17: 0 | S17: =P17+Q17+R17 -> 85392.502 | T17: =O17+S17 -> 3361053.8 | U17: 1304124 | V17: 2849186 | W17: 0 | X17: =SUM(U17:W17) -> 4153310 | Y17: 800000 | Z17: 0 | AA17: 0 | AB17: =SUM(Y17:AA17) -> 800000 | AC17: =X17+AB17 -> 4953310 | AD17: 1314463 | AE17: 2477486 | AF17: 0 | AG17: =SUM(AD17:AF17) -> 3791949 | AH17: 1300000 | AI17: 0 | AJ17: 0 | AK17: =SUM(AH17:AJ17) -> 1300000 | AL17: =AG17+AK17 -> 5091949 | AM17: 1314463 | AN17: 2477486 | AO17: 0 | AP17: =SUM(AM17:AO17) -> 3791949 | AQ17: 300000 | AR17: 0 | AS17: 0 | AT17: =SUM(AQ17:AS17) -> 300000 | AU17: =AP17+AT17 -> 4091949 | AV17: 1314463 | AW17: 2477486 | AX17: 0 | AY17: =AV17+AW17+AX17 -> 3791949 | AZ17: 300000 | BA17: 0 | BB17: 0 | BC17: =AZ17+BA17+BB17 -> 300000 | BD17: =AY17+BC17 -> 4091949
A18: 023 | B18: Diplomatie et relations extérieures | C18: 212230 | D18: 312510.77 | E18: 50000 | F18: =SUM(C18:E18) -> 574740.77 | G18: 0 | H18: 0 | I18: 0 | J18: =G18+H18 -> 0 | K18: =F18+J18 -> 574740.77 | L18: 1043208.2 | M18: 287631.73 | N18: 132500 | O18: =L18+M18+N18 -> 1463339.9 | P18: 0 | Q18: 0 | R18: 0 | S18: =P18+Q18+R18 -> 0 | T18: =O18+S18 -> 1463339.9 | U18: 936265 | V18: 617500 | W18: 100000 | X18: =SUM(U18:W18) -> 1653765 | Y18: 0 | Z18: 0 | AA18: 0 | AB18: =SUM(Y18:AA18) -> 0 | AC18: =X18+AB18 -> 1653765 | AD18: 1098265 | AE18: 606800 | AF18: 100000 | AG18: =SUM(AD18:AF18) -> 1805065 | AI18: 0 | AJ18: 0 | AK18: =SUM(AH18:AJ18) -> 0 | AL18: =AG18+AK18 -> 1805065 | AM18: 1098265 | AN18: 606800 | AO18: 100000 | AP18: =SUM(AM18:AO18) -> 1805065 | AQ18: 0 | AR18: 0 | AS18: 0 | AT18: =SUM(AQ18:AS18) -> 0 | AU18: =AP18+AT18 -> 1805065 | AV18: 1098265 | AW18: 606800 | AX18: 100000 | AY18: =AV18+AW18+AX18 -> 1805065 | AZ18: 0 | BA18: 0 | BB18: 0 | BC18: =AZ18+BA18+BB18 -> 0 | BD18: =AY18+BC18 -> 1805065
A19: 103 | B19: Attractivité et rayonnement du Bénin à l'extérieur | C19: 4795255 | D19: 2701500.9 | E19: 0 | F19: =SUM(C19:E19) -> 7496755.9 | G19: 295369.59 | H19: 0 | I19: 0 | J19: =G19+H19 -> 295369.59 | K19: =F19+J19 -> 7792125.5 | L19: 4201318.1 | M19: 2693279.9 | N19: 21250 | O19: =L19+M19+N19 -> 6915848 | P19: 211492.5 | Q19: 0 | R19: 0 | S19: =P19+Q19+R19 -> 211492.5 | T19: =O19+S19 -> 7127340.5 | U19: 6697976 | V19: 2607015 | W19: 0 | X19: =SUM(U19:W19) -> 9304991 | Y19: 200000 | Z19: 0 | AA19: 0 | AB19: =SUM(Y19:AA19) -> 200000 | AC19: =X19+AB19 -> 9504991 | AD19: 8691293 | AE19: 2989415 | AF19: 0 | AG19: =SUM(AD19:AF19) -> 11680708 | AH19: 600000 | AI19: 0 | AJ19: 0 | AK19: =SUM(AH19:AJ19) -> 600000 | AL19: =AG19+AK19 -> 12280708 | AM19: 9385065 | AN19: 2989415 | AO19: 0 | AP19: =SUM(AM19:AO19) -> 12374480 | AQ19: 600000 | AR19: 0 | AS19: 0 | AT19: =SUM(AQ19:AS19) -> 600000 | AU19: =AP19+AT19 -> 12974480 | AV19: 10130829 | AW19: 2989415 | AX19: 0 | AY19: =AV19+AW19+AX19 -> 13120244 | AZ19: 600000 | BA19: 0 | BB19: 0 | BC19: =AZ19+BA19+BB19 -> 600000 | BD19: =AY19+BC19 -> 13720244
A20: MINISTERE DE L'ECONOMIE ET DES FINANCES | C20: =C21+C22+C23+C24+C25+C26+C27+C28 -> 12620789 | D20: =D21+D22+D23+D24+D25+D26+D27+D28 -> 5046007.9 | E20: =E21+E22+E23+E24+E25+E26+E27+E28 -> 94055642 | F20: =C20+D20+E20 -> 1.1172244e+08 | G20: =G21+G22+G23+G24+G25+G26+G27+G28 -> 1145464.2 | H20: =H21+H22+H23+H24+H25+H26+H27+H28 -> 0 | I20: =I21+I22+I23+I24+I25+I26+I27+I28 -> 0 | J20: =G20+H20+I20 -> 1145464.2 | K20: =K21+K22+K23+K24+K25+K26+K27+K28 -> 1.1387501e+08 | L20: =L21+L22+L23+L24+L25+L26+L27+L28 -> 21406072 | M20: =M21+M22+M23+M24+M25+M26+M27+M28 -> 5227382.6 | N20: =N21+N22+N23+N24+N25+N26+N27+N28 -> 98851726 | O20: =L20+M20+N20 -> 1.2548518e+08 | P20: =P21+P22+P23+P24+P25+P26+P27+P28 -> 2408049.5 | Q20: =Q21+Q22+Q23+Q24+Q25+Q26+Q27+Q28 -> 0 | R20: =R21+R22+R23+R24+R25+R26+R27+R28 -> 0 | S20: =P20+Q20+R20 -> 2408049.5 | T20: =T21+T22+T23+T24+T25+T26+T27+T28 -> 1.3182921e+08 | U20: =U21+U22+U23+U24+U25+U26+U27+U28 -> 23708732 | V20: =V21+V22+V23+V24+V25+V26+V27+V28 -> 15175673 | W20: =W21+W22+W23+W24+W25+W26+W27+W28 -> 117689974 | X20: =X21+X22+X23+X24+X25+X26+X27+X28 -> 156574379 | Y20: =Y21+Y22+Y23+Y24+Y25+Y26+Y27+Y28 -> 7400000 | Z20: =Z21+Z22+Z23+Z24+Z25+Z26+Z27+Z28 -> 0 | AA20: =AA21+AA22+AA23+AA24+AA25+AA26+AA27+AA28 -> 0 | ... AL20: =AL21+AL22+AL23+AL24+AL25+AL26+AL27+AL28 -> 1.6798729e+08 | AM20: =AM21+AM22+AM23+AM24+AM25+AM26 -> 24812048 | AN20: =AN21+AN22+AN23+AN24+AN25+AN26+AN27+AN28 -> 15625673 | AO20: =AO21+AO22+AO23+AO24+AO25+AO26+AO27+AO28 -> 143389974 | AP20: =AP21+AP22+AP23+AP24+AP25+AP26+AP27+AP28 -> 183827695 | AQ20: =AQ21+AQ22+AQ23+AQ24+AQ25+AQ26+AQ27+AQ28 -> 23700000 | AR20: =AR21+AR22+AR23+AR24+AR25+AR26+AR27+AR28 -> 577027 | AS20: =AS21+AS22+AS23+AS24+AS25+AS26+AS27+AS28 -> 3000000 | AT20: =AT21+AT22+AT23+AT24+AT25+AT26+AT27+AT28 -> 27277027 | AU20: =AP20+AT20 -> 211104722 | AV20: =AV21+AV22+AV23+AV24+AV25+AV26+AV27+AV28 -> 26146914 | AW20: =AW21+AW22+AW23+AW24+AW25+AW26+AW27+AW28 -> 15625673 | AX20: =AX21+AX22+AX23+AX24+AX25+AX26+AX27+AX28 -> 155589974 | AY20: =AV20+AW20+AX20 -> 197362561 | AZ20: =AZ21+AZ22+AZ23+AZ24+AZ25+AZ26+AZ27+AZ28 -> 22236893 | BA20: =BA21+BA22+BA23+BA24+BA25+BA26+BA27+BA28 -> 577027 | BB20: =BB21+BB22+BB23+BB24+BB25+BB26+BB27+BB28 -> 3000000 | BC20: =AZ20+BA20+BB20 -> 25813920 | BD20: =AY20+BC20 -> 223176481
A21: 026 | B21: Pilotage et soutien aux services du MEF | C21: 1005419 | D21: 2825709.9 | E21: 0 | F21: =SUM(C21:E21) -> 3831128.9 | G21: 946583.99 | H21: 0 | I21: 0 | J21: =G21+H21 -> 946583.99 | K21: =F21+J21 -> 4777712.9 | L21: 1537729.2 | M21: 2674701.4 | N21: 0 | O21: =L21+M21+N21 -> 4212430.6 | P21: 703334.21 | S21: =P21+Q21+R21 -> 703334.21 | T21: =O21+S21 -> 4915764.8 | U21: 2035008 | V21: 4196101 | W21: 0 | X21: =SUM(U21:W21) -> 6231109 | Y21: 2200000 | AB21: =Y21+Z21+AA21 -> 2200000 | AC21: =X21+AB21 -> 8431109 | AD21: 1933311 | AE21: 4196101 | AF21: 0 | AG21: =SUM(AD21:AF21) -> 6129412 | AH21: 1500000 | AJ21: 3000000 | AK21: =AH21+AI21+AJ21 -> 4500000 | AL21: =AG21+AK21 -> 10629412 | AM21: 2043822 | AN21: 4196101 | AO21: 0 | AP21: =SUM(AM21:AO21) -> 6239923 | AQ21: 2500000 | AR21: 0 | AS21: 3000000 | AT21: =AQ21+AR21+AS21 -> 5500000 | AU21: =AP21+AT21 -> 11739923 | AV21: 2129716 | AW21: 4196101 | AX21: 0 | AY21: =AV21+AW21+AX21 -> 6325817 | AZ21: =300000+1054810 -> 1354810 | BA21: 0 | BB21: 3000000 | BC21: =AZ21+BA21+BB21 -> 4354810 | BD21: =AY21+BC21 -> 10680627
A22: 027 | B22: Gestion du cadre macroéconomique et du secteur financier | C22: 282780 | D22: 316909.52 | E22: 2865000 | F22: =SUM(C22:E22) -> 3464689.5 | G22: 54436.055 | H22: 0 | I22: 0 | J22: =G22+H22 -> 54436.055 | K22: =F22+J22 -> 3519125.6 | L22: 509560.14 | M22: 379907.27 | N22: 3550000 | O22: =L22+M22+N22 -> 4439467.4 | P22: 1004715.3 | Q22: 0 | S22: =P22+Q22+R22 -> 1004715.3 | T22: =O22+S22 -> 5444182.7 | U22: 914333 | V22: 773571 | W22: 3550000 | X22: =SUM(U22:W22) -> 5237904 | Y22: 3100000 | Z22: 0 | AB22: =Y22+Z22+AA22 -> 3100000 | AC22: =X22+AB22 -> 8337904 | AD22: 948850 | AE22: 773570.99 | AF22: 11074974 | AG22: =SUM(AD22:AF22) -> 12797395 | AH22: 4100000 | AI22: 0 | AK22: =AH22+AI22+AJ22 -> 4100000 | AL22: =AG22+AK22 -> 16897395 | AM22: 1016034 | AN22: 773571 | AO22: 11074974 | AP22: =SUM(AM22:AO22) -> 12864579 | AQ22: 19100000 | AR22: 0 | AT22: =AQ22+AR22+AS22 -> 19100000 | AU22: =AP22+AT22 -> 31964579 | AV22: 1068252 | AW22: 773571 | AX22: 11074974 | AY22: =AV22+AW22+AX22 -> 12916797 | AZ22: 19100000 | BA22: 0 | BB22: 0 | BC22: =AZ22+BA22+BB22 -> 19100000 | BD22: =AY22+BC22 -> 32016797
A23: 028 | B23: Mobilisation des ressources financières et gestion de la trésorerie de l'Etat | C23: 9536380 | D23: 1286227.8 | E23: 415000 | F23: =SUM(C23:E23) -> 11237608 | G23: 63853.376 | H23: 0 | I23: 0 | J23: =G23+H23 -> 63853.376 | K23: =F23+J23 -> 11301461 | L23: 15971592 | M23: 1189550 | N23: 411250 | O23: =L23+M23+N23 -> 17572392 | P23: 0 | Q23: 0 | R23: 0 | S23: =P23+Q23+R23 -> 0 | T23: =O23+S23 -> 17572392 | U23: 15961033 | V23: 2536000 | W23: 1315000 | X23: =SUM(U23:W23) -> 19812033 | Y23: 100000 | Z23: 0 | AA23: 0 | AB23: =Y23+Z23+AA23 -> 100000 | AC23: =X23+AB23 -> 19912033 | AD23: 15105434 | AE23: 2986000 | AF23: 1315000 | AG23: =SUM(AD23:AF23) -> 19406434 | AH23: 100000 | AI23: 577027 | AJ23: 0 | AK23: =AH23+AI23+AJ23 -> 677027 | AL23: =AG23+AK23 -> 20083461 | AM23: 16331802 | AN23: 2986000 | AO23: 1315000 | AP23: =SUM(AM23:AO23) -> 20632802 | AQ23: 100000 | AR23: 577027 | AS23: 0 | AT23: =AQ23+AR23+AS23 -> 677027 | AU23: =AP23+AT23 -> 21309829 | AV23: 17284989 | AW23: 2986000 | AX23: 1315000 | AY23: =AV23+AW23+AX23 -> 21585989 | AZ23: 100000 | BA23: 577027 | BB23: 0 | BC23: =AZ23+BA23+BB23 -> 677027 | BD23: =AY23+BC23 -> 22263016
A24: 029 | B24: Gestion des dépenses publiques | C24: 1476713 | D24: 419251.32 | E24: 0 | F24: =SUM(C24:E24) -> 1895964.3 | G24: 80590.758 | H24: 0 | I24: 0 | J24: =G24+H24 -> 80590.758 | K24: =F24+J24 -> 1976555.1 | L24: 2973623.9 | M24: 438858.24 | N24: 0 | O24: =L24+M24+N24 -> 3412482.2 | P24: 0 | Q24: 0 | R24: 0 | S24: =P24+Q24+R24 -> 0 | T24: =O24+S24 -> 3412482.2 | U24: 4041300 | V24: 903811 | W24: 0 | X24: =SUM(U24:W24) -> 4945111 | Y24: 2000000 | Z24: 0 | AA24: 0 | AB24: =Y24+Z24+AA24 -> 2000000 | AC24: =X24+AB24 -> 6945111 | AD24: 4957018 | AE24: 1820001 | AF24: 0 | AG24: =SUM(AD24:AF24) -> 6777019 | AH24: 2000000 | AI24: 0 | AJ24: 0 | AK24: =AH24+AI24+AJ24 -> 2000000 | AL24: =AG24+AK24 -> 8777019 | AM24: 5270390 | AN24: 1820001 | AO24: 0 | AP24: =SUM(AM24:AO24) -> 7090391 | AQ24: 2000000 | AR24: 0 | AS24: 0 | AT24: =AQ24+AR24+AS24 -> 2000000 | AU24: =AP24+AT24 -> 9090391 | AV24: 5513957 | AW24: 1820001 | AX24: 0 | AY24: =AV24+AW24+AX24 -> 7333958 | AZ24: 1682083 | BA24: 0 | BB24: 0 | BC24: =AZ24+BA24+BB24 -> 1682083 | BD24: =AY24+BC24 -> 9016041
A25: 030 | B25: Gestion des biens de l'Etat et du foncier | C25: 214312 | D25: 26567.364 | E25: 3559687 | F25: =SUM(C25:E25) -> 3800566.4 | G25: 0 | H25: 0 | I25: 0 | J25: =G25+H25 -> 0 | K25: =F25+J25 -> 3800566.4 | L25: 305514.8 | M25: 458320.32 | N25: 7634428.3 | O25: =L25+M25+N25 -> 8398263.4 | P25: 700000 | Q25: 0 | R25: 0 | S25: =P25+Q25+R25 -> 700000 | T25: =O25+S25 -> 9098263.4 | U25: 607058 | V25: 916190 | W25: 7524974 | X25: =SUM(U25:W25) -> 9048222 | Y25: 0 | Z25: 0 | AA25: 0 | AB25: =Y25+Z25+AA25 -> 0 | AC25: =X25+AB25 -> 9048222 | AD25: 0 | AE25: 0 | AF25: 0 | AG25: =SUM(AD25:AF25) -> 0 | AH25: 0 | AI25: 0 | AJ25: 0 | AK25: =AH25+AI25+AJ25 -> 0 | AL25: =AG25+AK25 -> 0 | AM25: 0 | AN25: 0 | AO25: 0 | AP25: =SUM(AM25:AO25) -> 0 | AQ25: 0 | AR25: 0 | AS25: 0 | AT25: =AQ25+AR25+AS25 -> 0 | AU25: =AP25+AT25 -> 0 | AV25: 0 | AW25: 0 | AX25: 0 | AY25: =AV25+AW25+AX25 -> 0 | AZ25: 0 | BA25: 0 | BB25: 0 | BC25: =AZ25+BA25+BB25 -> 0 | BD25: =AY25+BC25 -> 0
A26: 31 | B26: Assurance retraite des Agents de l'Etat | C26: 105185 | D26: 171342 | E26: 87215955 | F26: =SUM(C26:E26) -> 87492482 | H26: 0 | I26: 0 | J26: =G26+H26 -> 0 | K26: =F26+J26 -> 87492482 | L26: 108052 | M26: 86045.352 | N26: 87256048 | O26: =L26+M26+N26 -> 87450145 | P26: 0 | Q26: 0 | R26: 0 | S26: =P26+Q26+R26 -> 0 | T26: =O26+S26 -> 87450145 | U26: 150000 | V26: 850000 | W26: 99300000 | X26: =SUM(U26:W26) -> 100300000 | Y26: 0 | Z26: 0 | AA26: 0 | AB26: =Y26+Z26+AA26 -> 0 | AC26: =X26+AB26 -> 100300000 | AD26: ='[2]RECAP 2025'!$O$51 -> 150000 | AE26: ='[2]RECAP 2025'!$P$51 -> 850000 | AF26: ='[2]RECAP 2025'!$Q$52 -> 99600000 | AG26: =SUM(AD26:AF26) -> 100600000 | AH26: 0 | AI26: 0 | AJ26: 0 | AK26: =AH26+AI26+AJ26 -> 0 | AL26: =AG26+AK26 -> 100600000 | AM26: 150000 | AN26: 850000 | AO26: 125000000 | AP26: =SUM(AM26:AO26) -> 126000000 | AQ26: 0 | AR26: 0 | AS26: 0 | AT26: =AQ26+AR26+AS26 -> 0 | AU26: =AP26+AT26 -> 126000000 | AV26: 150000 | AW26: 850000 | AX26: 137200000 | AY26: =AV26+AW26+AX26 -> 138200000 | AZ26: 0 | BA26: 0 | BB26: 0 | BC26: =AZ26+BA26+BB26 -> 0 | BD26: =AY26+BC26 -> 138200000
A27: 107 | B27: Prévention et gestion des catastrophes | C27: 0 | D27: 0 | E27: 0 | F27: =SUM(C27:E27) -> 0 | G27: 0 | H27: 0 | I27: 0 | J27: =G27+H27 -> 0 | K27: ='[1]Classification prog-économi (2'!$Y$111 -> 437010 | L27: 0 | M27: 0 | N27: 0 | O27: =L27+M27+N27 -> 0 | P27: 0 | Q27: 0 | R27: 0 | S27: =P27+Q27+R27 -> 0 | T27: 22000 | V27: 5000000 | W27: 0 | X27: =SUM(U27:W27) -> 5000000 | Y27: 0 | Z27: 0 | AA27: 0 | AB27: =Y27+Z27+AA27 -> 0 | AC27: =X27+AB27 -> 5000000 | AE27: ='[2]RECAP 2025'!$P$58 -> 5000000 | AF27: 0 | AG27: =SUM(AD27:AF27) -> 5000000 | AH27: 0 | AI27: 0 | AJ27: 0 | AK27: =AH27+AI27+AJ27 -> 0 | AL27: =AG27+AK27 -> 5000000 | AM27: 0 | AN27: 5000000 | AO27: 0 | AP27: =SUM(AM27:AO27) -> 5000000 | AQ27: 0 | AR27: 0 | AS27: 0 | AT27: =AQ27+AR27+AS27 -> 0 | AU27: =AP27+AT27 -> 5000000 | AV27: 0 | AW27: 5000000 | AX27: 0 | AY27: =AV27+AW27+AX27 -> 5000000 | AZ27: 0 | BA27: 0 | BB27: 0 | BC27: =AZ27+BA27+BB27 -> 0 | BD27: =AY27+BC27 -> 5000000
A28: 108 | B28: Modernisation des regies financières | C28: 0 | D28: 0 | E28: 0 | F28: =SUM(C28:E28) -> 0 | G28: 0 | H28: 0 | I28: 0 | J28: =G28+H28 -> 0 | K28: ='[1]Classification prog-économi (2'!$Y$112 -> 570100 | L28: 0 | M28: 0 | N28: 0 | O28: =L28+M28+N28 -> 0 | P28: 0 | Q28: 0 | R28: 0 | S28: =P28+Q28+R28 -> 0 | T28: 3913978.7 | V28: 0 | W28: 6000000 | X28: =SUM(U28:W28) -> 6000000 | Y28: 0 | Z28: 0 | AA28: 0 | AB28: =Y28+Z28+AA28 -> 0 | AC28: =X28+AB28 -> 6000000 | AE28: 0 | AF28: 6000000 | AG28: =SUM(AD28:AF28) -> 6000000 | AH28: 0 | AI28: 0 | AJ28: 0 | AK28: =AH28+AI28+AJ28 -> 0 | AL28: =AG28+AK28 -> 6000000 | AM28: 0 | AN28: 0 | AO28: 6000000 | AP28: =SUM(AM28:AO28) -> 6000000 | AQ28: 0 | AR28: 0 | AS28: 0 | AT28: =AQ28+AR28+AS28 -> 0 | AU28: =AP28+AT28 -> 6000000 | AV28: 0 | AW28: 0 | AX28: 6000000 | AY28: =AV28+AW28+AX28 -> 6000000 | AZ28: 0 | BA28: 0 | BB28: 0 | BC28: =AZ28+BA28+BB28 -> 0 | BD28: =AY28+BC28 -> 6000000
A29: MINISTERE DE L'INTERIEUR ET DE LA SECURITE PUBLIQUE | C29: =C30+C31+C32+C33+C34 -> 36441900 | D29: =D30+D31+D32+D33+D34 -> 8871300 | E29: =E30+E31+E32+E33+E34 -> 623000 | F29: =C29+D29+E29 -> 45936200 | G29: =G30+G31+G32+G33+G34 -> 1869100 | H29: =H30+H31+H32+H33+H34 -> 0 | I29: =I30+I31+I32+I33+I34 -> 0 | J29: =G29+H29+I29 -> 1869100 | K29: =F29+J29 -> 47805300 | L29: =L30+L31+L33+L32+L34 -> 46552727 | M29: =M30+M31+M33+M32+M34 -> 6960962.4 | N29: =N30+N31+N33+N32+N34 -> 484000 | O29: =L29+M29+N29 -> 53997690 | P29: =P30+P31+P33+P32+P34 -> 6776115.7 | Q29: =Q30+Q31+Q33+Q32+Q34 -> 0 | R29: =R30+R31+R33+R32+R34 -> 0 | S29: =P29+Q29+R29 -> 6776115.7 | T29: =T30+T31+T32+T33+T34 -> 60773805 | U29: =U30+U31+U33+U32+U34 -> 55552978 | V29: =V30+V31+V33+V32+V34 -> 8650520 | W29: =W30+W31+W33+W32+W34 -> 509000 | X29: =X30+X31+X33+X32+X34 -> 64712498 | Y29: =Y30+Y31+Y33+Y32+Y34 -> 11550000 | Z29: =Z30+Z31+Z33+Z32+Z34 -> 0 | AA29: =AA30+AA31+AA33+AA32+AA34 -> 0 | AB29: =AB30+AB31+AB33+AB32+AB34 -> 11550000 | ... AT29: =AT30+AT31+AT33+AT32+AT34 -> 12800000 | AU29: =AP29+AT29 -> 86624710 | AV29: =AV30+AV31+AV32+AV33+AV34 -> 70201013 | AW29: =AW30+AW31+AW32+AW33+AW34 -> 8220135 | AX29: =AX30+AX31+AX32+AX33+AX34 -> 939385 | AY29: =AV29+AW29+AX29 -> 79360533 | AZ29: =AZ30+AZ31+AZ32+AZ33+AZ34 -> 11000000 | BA29: =BA30+BA31+BA32+BA33+BA34 -> 0 | BB29: =BB30+BB31+BB32+BB33+BB34 -> 0 | BC29: =AZ29+BA29+BB29 -> 11000000 | BD29: =AY29+BC29 -> 90360533
A30: 080 | B30: Pilotage et soutien aux services du MISP | C30: 448700 | D30: 1840600 | E30: 0 | F30: =C30+D30+E30 -> 2289300 | G30: 92800 | H30: 0 | I30: 0 | J30: =G30+H30 -> 92800 | K30: =F30+J30 -> 2382100 | L30: 1014416.4 | M30: 1975686.2 | N30: 0 | O30: =L30+M30+N30 -> 2990102.6 | P30: 365531.24 | Q30: 0 | R30: 0 | S30: =P30+Q30+R30 -> 365531.24 | T30: =O30+S30 -> 3355633.8 | U30: 1260086 | V30: 2786181 | W30: 0 | X30: =SUM(U30:W30) -> 4046267 | Y30: 1272600 | Z30: 0 | AA30: 0 | AB30: =SUM(Y30:AA30) -> 1272600 | AC30: =X30+AB30 -> 5318867 | AD30: 763465 | AE30: 2756181 | AF30: 0 | AG30: =SUM(AD30:AF30) -> 3519646 | AH30: 1000000 | AI30: 0 | AJ30: 0 | AK30: =SUM(AH30:AJ30) -> 1000000 | AL30: =AG30+AK30 -> 4519646 | AM30: 855536 | AN30: 2756181 | AO30: 0 | AP30: =SUM(AM30:AO30) -> 3611717 | AQ30: 1000000 | AR30: 0 | AS30: 0 | AT30: =SUM(AQ30:AS30) -> 1000000 | AU30: =AP30+AT30 -> 4611717 | AV30: 925524 | AW30: 2756181 | AY30: =AV30+AW30+AX30 -> 3681705 | AZ30: 0 | BA30: 0 | BB30: 0 | BC30: =AZ30+BA30+BB30 -> 0 | BD30: =AY30+BC30 -> 3681705
A31: 081 | B31: Sécurité publique | C31: 31942700 | D31: 6605700 | E31: 363000 | F31: =C31+D31+E31 -> 38911400 | G31: 276300 | H31: 0 | I31: 0 | J31: =G31+H31 -> 276300 | K31: =F31+J31 -> 39187700 | L31: 41856735 | M31: 4625994.1 | N31: 184000 | O31: =L31+M31+N31 -> 46666729 | P31: 2289676.8 | S31: =P31+Q31+R31 -> 2289676.8 | T31: =O31+S31 -> 48956406 | U31: 49396696 | V31: 5234954 | W31: 209000 | X31: =SUM(U31:W31) -> 54840650 | Y31: 5600000 | AB31: =SUM(Y31:AA31) -> 5600000 | AC31: =X31+AB31 -> 60440650 | AD31: 50515371 | AE31: 5234954 | AF31: 209000 | AG31: =SUM(AD31:AF31) -> 55959325 | AH31: 4100000 | AK31: =SUM(AH31:AJ31) -> 4100000 | AL31: =AG31+AK31 -> 60059325 | AM31: 56987931 | AN31: 5234954 | AO31: 209000 | AP31: =SUM(AM31:AO31) -> 62431885 | AQ31: 6100000 | AR31: 0 | AS31: 0 | AT31: =SUM(AQ31:AS31) -> 6100000 | AU31: =AP31+AT31 -> 68531885 | AV31: 61908015 | AW31: 5234954 | AX31: 209000 | AY31: =AV31+AW31+AX31 -> 67351969 | AZ31: 7000000 | BA31: 0 | BB31: 0 | BC31: =AZ31+BA31+BB31 -> 7000000 | BD31: =AY31+BC31 -> 74351969
A32: 082 | B32: Protection civile | C32: 3852500 | D32: 311300 | E32: 240000 | F32: =C32+D32+E32 -> 4403800 | G32: 0 | H32: 0 | I32: 0 | J32: =G32+H32 -> 0 | K32: =F32+J32 -> 4403800 | L32: 3521633.6 | M32: 237819.12 | N32: 280000 | O32: =L32+M32+N32 -> 4039452.8 | P32: 347407.64 | S32: =P32+Q32+R32 -> 347407.64 | T32: =O32+S32 -> 4386860.4 | U32: 4746374 | V32: 430385 | W32: 280000 | X32: =SUM(U32:W32) -> 5456759 | Y32: 2677400 | AB32: =SUM(Y32:AA32) -> 2677400 | AC32: =X32+AB32 -> 8134159 | AD32: 5963774 | AE32: 0 | AF32: 710385 | AG32: =SUM(AD32:AF32) -> 6674159 | AH32: 2200000 | AK32: =SUM(AH32:AJ32) -> 2200000 | AL32: =AG32+AK32 -> 8874159 | AM32: 6662937 | AN32: 0 | AO32: 710385 | AP32: =SUM(AM32:AO32) -> 7373322 | AQ32: 2200000 | AR32: 0 | AS32: 0 | AT32: =SUM(AQ32:AS32) -> 2200000 | AU32: =AP32+AT32 -> 9573322 | AV32: 7194402 | AW32: 0 | AX32: 710385 | AY32: =AV32+AW32+AX32 -> 7904787 | AZ32: 2000000 | BA32: 0 | BB32: 0 | BC32: =AZ32+BA32+BB32 -> 2000000 | BD32: =AY32+BC32 -> 9904787
A33: 084 | B33: Gestion intégrée des espaces frontaliers | C33: 58500 | D33: 0 | E33: 20000 | F33: =C33+D33+E33 -> 78500 | G33: 1500000 | H33: 0 | I33: 0 | J33: =G33+H33 -> 1500000 | K33: =F33+J33 -> 1578500 | L33: 0 | M33: 0 | N33: 20000 | O33: =L33+M33+N33 -> 20000 | P33: 3773500 | S33: =P33+Q33+R33 -> 3773500 | T33: =O33+S33 -> 3793500 | U33: 15980 | V33: 0 | W33: 20000 | X33: =U33+V33+W33 -> 35980 | Y33: 2000000 | AB33: =SUM(Y33:AA33) -> 2000000 | AC33: =X33+AB33 -> 2035980 | AD33: 0 | AE33: 0 | AF33: 20000 | AG33: =AD33+AE33+AF33 -> 20000 | AH33: 2000000 | AK33: =SUM(AH33:AJ33) -> 2000000 | AL33: =AG33+AK33 -> 2020000 | AM33: 0 | AN33: 0 | AO33: 20000 | AP33: =AM33+AN33+AO33 -> 20000 | AQ33: 3500000 | AR33: 0 | AS33: 0 | AT33: =SUM(AQ33:AS33) -> 3500000 | AU33: =AP33+AT33 -> 3520000 | AV33: 0 | AW33: 0 | AX33: 20000 | AY33: =AV33+AW33+AX33 -> 20000 | AZ33: 2000000 | BA33: 0 | BB33: 0 | BC33: =AZ33+BA33+BB33 -> 2000000 | BD33: =AY33+BC33 -> 2020000
A34: 083 | B34: Gestion des affaires interieures | C34: 139500 | D34: 113700 | E34: 0 | F34: =C34+D34+E34 -> 253200 | G34: 0 | H34: 0 | I34: 0 | J34: =G34+H34 -> 0 | K34: =F34+J34 -> 253200 | L34: 159942.41 | M34: 121462.99 | N34: 0 | O34: =L34+M34+N34 -> 281405.4 | P34: 0 | R34: 0 | S34: =P34+Q34+R34 -> 0 | T34: =O34+S34 -> 281405.4 | U34: 133842 | V34: 199000 | W34: 0 | X34: =SUM(U34:W34) -> 332842 | Y34: 0 | AA34: 0 | AB34: =SUM(Y34:AA34) -> 0 | AC34: =X34+AB34 -> 332842 | AD34: 139993 | AE34: 229000 | AF34: 0 | AG34: =SUM(AD34:AF34) -> 368993 | AH34: 0 | AJ34: 0 | AK34: =SUM(AH34:AJ34) -> 0 | AL34: =AG34+AK34 -> 368993 | AM34: 158786 | AN34: 229000 | AO34: 0 | AP34: =SUM(AM34:AO34) -> 387786 | AQ34: 0 | AR34: 0 | AS34: 0 | AT34: =SUM(AQ34:AS34) -> 0 | AU34: =AP34+AT34 -> 387786 | AV34: 173072 | AW34: 229000 | AX34: 0 | AY34: =AV34+AW34+AX34 -> 402072 | AZ34: 0 | BA34: 0 | BB34: 0 | BC34: =AZ34+BA34+BB34 -> 0 | BD34: =AY34+BC34 -> 402072
A35: MINISTERE DE L'AGRICULTURE, DE L'ELEVAGE ET DE LA PECHE | C35: =C36+C37+C38+C39 -> 7233307 | D35: =D36+D37+D38+D39 -> 4157363.9 | E35: =E36+E37+E38+E39 -> 14939565 | F35: =C35+D35+E35 -> 26330236 | G35: =G36+G37+G38+G39 -> 22486200 | H35: =H36+H37+H38+H39 -> 35622043 | I35: =I36+I37+I38+I39 -> 35622043 | J35: =G35+H35 -> 58108243 | K35: =F35+J35 -> 84438479 | L35: =L36+L38+L37+L39 -> 8303698.4 | M35: =M36+M38+M37+M39 -> 7351864.3 | N35: =N36+N38+N37+N39 -> 11696641 | O35: =L35+M35+N35 -> 27352204 | P35: =P36+P38+P37+P39 -> 10690179 | Q35: =Q36+Q38+Q37+Q39 -> 14238315 | R35: =R36+R38+R37+R39 -> 44039496 | S35: =P35+Q35+R35 -> 68967990 | T35: =T36+T37+T38+T39 -> 96320194 | U35: =U36+U38+U37+U39 -> 8637840 | V35: =V36+V38+V37+V39 -> 12556016 | W35: =W36+W38+W37+W39 -> 20744823 | X35: =X36+X38+X37+X39 -> 41938679 | Y35: =Y36+Y38+Y37+Y39 -> 28294572 | Z35: =Z36+Z38+Z37+Z39 -> 14916476 | AA35: =AA36+AA38+AA37+AA39 -> 32227028 | AB35: =AB36+AB38+AB37+AB39 -> 75438076 | ... AT35: =AT36+AT38+AT37+AT39 -> 72105896 | AU35: =AP35+AT35 -> 134229311 | AV35: =AV36+AV37+AV38+AV39 -> 11469194 | AW35: =AW36+AW37+AW38+AW39 -> 12556015 | AX35: =AX36+AX37+AX38+AX39 -> 38637059 | AY35: =AV35+AW35+AX35 -> 62662268 | AZ35: =AZ36+AZ37+AZ38+AZ39 -> 47173972 | BA35: =BA36+BA37+BA38+BA39 -> 4383260 | BB35: =BB36+BB37+BB38+BB39 -> 17385000 | BC35: =AZ35+BA35+BB35 -> 68942232 | BD35: =AY35+BC35 -> 131604500
A36: 035 | B36: Pilotage et soutiens aux services du MAEP | C36: 1261809 | D36: 2515397.8 | E36: 339000 | F36: =C36+D36+E36 -> 4116206.8 | G36: 2363690.2 | H36: 0 | I36: 0 | J36: =G36+H36 -> 2363690.2 | K36: =F36+J36 -> 6479897 | L36: 1206928.9 | M36: 3182077.7 | N36: 292730.38 | O36: =L36+M36+N36 -> 4681737 | P36: 181629.58 | Q36: 0 | R36: 0 | S36: =P36+Q36+R36 -> 181629.58 | T36: =O36+S36 -> 4863366.5 | U36: 1008673 | V36: 7129380 | W36: 746837 | X36: =SUM(U36:W36) -> 8884890 | Y36: 971114 | Z36: 0 | AA36: 0 | AB36: =SUM(Y36:AA36) -> 971114 | AC36: =X36+AB36 -> 9856004 | AD36: 2771100 | AE36: 7007660 | AF36: 586837 | AG36: =SUM(AD36:AF36) -> 10365597 | AH36: 863920 | AK36: =SUM(AH36:AJ36) -> 863920 | AL36: =AG36+AK36 -> 11229517 | AM36: 2918552 | AN36: 7007659 | AO36: 586837 | AP36: =SUM(AM36:AO36) -> 10513048 | AQ36: 1068863 | AR36: 0 | AS36: 0 | AT36: =SUM(AQ36:AS36) -> 1068863 | AU36: =AP36+AT36 -> 11581911 | AV36: 3052460 | AW36: 7007659 | AX36: 586837 | AY36: =AV36+AW36+AX36 -> 10646956 | AZ36: 1233097 | BC36: =AZ36+BA36+BB36 -> 1233097 | BD36: =AY36+BC36 -> 11880053
A37: 036 | B37: Agriculture | C37: 4985554 | D37: 1371593.1 | E37: 14600565 | F37: =C37+D37+E37 -> 20957712 | G37: 14795920 | H37: 35622043 | I37: 35622043 | J37: =G37+H37 -> 50417963 | K37: =F37+J37 -> 71375675 | L37: 6687457.4 | M37: 3820180.2 | N37: 11403911 | O37: =L37+M37+N37 -> 21911549 | P37: 6959115.3 | Q37: 14109482 | R37: 43987789 | S37: =P37+Q37+R37 -> 65056386 | T37: =O37+S37 -> 86967935 | U37: 6043052 | V37: 4530122 | W37: 19997986 | X37: =SUM(U37:W37) -> 30571160 | Y37: 17832026 | Z37: 13610559 | AA37: 29234364 | AB37: =SUM(Y37:AA37) -> 60676949 | AC37: =X37+AB37 -> 91248109 | AD37: 6592120 | AE37: 4592842 | AF37: 37836751 | AG37: =SUM(AD37:AF37) -> 49021713 | AH37: 20552562 | AI37: 9866831 | AJ37: 34078389 | AK37: =SUM(AH37:AJ37) -> 64497782 | AL37: =AG37+AK37 -> 1.135195e+08 | AM37: 6968418 | AN37: 4592842 | AO37: 37836752 | AP37: =SUM(AM37:AO37) -> 49398012 | AQ37: 25428129 | AR37: 6154236 | AS37: 19760834 | AT37: =SUM(AQ37:AS37) -> 51343199 | AU37: =AP37+AT37 -> 100741211 | AV37: 7310153 | AW37: 4592842 | AX37: 37850222 | AY37: =AV37+AW37+AX37 -> 49753217 | AZ37: 29335225 | BA37: 3937515 | BB37: 14100398 | BC37: =AZ37+BA37+BB37 -> 47373138 | BD37: =AY37+BC37 -> 97126355
A38: 037 | B38: Elevage | C38: 388083 | D38: 133759.08 | E38: 0 | F38: =C38+D38+E38 -> 521842.08 | G38: 2942404.7 | H38: 0 | I38: 0 | J38: =G38+H38 -> 2942404.7 | K38: =F38+J38 -> 3464246.8 | L38: 409312.11 | M38: 204569.68 | N38: 0 | O38: =L38+M38+N38 -> 613881.79 | P38: 1829840.6 | Q38: 128833 | R38: 51707.236 | S38: =P38+Q38+R38 -> 2010380.8 | T38: =O38+S38 -> 2624262.6 | U38: 1330780 | V38: 413370 | W38: 0 | X38: =SUM(U38:W38) -> 1744150 | Y38: 4836916 | Z38: 1220611 | AA38: 1395109 | AB38: =SUM(Y38:AA38) -> 7452636 | AC38: =X38+AB38 -> 9196786 | AD38: 507992 | AE38: 442370 | AF38: 150000 | AG38: =SUM(AD38:AF38) -> 1100362 | AH38: 6434777 | AI38: 1116972 | AJ38: 6340798.2 | AK38: =SUM(AH38:AJ38) -> 13892547 | AL38: =AG38+AK38 -> 14992909 | AM38: 536140 | AN38: 442370 | AO38: 150000 | AP38: =SUM(AM38:AO38) -> 1128510 | AQ38: 7961263 | AR38: 696688 | AS38: 3676801 | AT38: =SUM(AQ38:AS38) -> 12334752 | AU38: =AP38+AT38 -> 13463262 | AV38: 561703 | AW38: 442370 | AX38: 150000 | AY38: =AV38+AW38+AX38 -> 1154073 | AZ38: 9184530 | BA38: 445745 | BB38: 2623592 | BC38: =AZ38+BA38+BB38 -> 12253867 | BD38: =AY38+BC38 -> 13407940
A39: 038 | B39: Pêche et aquaculture | C39: 597861 | D39: 136613.86 | E39: 0 | F39: =C39+D39+E39 -> 734474.86 | G39: 2384185.2 | H39: 0 | I39: 0 | J39: =G39+H39 -> 2384185.2 | K39: =F39+J39 -> 3118660 | L39: 0 | M39: 145036.77 | N39: 0 | O39: =L39+M39+N39 -> 145036.77 | P39: 1719593.4 | Q39: 0 | R39: 0 | S39: =P39+Q39+R39 -> 1719593.4 | T39: =O39+S39 -> 1864630.1 | U39: 255335 | V39: 483144 | W39: 0 | X39: =SUM(U39:W39) -> 738479 | Y39: 4654516 | Z39: 85306 | AA39: 1597555 | AB39: =SUM(Y39:AA39) -> 6337377 | AC39: =X39+AB39 -> 7075856 | AD39: 494078 | AE39: 513144 | AF39: 50000 | AG39: =SUM(AD39:AF39) -> 1057222 | AH39: 5199314 | AI39: 0 | AJ39: 1597554.7 | AK39: =SUM(AH39:AJ39) -> 6796868.7 | AL39: =AG39+AK39 -> 7854090.7 | AM39: 520701 | AN39: 513144 | AO39: 50000 | AP39: =SUM(AM39:AO39) -> 1083845 | AQ39: 6432717 | AR39: 0 | AS39: 926365 | AT39: =SUM(AQ39:AS39) -> 7359082 | AU39: =AP39+AT39 -> 8442927 | AV39: 544878 | AW39: 513144 | AX39: 50000 | AY39: =AV39+AW39+AX39 -> 1108022 | AZ39: 7421120 | BA39: 0 | BB39: 661010 | BC39: =AZ39+BA39+BB39 -> 8082130 | BD39: =AY39+BC39 -> 9190152
A40: MINISTERE DE LA DECENTRALISATION ET DE LA GOUVERNANCE LOCALE | C40: =C41+C42+C43 -> 1838332 | D40: =D41+D42+D43 -> 2778119.5 | E40: =E41+E42+E43 -> 15086461 | F40: =C40+D40+E40 -> 19702913 | G40: =G41+G42+G43 -> 20530400 | H40: =H41+H42+H43 -> 13257765 | I40: =I41+I42+I43 -> 0 | J40: =G40+H40 -> 33788165 | K40: =F40+J40 -> 53491078 | L40: =L41+L42+L43 -> 2510130.6 | M40: =M41+M42+M43 -> 2584426 | N40: =N41+N42+N43 -> 21769997 | O40: =L40+M40+N40 -> 26864554 | P40: =P41+P42+P43 -> 24117093 | Q40: =Q41+Q42+Q43 -> 0 | R40: =R41+R42+R43 -> 0 | S40: =P40+Q40+R40 -> 24117093 | T40: =T41+T42+T43 -> 50981647 | U40: =U41+U42+U43 -> 2764813 | V40: =V41+V42+V43 -> 3799315 | W40: =W41+W42+W43 -> 24439610 | X40: =U40+V40+W40 -> 31003738 | Y40: =Y41+Y42+Y43 -> 19139000 | Z40: =Z41+Z42+Z43 -> 1254747 | AA40: =AA41+AA42+AA43 -> 0 | AB40: =Y40+Z40+AA40 -> 20393747 | AC40: =X40+AB40 -> 51397485 | AD40: =AD41+AD42+AD43 -> 2675810 | AE40: =AE41+AE42+AE43 -> 3870075 | AF40: =AF41+AF42+AF43 -> 24368850 | AG40: =AD40+AE40+AF40 -> 30914735 | AH40: =AH41+AH42+AH43 -> 13617693 | AI40: =AI41+AI42+AI43 -> 8920555 | AJ40: =AJ41+AJ42+AJ43 -> 0 | AK40: =AH40+AI40+AJ40 -> 22538248 | AL40: =AG40+AK40 -> 53452983 | AM40: =AM41+AM42+AM43 -> 2821656 | AN40: =AN41+AN42+AN43 -> 4033272 | AO40: =AO41+AO42+AO43 -> 28205652 | AP40: =AM40+AN40+AO40 -> 35060580 | AQ40: =AQ41+AQ42+AQ43 -> 18637290 | AR40: =AR41+AR42+AR43 -> 0 | AS40: =AS41+AS42+AS43 -> 0 | AT40: =AQ40+AR40+AS40 -> 18637290 | AU40: =AP40+AT40 -> 53697870 | AV40: =AV41+AV42+AV43 -> 2922938 | AW40: =AW41+AW42+AW43 -> 4033272 | AX40: =AX41+AX42+AX43 -> 28205652 | AY40: =AV40+AW40+AX40 -> 35161862 | AZ40: =AZ41+AZ42+AZ43 -> 36422311 | BA40: =BA41+BA42+BA43 -> 0 | BB40: =BB41+BB42+BB43 -> 0 | BC40: =AZ40+BA40+BB40 -> 36422311 | BD40: =AY40+BC40 -> 71584173
A41: 039 | B41: Pilotage et soutien aux services du MDGL | C41: 1023153 | D41: 1800291.8 | E41: 53150 | F41: =SUM(C41:E41) -> 2876594.8 | G41: 484400 | H41: 0 | I41: 0 | J41: =G41+H41 -> 484400 | K41: =F41+J41 -> 3360994.8 | L41: 1925686.8 | M41: 1712191.7 | N41: 30000 | O41: =L41+M41+N41 -> 3667878.5 | P41: 607092.84 | Q41: 0 | R41: 0 | S41: =P41+Q41+R41 -> 607092.84 | T41: =O41+S41 -> 4274971.3 | U41: 1171678 | V41: 1499683 | X41: =SUM(U41:W41) -> 2671361 | Y41: 800000 | Z41: 0 | AA41: 0 | AB41: =Y41+Z41+AA41 -> 800000 | AC41: =X41+AB41 -> 3471361 | AD41: 1182243 | AE41: 1549004 | AF41: 0 | AG41: =SUM(AD41:AF41) -> 2731247 | AH41: 114200 | AI41: 0 | AJ41: 0 | AK41: =AH41+AI41+AJ41 -> 114200 | AL41: =AG41+AK41 -> 2845447 | AM41: 1264262 | AN41: 1593786 | AO41: 0 | AP41: =SUM(AM41:AO41) -> 2858048 | AQ41: 311234 | AR41: 0 | AS41: 0 | AT41: =AQ41+AR41+AS41 -> 311234 | AU41: =AP41+AT41 -> 3169282 | AV41: 1298906 | AW41: 1584786 | AX41: 0 | AY41: =AV41+AW41+AX41 -> 2883692 | AZ41: 0 | BA41: 0 | BB41: 0 | BC41: =AZ41+BA41+BB41 -> 0 | BD41: =AY41+BC41 -> 2883692
A42: 040 | B42: Gouvernance et développement à la base | C42: 259430 | D42: 105865.07 | E42: 14490000 | F42: =SUM(C42:E42) -> 14855295 | G42: 20046000 | H42: 13257765 | I42: 0 | J42: =G42+H42 -> 33303765 | K42: =F42+J42 -> 48159060 | L42: 257592.52 | M42: 53085.33 | N42: 20867601 | O42: =L42+M42+N42 -> 21178279 | P42: 23510000 | Q42: 0 | R42: 0 | S42: =P42+Q42+R42 -> 23510000 | T42: =O42+S42 -> 44688279 | U42: 186432 | V42: 302905 | W42: 24439610 | X42: =SUM(U42:W42) -> 24928947 | Y42: 18339000 | Z42: 1254747 | AA42: 0 | AB42: =Y42+Z42+AA42 -> 19593747 | AC42: =X42+AB42 -> 44522694 | AD42: 145690 | AE42: 216420 | AF42: 24368850 | AG42: =SUM(AD42:AF42) -> 24730960 | AH42: =8000+13495493 -> 13503493 | AI42: 8920555 | AJ42: 0 | AK42: =AH42+AI42+AJ42 -> 22424048 | AL42: =AG42+AK42 -> 47155008 | AM42: 164297 | AN42: 334835 | AO42: 28205652 | AP42: =SUM(AM42:AO42) -> 28704784 | AQ42: 18326056 | AR42: 0 | AS42: 0 | AT42: =AQ42+AR42+AS42 -> 18326056 | AU42: =AP42+AT42 -> 47030840 | AV42: 171275 | AW42: 334835 | AX42: 28205652 | AY42: =AV42+AW42+AX42 -> 28711762 | AZ42: 36422311 | BA42: 0 | BB42: 0 | BC42: =AZ42+BA42+BB42 -> 36422311 | BD42: =AY42+BC42 -> 65134073
A43: 041 | B43: Appui à la déconcentration | C43: 555749 | D43: 871962.66 | E43: 543311.24 | F43: =C43+D43+E43 -> 1971022.9 | G43: 0 | H43: 0 | I43: 0 | J43: =G43+H43 -> 0 | K43: =F43+J43 -> 1971022.9 | L43: 326851.27 | M43: 819148.92 | N43: 872396.48 | O43: =L43+M43+N43 -> 2018396.7 | P43: 0 | S43: =P43+Q43+R43 -> 0 | T43: =O43+S43 -> 2018396.7 | U43: 1406703 | V43: 1996727 | W43: 0 | X43: =SUM(U43:W43) -> 3403430 | Y43: 0 | AB43: =Y43+Z43+AA43 -> 0 | AC43: =X43+AB43 -> 3403430 | AD43: 1347877 | AE43: 2104651 | AG43: =SUM(AD43:AF43) -> 3452528 | AH43: 0 | AK43: =AH43+AI43+AJ43 -> 0 | AL43: =AG43+AK43 -> 3452528 | AM43: 1393097 | AN43: 2104651 | AO43: 0 | AP43: =SUM(AM43:AO43) -> 3497748 | AQ43: 0 | AT43: =AQ43+AR43+AS43 -> 0 | AU43: =AP43+AT43 -> 3497748 | AV43: 1452757 | AW43: 2113651 | AY43: =AV43+AW43+AX43 -> 3566408 | AZ43: 0 | BA43: 0 | BB43: 0 | BC43: =AZ43+BA43+BB43 -> 0 | BD43: =AY43+BC43 -> 3566408
A44: MINISTERE DU TRAVAIL ET DE LA FONCTION PUBLIQUE | C44: =C45+C46+C47 -> 2020560 | D44: =D45+D46+D47 -> 2811538 | E44: =E45+E46+E47 -> 127755 | F44: =C44+D44+E44 -> 4959853 | G44: =G45+G46+G47 -> 117322 | H44: =H45+H46+H47 -> 1000000 | I44: =I45+I46+I47 -> 0 | J44: =G44+H44+I44 -> 1117322 | K44: =F44+J44 -> 6077175 | L44: =L45+L46+L47+0 -> 2842122.4 | M44: =M45+M46+M47+0 -> 1787573.8 | N44: =N45+N46+N47+0 -> 102820.91 | O44: =L44+M44+N44 -> 4732517.1 | P44: =P45+P46+P47+0 -> 219057.82 | Q44: =Q45+Q46+Q47+0 -> 0 | R44: =R45+R46+R47+0 -> 0 | S44: =P44+Q44+R44 -> 219057.82 | T44: =T45+T46+T47 -> 4951574.9 | U44: =U45+U46+U47+0 -> 2786942 | V44: =V45+V46+V47+0 -> 4384795 | W44: =W45+W46+W47+0 -> 46000 | X44: =X45+X46+X47+0 -> 7217737 | Y44: =Y45+Y46+Y47+0 -> 300000 | Z44: =Z45+Z46+Z47+0 -> 165000 | AA44: =AA45+AA46+AA47+0 -> 0 | AB44: =AB45+AB46+AB47+0 -> 465000 | ... AT44: =AT45+AT46+AT47+0 -> 300000 | AU44: =AP44+AT44 -> 8165921 | AV44: =AV45+AV46+AV47 -> 3592314 | AW44: =AW45+AW46+AW47 -> 4384795 | AX44: =AX45+AX46+AX47 -> 46000 | AY44: =AV44+AW44+AX44 -> 8023109 | AZ44: =AZ45+AZ46+AZ47 -> 300000 | BA44: =BA45+BA46+BA47 -> 0 | BB44: =BB45+BB46+BB47 -> 0 | BC44: =AZ44+BA44+BB44 -> 300000 | BD44: =AY44+BC44 -> 8323109
A45: 042 | B45: Pilotage et soutien aux services du MTFP | C45: 1791311 | D45: 2191784 | E45: 27755 | F45: =SUM(C45:E45) -> 4010850 | G45: 117322 | H45: 0 | I45: 0 | J45: =G45+H45 -> 117322 | K45: =F45+J45 -> 4128172 | L45: 1726491.4 | M45: 1443104.8 | N45: 27820.912 | O45: =L45+M45+N45 -> 3197417.1 | P45: 9789.7 | Q45: 0 | R45: 0 | S45: =P45+Q45+R45 -> 9789.7 | T45: =O45+S45 -> 3207206.8 | U45: 1679637 | V45: 3222096 | W45: 46000 | X45: =SUM(U45:W45) -> 4947733 | Y45: 100000 | Z45: 0 | AA45: 0 | AB45: =Y45+Z45+AA45 -> 100000 | AC45: =X45+AB45 -> 5047733 | AD45: 2028804 | AE45: 3222096 | AF45: 46000 | AG45: =SUM(AD45:AF45) -> 5296900 | AH45: 100000 | AI45: 0 | AJ45: 0 | AK45: =AH45+AI45+AJ45 -> 100000 | AL45: =AG45+AK45 -> 5396900 | AM45: 2134446 | AN45: 3222096 | AO45: 46000 | AP45: =SUM(AM45:AO45) -> 5402542 | AQ45: 100000 | AR45: 0 | AS45: 0 | AT45: =AQ45+AR45+AS45 -> 100000 | AU45: =AP45+AT45 -> 5502542 | AV45: 2231852 | AW45: 3222096 | AX45: 46000 | AY45: =AV45+AW45+AX45 -> 5499948 | AZ45: 100000 | BA45: 0 | BB45: 0 | BC45: =AZ45+BA45+BB45 -> 100000 | BD45: =AY45+BC45 -> 5599948
A46: 043 | B46: Travail et Sécurité Sociale | C46: 6718 | D46: 337975 | E46: 100000 | F46: =SUM(C46:E46) -> 444693 | G46: 0 | H46: 1000000 | I46: 0 | J46: =G46+H46 -> 1000000 | K46: =F46+J46 -> 1444693 | L46: 288626.99 | M46: 103087.97 | N46: 75000 | O46: =L46+M46+N46 -> 466714.95 | P46: 0 | Q46: 0 | R46: 0 | S46: =P46+Q46+R46 -> 0 | T46: =O46+S46 -> 466714.95 | U46: 239318 | V46: 485669 | W46: 0 | X46: =SUM(U46:W46) -> 724987 | Y46: 0 | Z46: 0 | AA46: 0 | AB46: =Y46+Z46+AA46 -> 0 | AC46: =X46+AB46 -> 724987 | AD46: 300435 | AE46: 485669 | AF46: 0 | AG46: =SUM(AD46:AF46) -> 786104 | AH46: 0 | AI46: 0 | AJ46: 0 | AK46: =AH46+AI46+AJ46 -> 0 | AL46: =AG46+AK46 -> 786104 | AM46: 314031 | AN46: 485669 | AO46: 0 | AP46: =SUM(AM46:AO46) -> 799700 | AQ46: 0 | AR46: 0 | AS46: 0 | AT46: =AQ46+AR46+AS46 -> 0 | AU46: =AP46+AT46 -> 799700 | AV46: 326567 | AW46: 485669 | AX46: 0 | AY46: =AV46+AW46+AX46 -> 812236 | AZ46: 0 | BA46: 0 | BB46: 0 | BC46: =AZ46+BA46+BB46 -> 0 | BD46: =AY46+BC46 -> 812236
A47: 044 | B47: Modernisation de l'administration publique | C47: 222531 | D47: 281779 | E47: 0 | F47: =SUM(C47:E47) -> 504310 | G47: 0 | H47: 0 | I47: 0 | J47: =G47+H47 -> 0 | K47: =F47+J47 -> 504310 | L47: 827004.01 | M47: 241381.03 | N47: 0 | O47: =L47+M47+N47 -> 1068385 | P47: 209268.12 | Q47: 0 | R47: 0 | S47: =P47+Q47+R47 -> 209268.12 | T47: =O47+S47 -> 1277653.2 | U47: 867987 | V47: 677030 | W47: 0 | X47: =SUM(U47:W47) -> 1545017 | Y47: 200000 | Z47: 165000 | AA47: 0 | AB47: =Y47+Z47+AA47 -> 365000 | AC47: =X47+AB47 -> 1910017 | AD47: 935408 | AE47: 677030 | AF47: 0 | AG47: =SUM(AD47:AF47) -> 1612438 | AH47: 200000 | AI47: 0 | AJ47: 0 | AK47: =AH47+AI47+AJ47 -> 200000 | AL47: =AG47+AK47 -> 1812438 | AM47: 986649 | AN47: 677030 | AO47: 0 | AP47: =SUM(AM47:AO47) -> 1663679 | AQ47: 200000 | AR47: 0 | AS47: 0 | AT47: =AQ47+AR47+AS47 -> 200000 | AU47: =AP47+AT47 -> 1863679 | AV47: 1033895 | AW47: 677030 | AX47: 0 | AY47: =AV47+AW47+AX47 -> 1710925 | AZ47: 200000 | BA47: 0 | BB47: 0 | BC47: =AZ47+BA47+BB47 -> 200000 | BD47: =AY47+BC47 -> 1910925
A48: MINISTERE DE LA SANTE | C48: =C49+C50+C51 -> 32255331 | D48: =D49+D50+D51 -> 8390681.4 | E48: =E49+E50+E51 -> 23046625 | F48: =C48+D48+E48 -> 63692637 | G48: =G49+G50+G51 -> 9607310.9 | H48: =H49+H50+H51 -> 64732633 | I48: =I49+I50+I51 -> 19395403 | J48: =G48+H48 -> 74339944 | K48: =F48+J48 -> 1.3803258e+08 | L48: =L49+L50+L51 -> 43085256 | M48: =M49+M50+M51 -> 5736964 | N48: =N49+N50+N51 -> 27125027 | O48: =L48+M48+N48 -> 75947247 | P48: =P49+P50+P51 -> 10325657 | Q48: =Q49+Q50+Q51 -> 2322516 | R48: =R49+R50+R51 -> 27013752 | S48: =P48+Q48+R48 -> 39661925 | T48: =O48+S48 -> 1.1560917e+08 | U48: =U49+U50+U51 -> 48359062 | V48: =V49+V50+V51 -> 10686567 | W48: =W49+W50+W51 -> 34882309 | X48: =X49+X50+X51 -> 93927938 | Y48: =Y49+Y50+Y51 -> 18565339 | Z48: =Z49+Z50+Z51 -> 2706613 | AA48: =AA49+AA50+AA51 -> 21083354 | AB48: =AB49+AB50+AB51 -> 42355306 | ... AT48: =AT49+AT50+AT51 -> 51172192 | AU48: =AP48+AT48 -> 149108269 | AV48: =AV49+AV50+AV51 -> 51845695 | AW48: =AW49+AW50+AW51 -> 10686567 | AX48: =AX49+AX50+AX51 -> 37730248 | AY48: =AV48+AW48+AX48 -> 100262510 | AZ48: =AZ49+AZ50+AZ51 -> 25700000 | BA48: =BA49+BA50+BA51 -> 0 | BB48: =BB49+BB50+BB51 -> 25249000 | BC48: =AZ48+BA48+BB48 -> 50949000 | BD48: =AY48+BC48 -> 151211510
A49: 046 | B49: Prévention et Sécurité sanitaire | C49: 2498755.6 | D49: 368719 | E49: 7056162.8 | F49: =C49+D49+E49 -> 9923637.5 | G49: 519548.33 | H49: 15026514 | I49: 0 | J49: =G49+H49 -> 15546062 | K49: =F49+J49 -> 25469700 | L49: 10248752 | M49: 58472.737 | N49: 6426076.5 | O49: =L49+M49+N49 -> 16733302 | P49: 1238650.8 | Q49: 195623.09 | R49: 0 | S49: =P49+Q49+R49 -> 1434273.9 | T49: =O49+S49 -> 18167575 | U49: 1586240 | V49: 215000 | W49: 12182014 | X49: =SUM(U49:W49) -> 13983254 | Y49: 7090000 | Z49: 2045000 | AB49: =Y49+Z49+AA49 -> 9135000 | AC49: =X49+AB49 -> 23118254 | AD49: 71300 | AE49: 215000 | AF49: 11624760 | AG49: =SUM(AD49:AF49) -> 11911060 | AH49: 8740000 | AI49: 0 | AK49: =AH49+AI49+AJ49 -> 8740000 | AL49: =AG49+AK49 -> 20651060 | AM49: 75554 | AN49: 215000 | AO49: 11624760 | AP49: =SUM(AM49:AO49) -> 11915314 | AQ49: 9150000 | AR49: 0 | AS49: 0 | AT49: =AQ49+AR49+AS49 -> 9150000 | AU49: =AP49+AT49 -> 21065314 | AV49: 79595 | AW49: 215000 | AX49: 11624760 | AY49: =AV49+AW49+AX49 -> 11919355 | AZ49: 12650000 | BA49: 0 | BB49: 0 | BC49: =AZ49+BA49+BB49 -> 12650000 | BD49: =AY49+BC49 -> 24569355
A50: 047 | B50: Offre et accès aux soins de santé | C50: 561479.01 | D50: 71135 | E50: 9716865.4 | F50: =C50+D50+E50 -> 10349479 | G50: 8542744.8 | H50: 49706119 | I50: 19395403 | J50: =G50+H50 -> 58248864 | K50: =F50+J50 -> 68598343 | L50: 332911.22 | M50: 181405.63 | N50: 14095120 | O50: =L50+M50+N50 -> 14609437 | P50: 8556330.6 | Q50: 0 | R50: 13045764 | S50: =P50+Q50+R50 -> 21602095 | T50: =O50+S50 -> 36211532 | U50: 1903026 | V50: 249000 | W50: 16710563 | X50: =SUM(U50:W50) -> 18862589 | Y50: 10175339 | Z50: 0 | AA50: 14384535 | AB50: =Y50+Z50+AA50 -> 24559874 | AC50: =X50+AB50 -> 43422463 | AD50: 167240 | AE50: 249000 | AF50: 19343719 | AG50: =SUM(AD50:AF50) -> 19759959 | AH50: 8960000 | AI50: 0 | AJ50: 15179000 | AK50: =AH50+AI50+AJ50 -> 24139000 | AL50: =AG50+AK50 -> 43898959 | AM50: 177210 | AN50: 249000 | AO50: 19343720 | AP50: =SUM(AM50:AO50) -> 19769930 | AQ50: 10950000 | AR50: 0 | AS50: 11454000 | AT50: =AQ50+AR50+AS50 -> 22404000 | AU50: =AP50+AT50 -> 42173930 | AV50: 186678 | AW50: 249000 | AX50: 19343720 | AY50: =AV50+AW50+AX50 -> 19779398 | AZ50: 10950000 | BA50: 0 | BB50: 8716000 | BC50: =AZ50+BA50+BB50 -> 19666000 | BD50: =AY50+BC50 -> 39445398
A51: 045 | B51: Pilotage et Soutien aux services du MS | C51: 29195096 | D51: 7950827.4 | E51: 6273597.1 | F51: =C51+D51+E51 -> 43419520 | G51: 545017.76 | H51: 0 | I51: 0 | J51: =G51+H51 -> 545017.76 | K51: =F51+J51 -> 43964538 | L51: 32503593 | M51: 5497085.6 | N51: 6603829.5 | O51: =L51+M51+N51 -> 44604508 | P51: 530675.43 | Q51: 2126892.9 | R51: 13967988 | S51: =P51+Q51+R51 -> 16625556 | T51: =O51+S51 -> 61230064 | U51: 44869796 | V51: 10222567 | W51: 5989732 | X51: =SUM(U51:W51) -> 61082095 | Y51: 1300000 | Z51: 661613 | AA51: 6698819 | AB51: =Y51+Z51+AA51 -> 8660432 | AC51: =X51+AB51 -> 69742527 | AD51: 46830921 | AE51: 10222567 | AF51: 6761768 | AG51: =SUM(AD51:AF51) -> 63815256 | AH51: 1300000 | AI51: 1130192 | AJ51: 19316000 | AK51: =AH51+AI51+AJ51 -> 21746192 | AL51: =AG51+AK51 -> 85561448 | AM51: 49266498 | AN51: 10222567 | AO51: 6761768 | AP51: =SUM(AM51:AO51) -> 66250833 | AQ51: 2100000 | AR51: 1130192 | AS51: 16388000 | AT51: =AQ51+AR51+AS51 -> 19618192 | AU51: =AP51+AT51 -> 85869025 | AV51: 51579422 | AW51: 10222567 | AX51: 6761768 | AY51: =AV51+AW51+AX51 -> 68563757 | AZ51: 2100000 | BA51: 0 | BB51: 16533000 | BC51: =AZ51+BA51+BB51 -> 18633000 | BD51: =AY51+BC51 -> 87196757
A52: MINISTERE DE L'ENSEIGNEMENT SUPERIEUR ET DE LA RECHERCHE SCIENTIFIQUE | C52: =C53+C54+C55+C56 -> 28172855 | D52: =D53+D54+D55+D56 -> 2239043.1 | E52: =E53+E54+E55+E56 -> 18401735 | F52: =C52+D52+E52 -> 48813633 | G52: =G53+G54+G55+G56 -> 12002804 | H52: =H53+H54+H55+H56 -> 2442513.9 | I52: =I53+I54+I55+I56 -> 6222435 | J52: =G52+H52 -> 14445318 | K52: =F52+J52 -> 63258951 | L52: =L53+L54+L55+L56 -> 35007746 | M52: =M53+M54+M55+M56 -> 2699615 | N52: =N53+N54+N55+N56 -> 19646774 | O52: =L52+M52+N52 -> 57354135 | P52: =P53+P54+P55+P56 -> 12219599 | Q52: =Q53+Q54+Q55+Q56 -> 117348.6 | R52: =R53+R54+R55+R56 -> 1920038.7 | S52: =P52+Q52+R52 -> 14256987 | T52: =O52+S52 -> 71611122 | U52: =U53+U54+U55+U56 -> 39569246 | V52: =V53+V54+V55+V56 -> 5236993 | W52: =W53+W54+W55+W56 -> 22766800 | X52: =X53+X54+X55+X56 -> 67573039 | Y52: =Y53+Y54+Y55+Y56 -> 13244571 | Z52: =Z53+Z54+Z55+Z56 -> 0 | AA52: =AA53+AA54+AA55+AA56 -> 659388 | AB52: =AB53+AB54+AB55+AB56 -> 13903959 | ... AT52: =AT53+AT54+AT55+AT56 -> 26041971 | AU52: =AP52+AT52 -> 98586957 | AV52: =AV53+AV54+AV55+AV56 -> 48908148 | AW52: =AW53+AW54+AW55+AW56 -> 5386993 | AX52: =AX53+AX54+AX55+AX56 -> 22616800 | AY52: =AV52+AW52+AX52 -> 76911941 | AZ52: =AZ53+AZ54+AZ55+AZ56 -> 17062500 | BA52: =BA53+BA54+BA55+BA56 -> 0 | BB52: =BB53+BB54+BB55+BB56 -> 0 | BC52: =AZ52+BA52+BB52 -> 17062500 | BD52: =AY52+BC52 -> 93974441
A53: 054 | B53: Pilotage et soutien aux services du MESRS | C53: ='[1]Classification prog-économi (2'!$D$47 -> 3678360.6 | D53: 1291204.2 | E53: 429611.56 | F53: =SUM(C53:E53) -> 5399176.3 | G53: ='[1]Classification prog-économi (2'!$P$47 -> 159674.5 | H53: ='[1]Classification prog-économi (2'!$S$47 -> 0 | I53: 0 | J53: =G53+H53 -> 159674.5 | K53: =F53+J53 -> 5558850.8 | L53: 1055937.4 | M53: 1715802.1 | N53: 596282.85 | O53: =L53+M53+N53 -> 3368022.3 | P53: 0 | Q53: 0 | R53: 0 | S53: =P53+Q53+R53 -> 0 | T53: =O53+S53 -> 3368022.3 | U53: 1037309 | V53: 3460208 | W53: 839800 | X53: =U53+V53+W53 -> 5337317 | Y53: 0 | Z53: 0 | AA53: 0 | AB53: =SUM(Y53:AA53) -> 0 | AC53: =X53+AB53 -> 5337317 | AD53: 1562408 | AE53: 3718670 | AF53: 680566 | AG53: =AD53+AE53+AF53 -> 5961644 | AH53: 0 | AI53: 0 | AJ53: 0 | AK53: =SUM(AH53:AJ53) -> 0 | AL53: =AG53+AK53 -> 5961644 | AM53: 1704267 | AN53: 3610208 | AO53: 724800 | AP53: =AM53+AN53+AO53 -> 6039275 | AQ53: 0 | AR53: 0 | AS53: 0 | AT53: =SUM(AQ53:AS53) -> 0 | AU53: =AP53+AT53 -> 6039275 | AV53: 1840140 | AW53: 3610208 | AX53: 724800 | AY53: =AV53+AW53+AX53 -> 6175148 | AZ53: 0 | BA53: 0 | BB53: 0 | BC53: =AZ53+BA53+BB53 -> 0 | BD53: =AY53+BC53 -> 6175148
A54: 055 | B54: Enseignement supérieur | C54: ='[1]Classification prog-économi (2'!$D$48 -> 24326373 | D54: 842631.9 | E54: 4752000 | F54: =SUM(C54:E54) -> 29921005 | G54: ='[1]Classification prog-économi (2'!$P$48 -> 11630722 | H54: ='[1]Classification prog-économi (2'!$S$48 -> 2442513.9 | I54: =500000+4299703 -> 4799703 | J54: =G54+H54 -> 14073236 | K54: =F54+J54 -> 43994241 | L54: 33435886 | M54: 816923.86 | N54: 5252000 | O54: =L54+M54+N54 -> 39504810 | P54: 12018693 | Q54: 117348.6 | R54: 1884356.6 | S54: =P54+Q54+R54 -> 14020398 | T54: =O54+S54 -> 53525208 | U54: 38013009 | V54: 1541385 | W54: 4352000 | X54: =SUM(U54:W54) -> 43906394 | Y54: 12994571 | Z54: 0 | AA54: 659388 | AB54: =SUM(Y54:AA54) -> 13653959 | AC54: =X54+AB54 -> 57560353 | AD54: 37851533 | AE54: 1177157 | AF54: 4617000 | AG54: =SUM(AD54:AF54) -> 43645690 | AH54: =720000+13504371 -> 14224371 | AI54: 0 | AJ54: =304000+10950000 -> 11254000 | AK54: =SUM(AH54:AJ54) -> 25478371 | AL54: =AG54+AK54 -> 69124061 | AM54: 42191282 | AN54: 1541385 | AO54: 4317000 | AP54: =SUM(AM54:AO54) -> 48049667 | AQ54: =720000+18451971 -> 19171971 | AR54: 0 | AS54: 6570000 | AT54: =SUM(AQ54:AS54) -> 25741971 | AU54: =AP54+AT54 -> 73791638 | AV54: 46347853 | AW54: 1541385 | AX54: 4317000 | AY54: =AV54+AW54+AX54 -> 52206238 | AZ54: 17062500 | BA54: 0 | BB54: 0 | BC54: =AZ54+BA54+BB54 -> 17062500 | BD54: =AY54+BC54 -> 69268738
A55: 056 | B55: Recherche scientifique et innovation technologique | C55: ='[1]Classification prog-économi (2'!$D$49 -> 135204.83 | D55: 45713.513 | E55: 675000 | F55: =SUM(C55:E55) -> 855918.35 | G55: 0 | H55: 0 | I55: 0 | J55: =SUM(G55:I55) -> 0 | K55: =F55+J55 -> 855918.35 | L55: 339612.54 | M55: 43936.152 | N55: 620000 | O55: =L55+M55+N55 -> 1003548.7 | P55: 0 | Q55: 0 | R55: 0 | S55: =P55+Q55+R55 -> 0 | T55: =O55+S55 -> 1003548.7 | U55: 388730 | V55: 56900 | W55: 675000 | X55: =SUM(U55:W55) -> 1120630 | Y55: 0 | Z55: 0 | AA55: 0 | AB55: =SUM(Y55:AA55) -> 0 | AC55: =X55+AB55 -> 1120630 | AD55: 414632 | AE55: 56900 | AF55: 675000 | AG55: =SUM(AD55:AF55) -> 1146532 | AI55: 0 | AJ55: 0 | AK55: =SUM(AH55:AJ55) -> 0 | AL55: =AG55+AK55 -> 1146532 | AM55: 471862 | AN55: 56900 | AO55: 675000 | AP55: =SUM(AM55:AO55) -> 1203762 | AQ55: 0 | AR55: 0 | AS55: 0 | AT55: =SUM(AQ55:AS55) -> 0 | AU55: =AP55+AT55 -> 1203762 | AV55: 526674 | AW55: 56900 | AX55: 675000 | AY55: =AV55+AW55+AX55 -> 1258574 | AZ55: 0 | BA55: 0 | BB55: 0 | BC55: =AZ55+BA55+BB55 -> 0 | BD55: =AY55+BC55 -> 1258574
A56: 057 | B56: Vie de l'étudiant | C56: ='[1]Classification prog-économi (2'!$D$50 -> 32916.166 | D56: 59493.526 | E56: 12545123 | F56: =SUM(C56:E56) -> 12637533 | G56: ='[1]Classification prog-économi (2'!$P$50 -> 212406.85 | H56: 0 | I56: 1422732 | J56: =G56+H56 -> 212406.85 | K56: =F56+J56 -> 12849940 | L56: 176310.24 | M56: 122952.98 | N56: 13178491 | O56: =L56+M56+N56 -> 13477754 | P56: 200906.85 | Q56: 0 | R56: 35682.093 | S56: =P56+Q56+R56 -> 236588.94 | T56: =O56+S56 -> 13714343 | U56: 130198 | V56: 178500 | W56: 16900000 | X56: =SUM(U56:W56) -> 17208698 | Y56: 250000 | Z56: 0 | AA56: 0 | AB56: =SUM(Y56:AA56) -> 250000 | AC56: =X56+AB56 -> 17458698 | AD56: 153215 | AE56: 178500 | AF56: 16900000 | AG56: =SUM(AD56:AF56) -> 17231715 | AH56: =20000+230000 -> 250000 | AI56: 0 | AJ56: 0 | AK56: =SUM(AH56:AJ56) -> 250000 | AL56: =AG56+AK56 -> 17481715 | AM56: 173782 | AN56: 178500 | AO56: 16900000 | AP56: =SUM(AM56:AO56) -> 17252282 | AQ56: 300000 | AR56: 0 | AS56: 0 | AT56: =SUM(AQ56:AS56) -> 300000 | AU56: =AP56+AT56 -> 17552282 | AV56: 193481 | AW56: 178500 | AX56: 16900000 | AY56: =AV56+AW56+AX56 -> 17271981 | AZ56: 0 | BA56: 0 | BB56: 0 | BC56: =AZ56+BA56+BB56 -> 0 | BD56: =AY56+BC56 -> 17271981
A57: MINISTERE DES ENSEIGNEMENTS SECONDAIRE, TECHNIQUE, ET DE LA FORMATION PROFESSIONNELLE | C57: =C58+C59+C60+C61 -> 74406131 | D57: =D58+D59+D60+D61 -> 18043487 | E57: =E58+E59+E60+E61 -> 5095081.8 | F57: =C57+D57+E57 -> 97544700 | G57: =G58+G59+G60+G61 -> 13922839 | H57: =H58+H59+H60+H61 -> 3007395.4 | I57: =I58+I59+I60+I61 -> 25450000 | J57: =G57+H57 -> 16930234 | K57: =F57+J57 -> 1.1447493e+08 | L57: =L58+L59+L60+L61 -> 83511714 | M57: =M58+M59+M60+M61 -> 27599408 | N57: =N58+N59+N60+N61 -> 5527216.6 | O57: =L57+M57+N57 -> 1.1663834e+08 | P57: =P58+P59+P60+P61 -> 22448515 | Q57: =Q58+Q59+Q60+Q61 -> 0 | R57: =R58+R59+R60+R61 -> 1048381.5 | S57: =P57+Q57+R57 -> 23496896 | T57: =O57+S57 -> 1.4013524e+08 | U57: =U58+U59+U60+U61 -> 96649453 | V57: =V58+V59+V60+V61 -> 24302416 | W57: =W58+W59+W60+W61 -> 6736890 | X57: =X58+X59+X60+X61 -> 127688759 | Y57: =Y58+Y59+Y60+Y61 -> 26566646 | Z57: =Z58+Z59+Z60+Z61 -> 1109482 | AA57: =AA58+AA59+AA60+AA61 -> 43755441 | AB57: =AB58+AB59+AB60+AB61 -> 71431569 | ... AT57: =AT58+AT59+AT60+AT61 -> 52707757 | AU57: =AP57+AT57 -> 193856141 | AV57: =AV58+AV59+AV60+AV61 -> 113604648 | AW57: =AW58+AW59+AW60+AW61 -> 25937771 | AX57: =AX58+AX59+AX60+AX61 -> 10436890 | AY57: =AV57+AW57+AX57 -> 149979309 | AZ57: =AZ58+AZ59+AZ60+AZ61 -> 18000000 | BA57: =BA58+BA59+BA60+BA61 -> 6808975 | BB57: =BB58+BB59+BB60+BB61 -> 17000000 | BC57: =AZ57+BA57+BB57 -> 41808975 | BD57: =AY57+BC57 -> 191788284
A58: 058 | B58: Pilotage et soutien aux services du MESTFP | C58: ='[1]Classification prog-économi (2'!$D$52 -> 65957342 | D58: ='[1]Classification prog-économi (2'!$G$52 -> 4198046.6 | E58: 335000 | F58: =SUM(C58:E58) -> 70490389 | G58: ='[1]Classification prog-économi (2'!$P$52 -> 0 | H58: ='[1]Classification prog-économi (2'!$S$52 -> 0 | I58: 0 | J58: =G58+H58+I58 -> 0 | K58: =F58+J58 -> 70490389 | L58: 73793198 | M58: 4249157.7 | N58: 688657.63 | O58: =L58+M58+N58 -> 78731014 | P58: 0 | Q58: 0 | R58: 0 | S58: =P58+Q58+R58 -> 0 | T58: =O58+S58 -> 78731014 | U58: 90443612 | V58: 5280330 | W58: 1313487 | X58: =SUM(U58:W58) -> 97037429 | Y58: 0 | Z58: 0 | AA58: 0 | AB58: =Y58+Z58+AA58 -> 0 | AC58: =X58+AB58 -> 97037429 | AD58: 88779127 | AE58: 5615547 | AF58: 700000 | AG58: =SUM(AD58:AF58) -> 95094674 | AK58: =AH58+AI58+AJ58 -> 0 | AL58: =AG58+AK58 -> 95094674 | AM58: 98479226 | AN58: 4950331 | AO58: 1313487 | AP58: =SUM(AM58:AO58) -> 104743044 | AQ58: 0 | AR58: 0 | AS58: 0 | AT58: =AQ58+AR58+AS58 -> 0 | AU58: =AP58+AT58 -> 104743044 | AV58: 107221061 | AW58: 4950332 | AX58: 1313487 | AY58: =AV58+AW58+AX58 -> 113484880 | AZ58: 0 | BA58: 0 | BB58: 0 | BC58: =AZ58+BA58+BB58 -> 0 | BD58: =AY58+BC58 -> 113484880
A59: 059 | B59: Enseignement secondaire général | C59: ='[1]Classification prog-économi (2'!$D$53 -> 6213449.9 | D59: ='[1]Classification prog-économi (2'!$G$53 -> 12605351 | E59: 3142617 | F59: =SUM(C59:E59) -> 21961418 | G59: ='[1]Classification prog-économi (2'!$P$53 -> 100000 | H59: ='[1]Classification prog-économi (2'!$S$53 -> 2400638 | I59: 4000000 | J59: =G59+H59 -> 2500638 | K59: =F59+J59 -> 24462056 | L59: 2716593 | M59: 22188450 | N59: 3330983 | O59: =L59+M59+N59 -> 28236026 | P59: 1485000 | Q59: 0 | R59: 0 | S59: =P59+Q59+R59 -> 1485000 | T59: =O59+S59 -> 29721026 | U59: 2906035 | V59: 17576343 | W59: 3658047 | X59: =SUM(U59:W59) -> 24140425 | Y59: 2085000 | Z59: 0 | AA59: 525556 | AB59: =Y59+Z59+AA59 -> 2610556 | AC59: =X59+AB59 -> 26750981 | AD59: 2885371 | AE59: 20926290 | AF59: 7388047 | AG59: =SUM(AD59:AF59) -> 31199708 | AH59: =2085000 -> 2085000 | AJ59: 5500000 | AK59: =AH59+AI59+AJ59 -> 7585000 | AL59: =AG59+AK59 -> 38784708 | AM59: 2958193 | AN59: 19629756 | AO59: 7358047 | AP59: =SUM(AM59:AO59) -> 29945996 | AQ59: 2085000 | AR59: 0 | AS59: 0 | AT59: =AQ59+AR59+AS59 -> 2085000 | AU59: =AP59+AT59 -> 32030996 | AV59: 3010607 | AW59: 19629756 | AX59: 7358047 | AY59: =AV59+AW59+AX59 -> 29998410 | AZ59: 0 | BA59: 0 | BB59: 0 | BC59: =AZ59+BA59+BB59 -> 0 | BD59: =AY59+BC59 -> 29998410
A60: 060 | B60: Enseignement technique et formation professionnelle | C60: ='[1]Classification prog-économi (2'!$D$54 -> 2235338.9 | D60: ='[1]Classification prog-économi (2'!$G$54 -> 1103833.7 | E60: 1496324.8 | F60: =SUM(C60:E60) -> 4835497.3 | G60: ='[1]Classification prog-économi (2'!$P$54 -> 13822839 | H60: ='[1]Classification prog-économi (2'!$S$54 -> 606757.4 | I60: 21450000 | J60: =G60+H60 -> 14429596 | K60: =F60+J60 -> 19265094 | L60: 2569147.5 | M60: 1029619 | N60: 1382436 | O60: =L60+M60+N60 -> 4981202.5 | P60: 20963515 | Q60: 0 | R60: 1048381.5 | S60: =P60+Q60+R60 -> 22011896 | T60: =O60+S60 -> 26993099 | U60: 3113066 | V60: 1208669 | W60: 1629816 | X60: =SUM(U60:W60) -> 5951551 | Y60: 24481646 | Z60: 1109482 | AA60: 43229885 | AB60: =Y60+Z60+AA60 -> 68821013 | AC60: =X60+AB60 -> 74772564 | AD60: 3150805 | AE60: 1319669 | AF60: 1684816 | AG60: =SUM(AD60:AF60) -> 6155290 | AH60: 18182370 | AI60: =114974+7264099 -> 7379073 | AJ60: =4189000+20500000 -> 24689000 | AK60: =AH60+AI60+AJ60 -> 50250443 | AL60: =AG60+AK60 -> 56405733 | AM60: 3132303 | AN60: 1135050 | AO60: 1629816 | AP60: =SUM(AM60:AO60) -> 5897169 | AQ60: 23563783 | AR60: 6808974 | AS60: =2250000+18000000 -> 20250000 | AT60: =AQ60+AR60+AS60 -> 50622757 | AU60: =AP60+AT60 -> 56519926 | AV60: 3151634 | AW60: 1135049 | AX60: 1629816 | AY60: =AV60+AW60+AX60 -> 5916499 | AZ60: 18000000 | BA60: 6808975 | BB60: 17000000 | BC60: =AZ60+BA60+BB60 -> 41808975 | BD60: =AY60+BC60 -> 47725474
A61: 061 | B61: Alphabétisation et promotion des langues nationales | C61: ='[1]Classification prog-économi (2'!$D$55 -> 0 | D61: ='[1]Classification prog-économi (2'!$G$55 -> 136255.31 | E61: 121140 | F61: =SUM(C61:E61) -> 257395.31 | G61: ='[1]Classification prog-économi (2'!$P$55 -> 0 | H61: 0 | I61: 0 | J61: =G61+H61+I61 -> 0 | K61: =F61+J61 -> 257395.31 | L61: 4432775.5 | M61: 132181.33 | N61: 125140 | O61: =L61+M61+N61 -> 4690096.8 | P61: 0 | Q61: 0 | R61: 0 | S61: =P61+Q61+R61 -> 0 | T61: =O61+S61 -> 4690096.8 | U61: 186740 | V61: 237074 | W61: 135540 | X61: =SUM(U61:W61) -> 559354 | Y61: 0 | Z61: 0 | AB61: =Y61+Z61+AA61 -> 0 | AC61: =X61+AB61 -> 559354 | AD61: 127766 | AE61: 237074 | AF61: 185540 | AG61: =SUM(AD61:AF61) -> 550380 | AK61: =AH61+AI61+AJ61 -> 0 | AL61: =AG61+AK61 -> 550380 | AM61: 204001 | AN61: 222634 | AO61: 135540 | AP61: =SUM(AM61:AO61) -> 562175 | AQ61: 0 | AR61: 0 | AT61: =AQ61+AR61+AS61 -> 0 | AU61: =AP61+AT61 -> 562175 | AV61: 221346 | AW61: 222634 | AX61: 135540 | AY61: =AV61+AW61+AX61 -> 579520 | AZ61: 0 | BA61: 0 | BB61: 0 | BC61: =AZ61+BA61+BB61 -> 0 | BD61: =AY61+BC61 -> 579520
A62: MINISTERE DES ENSEIGNEMENTS MATERNEL ET PRIMAIRE | C62: =C63+C64+C65+C66 -> 1.0903064e+08 | D62: =D63+D64+D65+D66 -> 9329545.2 | E62: =E63+E64+E65+E66 -> 21967562 | F62: =C62+D62+E62 -> 1.4032775e+08 | G62: =G63+G64+G65+G66 -> 7430216.3 | H62: =H63+H64+H65+H66 -> 9146625.4 | I62: =I63+I64+I65+I66 -> 9146625.4 | J62: =G62+H62 -> 16576842 | K62: =K63+K64+K65+K66 -> 1.5845887e+08 | L62: =L63+L64+L65+L66 -> 1.2347617e+08 | M62: =M63+M64+M65+M66 -> 16265101 | N62: =N63+N64+N65+N66 -> 22391935 | O62: =L62+M62+N62 -> 1.6213321e+08 | P62: =P63+P64+P65+P66 -> 3218963.3 | Q62: =Q63+Q64+Q65+Q66 -> 0 | R62: =R63+R64+R65+R66 -> 48806.943 | S62: =P62+Q62+R62 -> 3267770.3 | T62: =T63+T64+T65+T66 -> 1.6954328e+08 | U62: =U63+U64+U65+U66 -> 128488201 | V62: =V63+V64+V65+V66 -> 20415196 | W62: =W63+W64+W65+W66 -> 21105545 | X62: =X63+X64+X65+X66 -> 170008942 | Y62: =Y63+Y64+Y65+Y66 -> 7884000 | Z62: =Z63+Z64+Z65+Z66 -> 0 | AA62: =AA63+AA64+AA65+AA66 -> 0 | ... AT62: =AT63+AT64+AT65+AT66 -> 8171860 | AU62: =AP62+AT62 -> 230273185 | AV62: =AV63+AV64+AV65+AV66 -> 177281466 | AW62: =AW63+AW64+AW65+AW66 -> 21529142 | AX62: =AX63+AX64+AX65+AX66 -> 36105545 | AY62: =AV62+AW62+AX62 -> 234916153 | AZ62: =AZ63+AZ64+AZ65+AZ66 -> 8380453 | BA62: =BA63+BA64+BA65+BA66 -> 0 | BB62: =BB63+BB64+BB65+BB66 -> 0 | BC62: =AZ62+BA62+BB62 -> 8380453 | BD62: =AY62+BC62 -> 243296606
A63: 062 | B63: Pilotage et soutiens aux services du MEMP | C63: ='[1]Classification prog-économi (2'!$D$57 -> 1.0225722e+08 | D63: 7326277.3 | E63: 73851.915 | F63: =SUM(C63:E63) -> 1.0965735e+08 | G63: 7335.667 | H63: 0 | I63: 0 | J63: =G63+H63 -> 7335.667 | K63: =F63+J63 -> 1.0966468e+08 | L63: 1.1873261e+08 | M63: 12744927 | N63: 200000 | O63: =L63+M63+N63 -> 1.3167754e+08 | P63: 0 | Q63: 0 | R63: 0 | S63: =P63+Q63+R63 -> 0 | T63: =O63+S63 -> 1.3167754e+08 | U63: 124274068 | V63: 15867761 | W63: 631331 | X63: =SUM(U63:W63) -> 140773160 | Y63: 0 | AB63: =SUM(Y63:AA63) -> 0 | AC63: =X63+AB63 -> 140773160 | AD63: 145574800 | AE63: 17844952 | AF63: 303500 | AG63: =SUM(AD63:AF63) -> 163723252 | AH63: 0 | AK63: =SUM(AH63:AJ63) -> 0 | AL63: =AG63+AK63 -> 163723252 | AM63: 159632800 | AN63: 16933166 | AO63: 303500 | AP63: =SUM(AM63:AO63) -> 176869466 | AQ63: 0 | AT63: =SUM(AQ63:AS63) -> 0 | AU63: =AP63+AT63 -> 176869466 | AV63: 172070989 | AW63: 16933166 | AX63: 303500 | AY63: =AV63+AW63+AX63 -> 189307655 | AZ63: 0 | BA63: 0 | BB63: 0 | BC63: =AZ63+BA63+BB63 -> 0 | BD63: =AY63+BC63 -> 189307655
A64: 063 | B64: Accès, équité et rétention | C64: 3689534.7 | D64: 232422.29 | E64: 21768710 | F64: =SUM(C64:E64) -> 25690667 | G64: 7422880.6 | H64: 9146625.4 | I64: 9146625.4 | J64: =G64+H64 -> 16569506 | K64: =F64+J64 -> 42260173 | L64: 286326.34 | M64: 245628.52 | N64: 21831935 | O64: =L64+M64+N64 -> 22363890 | P64: 3218963.3 | Q64: 0 | R64: 48806.943 | S64: =P64+Q64+R64 -> 3267770.3 | T64: =O64+S64 -> 25631660 | U64: 286326 | V64: 267389 | W64: 20114214 | X64: =SUM(U64:W64) -> 20667929 | Y64: 7884000 | Z64: 0 | AA64: 0 | AB64: =SUM(Y64:AA64) -> 7884000 | AC64: =X64+AB64 -> 28551929 | AD64: 568946 | AE64: 276389 | AF64: 35442045 | AG64: =SUM(AD64:AF64) -> 36287380 | AH64: 6973200 | AI64: 0 | AJ64: 0 | AK64: =SUM(AH64:AJ64) -> 6973200 | AL64: =AG64+AK64 -> 43260580 | AM64: 621930 | AN64: 281645 | AO64: 35442045 | AP64: =SUM(AM64:AO64) -> 36345620 | AQ64: 8171860 | AR64: 0 | AS64: 0 | AT64: =SUM(AQ64:AS64) -> 8171860 | AU64: =AP64+AT64 -> 44517480 | AV64: 670389 | AW64: 281644 | AX64: 35442045 | AY64: =AV64+AW64+AX64 -> 36394078 | AZ64: 8380453 | BA64: 0 | BB64: 0 | BC64: =AZ64+BA64+BB64 -> 8380453 | BD64: =AY64+BC64 -> 44774531
A65: 064 | B65: Qualité de l'enseignement | C65: 3083887.3 | D65: 1770845.6 | E65: 125000 | F65: =SUM(C65:E65) -> 4979732.9 | G65: 0 | H65: 0 | I65: 0 | J65: =SUM(G65:I65) -> 0 | K65: =F65+J65 -> 4979732.9 | L65: 4457233.4 | M65: 3274545.3 | N65: 360000 | O65: =L65+M65+N65 -> 8091778.7 | P65: 0 | Q65: 0 | R65: 0 | S65: =P65+Q65+R65 -> 0 | T65: =O65+S65 -> 8091778.7 | U65: 3927807 | V65: 4280046 | W65: 360000 | X65: =SUM(U65:W65) -> 8567853 | Y65: 0 | Z65: 0 | AA65: 0 | AB65: =SUM(Y65:AA65) -> 0 | AC65: =X65+AB65 -> 8567853 | AD65: 4311584 | AE65: 4531201 | AF65: 360000 | AG65: =SUM(AD65:AF65) -> 9202785 | AH65: 0 | AI65: 0 | AJ65: 0 | AK65: =SUM(AH65:AJ65) -> 0 | AL65: =AG65+AK65 -> 9202785 | AM65: 4211907 | AN65: 4314332 | AO65: 360000 | AP65: =SUM(AM65:AO65) -> 8886239 | AQ65: 0 | AR65: 0 | AS65: 0 | AT65: =SUM(AQ65:AS65) -> 0 | AU65: =AP65+AT65 -> 8886239 | AV65: 4540088 | AW65: 4314332 | AX65: 360000 | AY65: =AV65+AW65+AX65 -> 9214420 | AZ65: 0 | BA65: 0 | BB65: 0 | BC65: =AZ65+BA65+BB65 -> 0 | BD65: =AY65+BC65 -> 9214420
A66: 102 | B66: Partenariat mondial pour l'Education | C66: 0 | D66: 0 | E66: 0 | F66: 0 | G66: 0 | H66: 0 | I66: 0 | J66: =SUM(G66:I66) -> 0 | K66: ='[1]Classification prog-économi (2'!$Y$113 -> 1554280 | L66: 0 | M66: 0 | N66: 0 | O66: =L66+M66+N66 -> 0 | P66: 0 | Q66: 0 | R66: 0 | S66: =P66+Q66+R66 -> 0 | T66: 4142300 | Z66: 0 | AB66: =SUM(Y66:AA66) -> 0 | AC66: =X66+AB66 -> 0 | AI66: 0 | AK66: =SUM(AH66:AJ66) -> 0 | AL66: =AG66+AK66 -> 0 | AM66: 0 | AN66: 0 | AO66: 0 | AP66: =SUM(AM66:AO66) -> 0 | AR66: 0 | AU66: =AP66+AT66 -> 0 | AV66: 0 | AW66: 0 | AX66: 0 | AY66: =AV66+AW66+AX66 -> 0 | AZ66: 0 | BA66: 0 | BB66: 0 | BC66: =AZ66+BA66+BB66 -> 0 | BD66: =AY66+BC66 -> 0
A67: MINISTERE DU NUMERIQUE ET DE LA DIGITALISATION | C67: =C68+C69+C70+C71+C72 -> 923400 | D67: =D68+D69+D70+D71+D72 -> 990800 | E67: =E68+E69+E70+E71+E72 -> 4169300 | F67: =C67+D67+E67 -> 6083500 | G67: =G68+G69+G70+G71+G72 -> 2283759.1 | H67: =H68+H69+H70+H71+H72 -> 1872166.9 | I67: =I68+I69+I70+I71+I72 -> 6125977 | J67: =G67+H67 -> 4155926 | K67: =F67+J67 -> 10239426 | L67: =L68+L69+L70+L71+L72+L73 -> 929761.84 | M67: =M68+M69+M70+M71+M72+M73 -> 724043.85 | N67: =N68+N69+N70+N71+N72+N73 -> 6010092.4 | O67: =L67+M67+N67 -> 7663898.1 | P67: =P68+P69+P70+P71+P72+P73 -> 14290665 | Q67: =Q68+Q69+Q70+Q71+Q72+Q73 -> 0 | R67: =R68+R69+R70+R71+R72+R73 -> 10889428 | S67: =P67+Q67+R67 -> 25180093 | T67: =T68+T71+T73 -> 32843991 | U67: =U68+U69+U70+U71+U73 -> 1051157 | V67: =V68+V69+V70+V71+V73 -> 1848894 | W67: =W68+W69+W70+W71+W73 -> 6182472 | X67: =U67+V67+W67 -> 9082523 | Y67: =Y68+Y69+Y70+Y71+Y73 -> 9229007 | Z67: =Z68+Z69+Z70+Z71+Z73 -> 2388571 | AA67: =AA68+AA69+AA70+AA71+AA73 -> 3656448 | AB67: =AB68+AB69+AB70+AB71+AB73 -> 15274026 | AC67: =X67+AB67 -> 24356549 | AD67: =AD68+AD69+AD70+AD71+AD73 -> 1108517 | AE67: =AE68+AE69+AE70+AE71+AE73 -> 1841616 | AF67: =AF68+AF69+AF70+AF71+AF73 -> 6189750 | AG67: =AD67+AE67+AF67 -> 9139883 | AH67: =AH68+AH69+AH70+AH71+AH73 -> 9852083 | AI67: =AI68+AI69+AI70+AI71+AI73 -> 0 | AJ67: =AJ68+AJ69+AJ70+AJ71+AJ73 -> 10042000 | AK67: =AK68+AK69+AK70+AK71+AK73 -> 19894083 | AL67: =AG67+AK67 -> 29033966 | AM67: =AM68+AM69+AM70+AM71+AM73 -> 1164243 | AN67: =AN68+AN69+AN70+AN71+AN73 -> 1848894 | AO67: =AO68+AO69+AO70+AO71+AO73 -> 6182472 | AP67: =AP68+AP69+AP70+AP71+AP73 -> 9195609 | AQ67: =AQ68+AQ69+AQ70+AQ71+AQ73 -> 10793263 | AR67: =AR68+AR69+AR70+AR71+AR73 -> 0 | AS67: =AS68+AS69+AS70+AS71+AS73 -> 3000000 | AT67: =AT68+AT69+AT70+AT71+AT73 -> 13793263 | AU67: =AP67+AT67 -> 22988872 | AV67: =AV68+AV69+AV70+AV71+AV73 -> 1223157 | AW67: =AW68+AW69+AW70+AW71+AW73 -> 1848894 | AX67: =AX68+AX69+AX70+AX71+AX73 -> 6182472 | AY67: =AV67+AW67+AX67 -> 9254523 | AZ67: =AZ68+AZ69+AZ70+AZ71+AZ73 -> 12493263 | BA67: =BA68+BA69+BA70+BA71+BA73 -> 0 | BB67: =BB68+BB69+BB70+BB71+BB73 -> 2000000 | BC67: =AZ67+BA67+BB67 -> 14493263 | BD67: =AY67+BC67 -> 23747786
A68: 100 | B68: Pilotage et soutien aux services du MND | C68: ='[1]Classification prog-économi (2'!$D$104 -> 794200 | D68: ='[1]Classification prog-économi (2'!$G$104 -> 990800 | E68: 0 | F68: =SUM(C68:E68) -> 1785000 | G68: ='[1]Classification prog-économi (2'!$P$104 -> 0 | H68: 0 | I68: 0 | J68: =G68+H68 -> 0 | K68: =F68+J68 -> 1785000 | L68: 761260.91 | M68: 724043.85 | N68: 153968.78 | O68: =L68+M68+N68 -> 1639273.5 | P68: 0 | Q68: 0 | R68: 0 | S68: =P68+Q68+R68 -> 0 | T68: =O68+S68 -> 1639273.5 | U68: 911530 | V68: 1421181 | W68: 162939 | X68: =U68+V68+W68 -> 2495650 | Y68: 0 | Z68: 0 | AA68: 0 | AB68: =AA68+Y68 -> 0 | AC68: =X68+AB68 -> 2495650 | AD68: 971107 | AE68: 1267393 | AF68: 163217 | AG68: =AD68+AE68+AF68 -> 2401717 | AH68: 0 | AI68: 0 | AJ68: 0 | AK68: =AJ68+AH68 -> 0 | AL68: =AG68+AK68 -> 2401717 | AM68: 1018813 | AN68: 1272402 | AO68: 163025 | AP68: =AM68+AN68+AO68 -> 2454240 | AQ68: 0 | AR68: 0 | AS68: 0 | AT68: =AQ68+AR68+AS68 -> 0 | AU68: =AP68+AT68 -> 2454240 | AV68: 1069249 | AW68: 1272402 | AX68: 163025 | AY68: =AV68+AW68+AX68 -> 2504676 | AZ68: 0 | BA68: 0 | BB68: 0 | BC68: =AZ68+BA68+BB68 -> 0 | BD68: =AY68+BC68 -> 2504676
A69: 066 | B69: Sécurité Numérique | C69: ='[1]Classification prog-économi (2'!$D$106 -> 0 | D69: 0 | E69: 0 | F69: =SUM(C69:E69) -> 0 | G69: ='[1]Classification prog-économi (2'!$P$106 -> 297000 | H69: 0 | I69: 0 | J69: =G69+H69 -> 297000 | K69: =F69+J69 -> 297000 | L69: 0 | M69: 0 | N69: 0 | O69: =L69+M69+N69 -> 0 | P69: 0 | Q69: 0 | R69: 0 | S69: =P69+Q69+R69 -> 0 | T69: =O69+S69 -> 0 | U69: 0 | V69: 0 | W69: 0 | X69: =U69+V69+W69 -> 0 | Y69: 0 | Z69: 0 | AA69: 0 | AB69: =AA69+Y69 -> 0 | AC69: =X69+AB69 -> 0 | AD69: 0 | AE69: 0 | AF69: 0 | AG69: =AD69+AE69+AF69 -> 0 | AH69: 0 | AI69: 0 | AJ69: 0 | AK69: =AJ69+AH69 -> 0 | AL69: =AG69+AK69 -> 0 | AM69: 0 | AN69: 0 | AO69: 0 | AP69: =AM69+AN69+AO69 -> 0 | AQ69: 0 | AR69: 0 | AS69: 0 | AT69: =AQ69+AR69+AS69 -> 0 | AU69: =AP69+AT69 -> 0 | AV69: 0 | AW69: 0 | AX69: 0 | AY69: =AV69+AW69+AX69 -> 0 | AZ69: 0 | BA69: 0 | BB69: 0 | BC69: =AZ69+BA69+BB69 -> 0 | BD69: =AY69+BC69 -> 0
A70: 104 | B70: Digitalisation de l'Administration, des entreprises et de la société | C70: ='[1]Classification prog-économi (2'!$D$105 -> 12600 | D70: 0 | E70: 0 | F70: =SUM(C70:E70) -> 12600 | G70: ='[1]Classification prog-économi (2'!$P$105 -> 1154880 | H70: ='[1]Classification prog-économi (2'!$S$105 -> 1872166.9 | I70: 0 | J70: =G70+H70 -> 3027046.9 | K70: =F70+J70 -> 3039646.9 | L70: 0 | M70: 0 | N70: 0 | O70: =L70+M70+N70 -> 0 | P70: 0 | Q70: 0 | R70: 0 | S70: =P70+Q70+R70 -> 0 | T70: =O70+S70 -> 0 | U70: 0 | V70: 0 | W70: 0 | X70: =U70+V70+W70 -> 0 | Y70: 0 | Z70: 0 | AA70: 0 | AB70: =AA70+Y70 -> 0 | AC70: =X70+AB70 -> 0 | AD70: 0 | AE70: 0 | AF70: 0 | AG70: =AD70+AE70+AF70 -> 0 | AH70: 0 | AI70: 0 | AJ70: 0 | AK70: =AJ70+AH70 -> 0 | AL70: =AG70+AK70 -> 0 | AM70: 0 | AN70: 0 | AO70: 0 | AP70: =AM70+AN70+AO70 -> 0 | AQ70: 0 | AR70: 0 | AS70: 0 | AT70: =AQ70+AR70+AS70 -> 0 | AU70: =AP70+AT70 -> 0 | AV70: 0 | AW70: 0 | AX70: 0 | AY70: =AV70+AW70+AX70 -> 0 | AZ70: 0 | BA70: 0 | BB70: 0 | BC70: =AZ70+BA70+BB70 -> 0 | BD70: =AY70+BC70 -> 0
A71: 109 | B71: Medias | C71: ='[1]Classification prog-économi (2'!$D$108 -> 70700 | D71: 0 | E71: ='[1]Classification prog-économi (2'!$J$108 -> 4151600 | F71: =SUM(C71:E71) -> 4222300 | G71: ='[1]Classification prog-économi (2'!$P$108 -> 82600 | H71: 0 | I71: 3295330 | J71: =G71+H71 -> 82600 | K71: =F71+J71 -> 4304900 | L71: 79728.069 | M71: 0 | N71: 5856123.6 | O71: =L71+M71+N71 -> 5935851.7 | P71: 10769193 | Q71: 0 | R71: 0 | S71: =P71+Q71+R71 -> 10769193 | T71: =O71+S71 -> 16705045 | U71: 60949 | V71: 380713 | W71: 6019533 | X71: =U71+V71+W71 -> 6461195 | Y71: 2698282 | Z71: 0 | AA71: 0 | AB71: =AA71+Y71 -> 2698282 | AC71: =X71+AB71 -> 9159477 | AD71: 55765 | AE71: 505223 | AF71: 6026533 | AG71: =AD71+AE71+AF71 -> 6587521 | AH71: 3615870 | AI71: 0 | AJ71: 0 | AK71: =AJ71+AH71 -> 3615870 | AL71: =AG71+AK71 -> 10203391 | AM71: 59289 | AN71: 507219 | AO71: 6019447 | AP71: =AM71+AN71+AO71 -> 6585955 | AQ71: 5814263 | AR71: 0 | AS71: 0 | AT71: =AQ71+AR71+AS71 -> 5814263 | AU71: =AP71+AT71 -> 12400218 | AV71: 63014 | AW71: 507219 | AX71: 6019447 | AY71: =AV71+AW71+AX71 -> 6589680 | AZ71: 5514263 | BA71: 0 | BB71: 0 | BC71: =AZ71+BA71+BB71 -> 5514263 | BD71: =AY71+BC71 -> 12103943
A72: 106 | B72: Infrastructure et Usages Numériques | C72: ='[1]Classification prog-économi (2'!$D$107 -> 45900 | D72: 0 | E72: ='[1]Classification prog-économi (2'!$J$107 -> 17700 | F72: =SUM(C72:E72) -> 63600 | G72: ='[1]Classification prog-économi (2'!$P$107 -> 749279.12 | H72: 0 | I72: 2830647 | J72: =G72+H72 -> 749279.12 | K72: =F72+J72 -> 812879.12 | L72: 0 | M72: 0 | N72: 0 | O72: =L72+M72+N72 -> 0 | P72: 0 | Q72: 0 | R72: 0 | S72: =P72+Q72+R72 -> 0 | T72: =O72+S72 -> 0 | U72: 0 | V72: 0 | W72: 0 | X72: 0 | Y72: 0 | Z72: 0 | AA72: 0 | AB72: 0 | AC72: 0 | AD72: 0 | AE72: 0 | AF72: 0 | AG72: 0 | AH72: 0 | AI72: 0 | AJ72: 0 | AK72: 0 | AL72: 0 | AM72: 0 | AN72: 0 | AO72: 0 | AP72: 0 | AQ72: 0 | AR72: 0 | AS72: 0 | AT72: 0 | AU72: 0 | AV72: 0 | AW72: 0 | AX72: 0 | AY72: 0 | AZ72: 0 | BA72: 0 | BB72: 0 | BC72: 0 | BD72: 0
A73: 111 | B73: Numérique | L73: 88772.861 | M73: 0 | N73: 0 | O73: =L73+M73+N73 -> 88772.861 | P73: 3521471.8 | Q73: 0 | R73: 10889428 | S73: =P73+Q73+R73 -> 14410900 | T73: =O73+S73 -> 14499672 | U73: 78678 | V73: 47000 | W73: 0 | X73: =U73+V73+W73 -> 125678 | Y73: 6530725 | Z73: 2388571 | AA73: 3656448 | AB73: =Y73+Z73+AA73 -> 12575744 | AC73: =X73+AB73 -> 12701422 | AD73: 81645 | AE73: 69000 | AF73: 0 | AG73: =AD73+AE73+AF73 -> 150645 | AH73: 6236213 | AI73: 0 | AJ73: 10042000 | AK73: =AH73+AI73+AJ73 -> 16278213 | AL73: =AG73+AK73 -> 16428858 | AM73: 86141 | AN73: 69273 | AO73: 0 | AP73: =AM73+AN73+AO73 -> 155414 | AQ73: =1199380+3779620 -> 4979000 | AR73: 0 | AS73: 3000000 | AT73: =AQ73+AR73+AS73 -> 7979000 | AU73: =AP73+AT73 -> 8134414 | AV73: 90894 | AW73: 69273 | AX73: 0 | AY73: =AV73+AW73+AX73 -> 160167 | AZ73: =1479380+5499620 -> 6979000 | BA73: 0 | BB73: 2000000 | BC73: =AZ73+BA73+BB73 -> 8979000 | BD73: =AY73+BC73 -> 9139167
A74: MINISTERE DES INFRASTRUCTURES ET DES TRANSPORTS | C74: =C75+C76+C77+C78+C79 -> 1071783 | D74: =D75+D76+D77+D78+D79 -> 1728441.2 | E74: =E75+E76+E77+E78+E79 -> 426798.82 | F74: =C74+D74+E74 -> 3227023 | G74: =G75+G76+G77+G78+G79 -> 1.5663483e+08 | H74: =H75+H76+H77+H78+H79 -> 38066112 | I74: =I75+I76+I77+I78+I79 -> 38066112 | J74: =G74+H74 -> 1.9470095e+08 | K74: =F74+J74 -> 1.9792797e+08 | L74: =L75+L76+L77+L78+L79 -> 1278193 | M74: =M75+M76+M77+M78+M79 -> 1464994.9 | N74: =N75+N76+N77+N78+N79 -> 384818.28 | O74: =L74+M74+N74 -> 3128006.1 | P74: =P75+P76+P77+P78+P79 -> 1.5456561e+08 | Q74: =Q75+Q76+Q77+Q78+Q79 -> 88446.601 | R74: =R75+R76+R77+R78+R79 -> 51822483 | S74: =P74+Q74+R74 -> 2.0647654e+08 | T74: =T75+T76+T77+T78+T79 -> 2.0960455e+08 | U74: =U75+U76+U77+U78+U79 -> 0 | V74: =V75+V76+V77+V78+V79 -> 0 | W74: =W75+W76+W77+W78+W79 -> 0 | X74: =X75+X76+X77+X78+X79 -> 0 | Y74: =Y75+Y76+Y77+Y78+Y79 -> 0 | Z74: =Z75+Z76+Z77+Z78+Z79 -> 0 | AA74: =AA75+AA76+AA77+AA78+AA79 -> 0 | ... AX74: =AX75+AX76+AX77+AX78+AX79 -> 0 | AY74: =AV74+AW74+AX74 -> 0 | AZ74: =AZ75+AZ76+AZ77+AZ78+AZ79 -> 0 | BA74: =BA75+BA76+BA77+BA78+BA79 -> 0 | BB74: =BB75+BB76+BB77+BB78+BB79 -> 0 | BC74: =AZ74+BA74+BB74 -> 0 | BD74: =AY74+BC74 -> 0
A75: 068 | B75: Pilotage et soutien aux services du MIT | C75: 494877.17 | D75: 1269116.1 | E75: 112329.32 | F75: =SUM(C75:E75) -> 1876322.6 | G75: 0 | H75: 0 | I75: 0 | J75: =SUM(G75:I75) -> 0 | K75: =F75+J75 -> 1876322.6 | L75: 575257.07 | M75: 1035382.1 | N75: 71067.041 | O75: =L75+M75+N75 -> 1681706.2 | P75: 0 | Q75: 0 | R75: 0 | S75: =P75+Q75+R75 -> 0 | T75: =O75+S75 -> 1681706.2 | U75: 0 | V75: 0 | W75: 0 | X75: =SUM(U75:W75) -> 0 | Y75: 0 | AB75: =SUM(Y75:AA75) -> 0 | AC75: =X75+AB75 -> 0 | AD75: 0 | AE75: 0 | AF75: 0 | AG75: =SUM(AD75:AF75) -> 0 | AH75: 0 | AK75: =SUM(AH75:AJ75) -> 0 | AL75: =AG75+AK75 -> 0 | AM75: 0 | AN75: 0 | AO75: 0 | AP75: =SUM(AM75:AO75) -> 0 | AQ75: 0 | AR75: 0 | AS75: 0 | AT75: =SUM(AQ75:AS75) -> 0 | AU75: =AP75+AT75 -> 0 | AV75: 0 | AW75: 0 | AX75: 0 | AY75: =AV75+AW75+AX75 -> 0 | AZ75: 0 | BA75: 0 | BB75: 0 | BC75: =AZ75+BA75+BB75 -> 0 | BD75: =AY75+BC75 -> 0
A76: 069 | B76: Entretien et construction de routes et infrastructures de transport rural | C76: 439453.91 | D76: 423563.47 | E76: 34469.5 | F76: =SUM(C76:E76) -> 897486.88 | G76: 1.4608221e+08 | H76: 38066112 | I76: 38066112 | J76: =G76+H76 -> 1.8414832e+08 | K76: =F76+J76 -> 1.8504581e+08 | L76: 563092.09 | M76: 395024.49 | N76: 29440 | O76: =L76+M76+N76 -> 987556.59 | P76: 1.4221982e+08 | Q76: 88446.601 | R76: 51822483 | S76: =P76+Q76+R76 -> 1.9413075e+08 | T76: =O76+S76 -> 1.9511831e+08 | U76: 0 | V76: 0 | W76: 0 | X76: =SUM(U76:W76) -> 0 | Y76: 0 | Z76: 0 | AA76: 0 | AB76: =SUM(Y76:AA76) -> 0 | AC76: =X76+AB76 -> 0 | AD76: 0 | AE76: 0 | AF76: 0 | AG76: =SUM(AD76:AF76) -> 0 | AH76: 0 | AI76: 0 | AJ76: 0 | AK76: =SUM(AH76:AJ76) -> 0 | AL76: =AG76+AK76 -> 0 | AM76: 0 | AN76: 0 | AO76: 0 | AP76: =SUM(AM76:AO76) -> 0 | AQ76: 0 | AR76: 0 | AS76: 0 | AT76: =SUM(AQ76:AS76) -> 0 | AU76: =AP76+AT76 -> 0 | AV76: 0 | AW76: 0 | AX76: 0 | AY76: =AV76+AW76+AX76 -> 0 | AZ76: 0 | BA76: 0 | BB76: 0 | BC76: =AZ76+BA76+BB76 -> 0 | BD76: =AY76+BC76 -> 0
A77: 070 | B77: Transport Terrestre et securité routière | C77: 58697.661 | D77: 17866.05 | E77: 0 | F77: =SUM(C77:E77) -> 76563.711 | G77: 0 | H77: 0 | I77: 0 | J77: =SUM(G77:I77) -> 0 | K77: =F77+J77 -> 76563.711 | L77: 86333.381 | M77: 15420 | N77: 0 | O77: =L77+M77+N77 -> 101753.38 | P77: 0 | Q77: 0 | R77: 0 | S77: =P77+Q77+R77 -> 0 | T77: =O77+S77 -> 101753.38 | U77: 0 | V77: 0 | W77: 0 | X77: =SUM(U77:W77) -> 0 | Y77: 0 | Z77: 0 | AB77: =SUM(Y77:AA77) -> 0 | AC77: =X77+AB77 -> 0 | AD77: 0 | AE77: 0 | AF77: 0 | AG77: =SUM(AD77:AF77) -> 0 | AH77: 0 | AI77: 0 | AK77: =SUM(AH77:AJ77) -> 0 | AL77: =AG77+AK77 -> 0 | AM77: 0 | AN77: 0 | AO77: 0 | AP77: =SUM(AM77:AO77) -> 0 | AQ77: 0 | AR77: 0 | AS77: 0 | AT77: =SUM(AQ77:AS77) -> 0 | AU77: =AP77+AT77 -> 0 | AV77: 0 | AW77: 0 | AX77: 0 | AY77: =AV77+AW77+AX77 -> 0 | AZ77: 0 | BA77: 0 | BB77: 0 | BC77: =AZ77+BA77+BB77 -> 0 | BD77: =AY77+BC77 -> 0
A78: 071 | B78: Transport maritime | C78: 34924.701 | D78: 17895.5 | E78: 0 | F78: =SUM(C78:E78) -> 52820.201 | G78: 0 | H78: 0 | I78: 0 | J78: =SUM(G78:I78) -> 0 | K78: =F78+J78 -> 52820.201 | L78: 47008.497 | M78: 19168.25 | N78: 4311.234 | O78: =L78+M78+N78 -> 70487.981 | P78: 4350000 | Q78: 0 | R78: 0 | S78: =P78+Q78+R78 -> 4350000 | T78: =O78+S78 -> 4420488 | U78: 0 | V78: 0 | W78: 0 | X78: =SUM(U78:W78) -> 0 | AB78: =SUM(Y78:AA78) -> 0 | AC78: =X78+AB78 -> 0 | AD78: 0 | AE78: 0 | AF78: 0 | AG78: =SUM(AD78:AF78) -> 0 | AK78: =SUM(AH78:AJ78) -> 0 | AL78: =AG78+AK78 -> 0 | AM78: 0 | AN78: 0 | AO78: 0 | AP78: =SUM(AM78:AO78) -> 0 | AQ78: 0 | AR78: 0 | AS78: 0 | AT78: =SUM(AQ78:AS78) -> 0 | AU78: =AP78+AT78 -> 0 | AV78: 0 | AW78: 0 | AX78: 0 | AY78: =AV78+AW78+AX78 -> 0 | AZ78: 0 | BA78: 0 | BB78: 0 | BC78: =AZ78+BA78+BB78 -> 0 | BD78: =AY78+BC78 -> 0
A79: 072 | B79: Transport aérien | C79: 43829.537 | D79: 0 | E79: 280000 | F79: =SUM(C79:E79) -> 323829.54 | G79: 10552627 | H79: 0 | I79: 0 | J79: =G79+H79 -> 10552627 | K79: =F79+J79 -> 10876457 | L79: 6501.966 | M79: 0 | N79: 280000 | O79: =L79+M79+N79 -> 286501.97 | P79: 7995790.2 | Q79: 0 | R79: 0 | S79: =P79+Q79+R79 -> 7995790.2 | T79: =O79+S79 -> 8282292.2 | U79: 0 | V79: 0 | W79: 0 | X79: =SUM(U79:W79) -> 0 | Y79: 0 | AA79: 0 | AB79: =SUM(Y79:AA79) -> 0 | AC79: =X79+AB79 -> 0 | AD79: 0 | AE79: 0 | AF79: 0 | AG79: =SUM(AD79:AF79) -> 0 | AH79: 0 | AJ79: 0 | AK79: =SUM(AH79:AJ79) -> 0 | AL79: =AG79+AK79 -> 0 | AM79: 0 | AN79: 0 | AO79: 0 | AP79: =SUM(AM79:AO79) -> 0 | AQ79: 0 | AR79: 0 | AS79: 0 | AT79: =SUM(AQ79:AS79) -> 0 | AU79: =AP79+AT79 -> 0 | AV79: 0 | AW79: 0 | AX79: 0 | AY79: =AV79+AW79+AX79 -> 0 | AZ79: 0 | BA79: 0 | BB79: 0 | BC79: =AZ79+BA79+BB79 -> 0 | BD79: =AY79+BC79 -> 0
A80: MINISTERE DE L'INDUSTRIE ET DU COMMERCE | C80: =C81+C82+C83 -> 1195562.2 | D80: =D81+D82+D83 -> 1090489.3 | E80: =E81+E82+E83 -> 339000 | F80: =C80+D80+E80 -> 2625051.5 | G80: =G81+G82+G83 -> 270401.98 | H80: =H81+H82+H83 -> 0 | I80: =I81+I82+I83 -> 0 | J80: =G80+H80+I80 -> 270401.98 | K80: =F80+J80 -> 2895453.4 | L80: =L81+L82+L83 -> 1352486.2 | M80: =M81+M82+M83 -> 1132249.1 | N80: =N81+N82+N83 -> 300000 | O80: =L80+M80+N80 -> 2784735.4 | P80: =P81+P82+P83 -> 126946.24 | Q80: =Q81+Q82+Q83 -> 0 | R80: =R81+R82+R83 -> 0 | S80: =P80+Q80+R80 -> 126946.24 | T80: =O80+S80 -> 2911681.6 | U80: =U81+U82+U83 -> 1378609 | V80: =V81+V82+V83 -> 1651906 | W80: =W81+W82+W83 -> 860000 | X80: =U80+V80+W80 -> 3890515 | Y80: =Y81+Y82+Y83 -> 477279 | Z80: =Z81+Z82+Z83 -> 0 | AA80: =AA81+AA82+AA83 -> 0 | AB80: =Y80+Z80+AA80 -> 477279 | AC80: =X80+AB80 -> 4367794 | AD80: =AD81+AD82+AD83 -> 1359337 | AE80: =AE81+AE82+AE83 -> 1651906 | AF80: =AF81+AF82+AF83 -> 2860000 | AG80: =AD80+AE80+AF80 -> 5871243 | AH80: =AH81+AH82+AH83 -> 472940 | AI80: =AI81+AI82+AI83 -> 0 | AJ80: =AJ81+AJ82+AJ83 -> 0 | AK80: =AH80+AI80+AJ80 -> 472940 | AL80: =AG80+AK80 -> 6344183 | AM80: =AM81+AM82+AM83 -> 1453187 | AN80: =AN81+AN82+AN83 -> 1651906 | AO80: =AO81+AO82+AO83 -> 2860000 | AP80: =AM80+AN80+AO80 -> 5965093 | AQ80: =AQ81+AQ82+AQ83 -> 472940 | AR80: =AR81+AR82+AR83 -> 0 | AS80: =AS81+AS82+AS83 -> 0 | AT80: =AQ80+AR80+AS80 -> 472940 | AU80: =AP80+AT80 -> 6438033 | AV80: =AV81+AV82+AV83 -> 1538293 | AW80: =AW81+AW82+AW83 -> 1651906 | AX80: =AX81+AX82+AX83 -> 2860000 | AY80: =AV80+AW80+AX80 -> 6050199 | AZ80: =AZ81+AZ82+AZ83 -> 472940 | BA80: =BA81+BA82+BA83 -> 477279 | BB80: =BB81+BB82+BB83 -> 0 | BC80: =AZ80+BA80+BB80 -> 950219 | BD80: =AY80+BC80 -> 7000418
A81: 073 | B81: Pilotage et soutien aux services du MIC | C81: 921482.77 | D81: 729409.18 | E81: 0 | F81: =SUM(C81:E81) -> 1650892 | G81: 118774.3 | H81: 0 | I81: 0 | J81: =G81+H81 -> 118774.3 | K81: =F81+J81 -> 1769666.3 | L81: 647201.01 | M81: 766253.24 | N81: 0 | O81: =L81+M81+N81 -> 1413454.2 | P81: 0 | S81: =P81+Q81+R81 -> 0 | T81: =O81+S81 -> 1413454.2 | U81: 767506 | V81: 1105617 | W81: 0 | X81: =SUM(U81:W81) -> 1873123 | AB81: =Y81+Z81+AA81 -> 0 | AC81: =X81+AB81 -> 1873123 | AD81: 740253 | AE81: 1150672 | AF81: 0 | AG81: =SUM(AD81:AF81) -> 1890925 | AK81: =AH81+AI81+AJ81 -> 0 | AL81: =AG81+AK81 -> 1890925 | AM81: 789558 | AN81: 1150672 | AO81: 0 | AP81: =SUM(AM81:AO81) -> 1940230 | AT81: =AQ81+AR81+AS81 -> 0 | AU81: =AP81+AT81 -> 1940230 | AV81: 834269 | AW81: 1150672 | AY81: =AV81+AW81+AX81 -> 1984941 | AZ81: 0 | BA81: 0 | BB81: 0 | BC81: =AZ81+BA81+BB81 -> 0 | BD81: =AY81+BC81 -> 1984941
A82: 074 | B82: Industrie | C82: 126324.33 | D82: 36843.798 | E82: 339000 | F82: =SUM(C82:E82) -> 502168.13 | G82: 0 | H82: 0 | I82: 0 | J82: =G82+H82+I82 -> 0 | K82: =F82+J82 -> 502168.13 | L82: 152985.33 | M82: 32899.104 | N82: 300000 | O82: =L82+M82+N82 -> 485884.43 | P82: 0 | Q82: 0 | R82: 0 | S82: =P82+Q82+R82 -> 0 | T82: =O82+S82 -> 485884.43 | U82: 167454 | V82: 165020 | W82: 360000 | X82: =SUM(U82:W82) -> 692474 | Y82: 0 | Z82: 0 | AA82: 0 | AB82: =Y82+Z82+AA82 -> 0 | AC82: =X82+AB82 -> 692474 | AD82: 58215 | AE82: 106376 | AF82: 360000 | AG82: =SUM(AD82:AF82) -> 524591 | AH82: 0 | AI82: 0 | AJ82: 0 | AK82: =AH82+AI82+AJ82 -> 0 | AL82: =AG82+AK82 -> 524591 | AM82: 62593 | AN82: 106376 | AO82: 360000 | AP82: =SUM(AM82:AO82) -> 528969 | AQ82: 0 | AR82: 0 | AS82: 0 | AT82: =AQ82+AR82+AS82 -> 0 | AU82: =AP82+AT82 -> 528969 | AV82: 66563 | AW82: 106376 | AX82: 360000 | AY82: =AV82+AW82+AX82 -> 532939 | AZ82: 0 | BA82: 0 | BB82: 0 | BC82: =AZ82+BA82+BB82 -> 0 | BD82: =AY82+BC82 -> 532939
A83: 075 | B83: Commerce | C83: 147755.08 | D83: 324236.28 | E83: 0 | F83: =SUM(C83:E83) -> 471991.36 | G83: 151627.68 | H83: 0 | I83: 0 | J83: =G83+H83+I83 -> 151627.68 | K83: =F83+J83 -> 623619.04 | L83: 552299.87 | M83: 333096.79 | N83: 0 | O83: =L83+M83+N83 -> 885396.67 | P83: 126946.24 | Q83: 0 | R83: 0 | S83: =P83+Q83+R83 -> 126946.24 | T83: =O83+S83 -> 1012342.9 | U83: 443649 | V83: 381269 | W83: 500000 | X83: =SUM(U83:W83) -> 1324918 | Y83: 477279 | Z83: 0 | AA83: 0 | AB83: =Y83+Z83+AA83 -> 477279 | AC83: =X83+AB83 -> 1802197 | AD83: 560869 | AE83: 394858 | AF83: 2500000 | AG83: =SUM(AD83:AF83) -> 3455727 | AH83: 472940 | AI83: 0 | AJ83: 0 | AK83: =AH83+AI83+AJ83 -> 472940 | AL83: =AG83+AK83 -> 3928667 | AM83: 601036 | AN83: 394858 | AO83: 2500000 | AP83: =SUM(AM83:AO83) -> 3495894 | AQ83: 472940 | AR83: 0 | AS83: 0 | AT83: =AQ83+AR83+AS83 -> 472940 | AU83: =AP83+AT83 -> 3968834 | AV83: 637461 | AW83: 394858 | AX83: 2500000 | AY83: =AV83+AW83+AX83 -> 3532319 | AZ83: 472940 | BA83: 477279 | BC83: =AZ83+BA83+BB83 -> 950219 | BD83: =AY83+BC83 -> 4482538
A84: MINISTERE DE L'ENERGIE | C84: =C85+C86 -> 1463800 | D84: =D85+D86 -> 1169500 | E84: =E85+E86 -> 180000 | F84: =C84+D84+E84 -> 2813300 | G84: =G85+G86 -> 31169000 | H84: =H85+H86 -> 43187345 | I84: =I85+I86 -> 43187345 | J84: =G84+H84 -> 74356345 | K84: =F84+J84 -> 77169645 | L84: =L85+L86 -> 797909.76 | M84: =M85+M86 -> 498953.95 | N84: =N85+N86 -> 275308 | O84: =L84+M84+N84 -> 1572171.7 | P84: =P85+P86 -> 15202846 | Q84: =Q85+Q86 -> 3209587.1 | R84: =R85+R86 -> 73029998 | S84: =P84+Q84+R84 -> 91442431 | T84: =O84+S84 -> 93014603 | U84: =U85+U86 -> 0 | V84: =V85+V86 -> 0 | W84: =W85+W86 -> 0 | X84: =X85+X86 -> 0 | Y84: =Y85+Y86 -> 0 | Z84: =Z85+Z86 -> 0 | AA84: =AA85+AA86 -> 0 | AB84: =AB85+AB86 -> 0 | ... AU84: =AU85+AU86 -> 0 | AY84: =AV84+AW84+AX84 -> 0 | BC84: =AZ84+BA84+BB84 -> 0 | BD84: =AY84+BC84 -> 0
A85: 078 | B85: Pilotage et soutiens aux services du ME | C85: 1055800 | D85: 1132100 | E85: 0 | F85: =SUM(C85:E85) -> 2187900 | G85: 12714900 | H85: 0 | I85: 0 | J85: =G85+H85 -> 12714900 | K85: =F85+J85 -> 14902800 | L85: 795655.14 | M85: 418453.95 | N85: 185308 | O85: =L85+M85+N85 -> 1399417.1 | P85: 1072521.1 | Q85: 0 | R85: 0 | S85: =P85+Q85+R85 -> 1072521.1 | T85: =O85+S85 -> 2471938.1 | U85: 0 | V85: 0 | W85: 0 | X85: =U85+V85+W85 -> 0 | Y85: 0 | Z85: 0 | AA85: 0 | AB85: =Y85+Z85+AA85 -> 0 | AC85: =X85+AB85 -> 0 | AD85: 0 | AE85: 0 | AF85: 0 | AG85: =AD85+AE85+AF85 -> 0 | AH85: 0 | AI85: 0 | AJ85: 0 | AK85: =AH85+AI85+AJ85 -> 0 | AL85: =AG85+AK85 -> 0 | AM85: 0 | AN85: 0 | AO85: 0 | AP85: =AM85+AN85+AO85 -> 0 | AQ85: 0 | AR85: 0 | AS85: 0 | AT85: =AQ85+AR85+AS85 -> 0 | AU85: =AP85+AT85 -> 0 | AV85: 0 | AW85: 0 | AX85: 0 | AY85: =AV85+AW85+AX85 -> 0 | AZ85: 0 | BA85: 0 | BB85: 0 | BC85: =AZ85+BA85+BB85 -> 0 | BD85: =AY85+BC85 -> 0
A86: 079 | B86: Energie | C86: 408000 | D86: 37400 | E86: 180000 | F86: =SUM(C86:E86) -> 625400 | G86: 18454100 | H86: 43187345 | I86: 43187345 | J86: =G86+H86 -> 61641445 | K86: =F86+J86 -> 62266845 | L86: 2254.617 | M86: 80500 | N86: 90000 | O86: =L86+M86+N86 -> 172754.62 | P86: 14130325 | Q86: 3209587.1 | R86: 73029998 | S86: =P86+Q86+R86 -> 90369910 | T86: =O86+S86 -> 90542665 | U86: 0 | V86: 0 | W86: 0 | X86: =SUM(U86:W86) -> 0 | Y86: 0 | Z86: 0 | AA86: 0 | AB86: =Y86+Z86+AA86 -> 0 | AC86: =X86+AB86 -> 0 | AD86: 0 | AE86: 0 | AF86: 0 | AG86: =SUM(AD86:AF86) -> 0 | AH86: 0 | AI86: 0 | AJ86: 0 | AK86: =AH86+AI86+AJ86 -> 0 | AL86: =AG86+AK86 -> 0 | AM86: 0 | AN86: 0 | AO86: 0 | AP86: =AM86+AN86+AO86 -> 0 | AQ86: 0 | AR86: 0 | AS86: 0 | AT86: =AQ86+AR86+AS86 -> 0 | AU86: =AP86+AT86 -> 0 | AV86: 0 | AW86: 0 | AX86: 0 | AY86: =AV86+AW86+AX86 -> 0 | AZ86: 0 | BA86: 0 | BB86: 0 | BC86: =AZ86+BA86+BB86 -> 0 | BD86: =AY86+BC86 -> 0
A87: MINISTERE DU CADRE DE VIE ET DES TRANSPORTS CHARGE DU DEVELOPPEMENT DURABLE | C87: =C88+C89+C90+C91+C93 -> 4367800 | D87: =D88+D89+D90+D91+D93 -> 947400 | E87: =E88+E89+E90+E91+E93 -> 1757200 | F87: =C87+D87+E87 -> 7072400 | G87: =G88+G89+G90+G91+G93 -> 130691600 | H87: =H88+H89+H90+H91+H93 -> 1.0093356e+08 | I87: =I88+I89+I90+I91+I93 -> 1.0086485e+08 | J87: =G87+H87 -> 2.3162516e+08 | K87: =F87+J87 -> 2.3869756e+08 | L87: =L88+L89+L90+L91+L93 -> 5376782.5 | M87: =M88+M89+M90+M91+M93 -> 978965.31 | N87: =N88+N89+N90+N91+N93 -> 2599750.8 | O87: =L87+M87+N87 -> 8955498.5 | P87: =P88+P89+P90+P91+P93 -> 1.7767908e+08 | Q87: =Q88+Q89+Q90+Q91+Q93 -> 24846549 | R87: =R88+R89+R90+R91+R93 -> 86603546 | S87: =P87+Q87+R87 -> 2.8912917e+08 | T87: =O87+S87 -> 2.9808467e+08 | U87: =U88+U89+U90+U91+U92+U93 -> 7308683 | V87: =V88+V89+V90+V91+V92+V93 -> 2546139 | W87: =W88+W89+W90+W91+W92+W93 -> 3529998 | X87: =X88+X89+X90+X91+X92+X93 -> 13384820 | Y87: =Y88+Y89+Y90+Y91+Y92+Y93 -> 239166974 | Z87: =Z88+Z89+Z90+Z91+Z92+Z93 -> 23141375 | AA87: =AA88+AA89+AA90+AA91+AA92+AA93 -> 134981276 | AB87: =AB88+AB89+AB90+AB91+AB92+AB93 -> 397289625 | AC87: =X87+AB87 -> 410674445 | AD87: =AD88+AD89+AD90+AD91+AD92+AD93 -> 7030794 | AE87: =AE88+AE89+AE90+AE91+AE92+AE93 -> 3258476 | AF87: =AF88+AF89+AF90+AF91+AF92+AF93 -> 3830160 | AG87: =AG88+AG89+AG90+AG91+AG92+AG93 -> 14119430 | AH87: =AH88+AH89+AH90+AH91+AH92+AH93 -> 253601023 | AI87: =AI88+AI89+AI90+AI91+AI92+AI93 -> 7453165 | AJ87: =AJ88+AJ89+AJ90+AJ91+AJ92+AJ93 -> 84707258 | AK87: =AK88+AK89+AK90+AK91+AK92+AK93 -> 3.4576145e+08 | AL87: =AG87+AK87 -> 3.5988088e+08 | AM87: =AM88+AM89+AM90+AM91+AM92+AM93 -> 7505453 | AN87: =AN88+AN89+AN90+AN91+AN92+AN93 -> 3258476 | AO87: =AO88+AO89+AO90+AO91+AO92+AO93 -> 3830161 | AP87: =AM87+AN87+AO87 -> 14594090 | AQ87: =AQ88+AQ89+AQ90+AQ91+AQ92+AQ93 -> 264297178 | AR87: =AR88+AR89+AR90+AR91+AR92+AR93 -> 38679581 | AS87: =AS88+AS89+AS90+AS91+AS92+AS93 -> 151361000 | AT87: =AQ87+AR87+AS87 -> 454337759 | AU87: =AP87+AT87 -> 468931849 | AV87: =AV88+AV89+AV90+AV91+AV92+AV93 -> 7814816 | AW87: =AW88+AW89+AW90+AW91+AW92+AW93 -> 3258476 | AX87: =AX88+AX89+AX90+AX91+AX92+AX93 -> 3830160 | AY87: =AV87+AW87+AX87 -> 14903452 | AZ87: =AZ88+AZ89+AZ90+AZ91+AZ92+AZ93 -> 366006495 | BA87: =BA88+BA89+BA90+BA91+BA92+BA93 -> 38533890 | BB87: =BB88+BB89+BB90+BB91+BB92+BB93 -> 58291000 | BC87: =AZ87+BA87+BB87 -> 462831385 | BD87: =AY87+BC87 -> 477734837
A88: 114 | B88: Pilotage et soutien aux services du MCVT | C88: 660200 | D88: 757800 | E88: 0 | F88: =SUM(C88:E88) -> 1418000 | G88: 1745000 | H88: 0 | I88: 0 | J88: =G88+H88 -> 1745000 | K88: =F88+J88 -> 3163000 | L88: 1281654.1 | M88: 835765.31 | N88: 0 | O88: =L88+M88+N88 -> 2117419.4 | P88: 1064034.8 | Q88: 0 | R88: 0 | S88: =P88+Q88+R88 -> 1064034.8 | T88: =O88+S88 -> 3181454.2 | U88: 2435229 | V88: 2053339 | W88: 240204 | X88: =U88+V88+W88 -> 4728772 | Y88: 3050000 | Z88: 0 | AA88: 0 | AB88: =SUM(Y88:AA88) -> 3050000 | AC88: =X88+AB88 -> 7778772 | AD88: 1988211 | AE88: 2585664 | AF88: 240204 | AG88: =AD88+AE88+AF88 -> 4814079 | AH88: 4601779 | AI88: 0 | AJ88: 0 | AK88: =SUM(AH88:AJ88) -> 4601779 | AL88: =AG88+AK88 -> 9415858 | AM88: 2117785 | AN88: 2585663 | AO88: 240204 | AP88: =AM88+AN88+AO88 -> 4943652 | AQ88: 2500000 | AR88: 0 | AS88: 0 | AT88: =SUM(AQ88:AS88) -> 2500000 | AU88: =AP88+AT88 -> 7443652 | AV88: 2202236 | AW88: 2585663 | AX88: 240204 | AY88: =AV88+AW88+AX88 -> 5028103 | AZ88: 0 | BA88: 0 | BB88: 0 | BC88: =AZ88+BA88+BB88 -> 0 | BD88: =AY88+BC88 -> 5028103
A89: 115 | B89: Environnement , forêt et climat | C89: 141000 | D89: 10500 | E89: 182200 | F89: =SUM(C89:E89) -> 333700 | G89: 29446800 | H89: 40498563 | I89: 40498563 | J89: =G89+H89 -> 69945363 | K89: =F89+J89 -> 70279063 | L89: 103572.17 | M89: 22200 | N89: 1065330 | O89: =L89+M89+N89 -> 1191102.2 | P89: 26128774 | Q89: 11300769 | R89: 11072185 | S89: =P89+Q89+R89 -> 48501728 | T89: =O89+S89 -> 49692830 | U89: 3601127 | V89: 143000 | W89: 2128156 | X89: =U89+V89+W89 -> 5872283 | Y89: 20219506 | Z89: 22497452 | AA89: 4896206 | AB89: =SUM(Y89:AA89) -> 47613164 | AC89: =X89+AB89 -> 53485447 | AD89: 4412844 | AE89: 153000 | AF89: 2545656 | AG89: =AD89+AE89+AF89 -> 7111500 | AH89: 29089814 | AI89: 5573169 | AJ89: 8647000 | AK89: =SUM(AH89:AJ89) -> 43309983 | AL89: =AG89+AK89 -> 50421483 | AM89: 4714535 | AN89: 153000 | AO89: 2545657 | AP89: =AM89+AN89+AO89 -> 7413192 | AQ89: 15596663 | AR89: 36799586 | AS89: 14940000 | AT89: =SUM(AQ89:AS89) -> 67336249 | AU89: =AP89+AT89 -> 74749441 | AV89: 4911164 | AW89: 153000 | AX89: 2545656 | AY89: =AV89+AW89+AX89 -> 7609820 | AZ89: 26539506 | BA89: 36653895 | BB89: 6000000 | BC89: =AZ89+BA89+BB89 -> 69193401 | BD89: =AY89+BC89 -> 76803221
A90: 084 | B90: Gestion durable des forêts et des ressources naturelles | C90: 3364000 | D90: 148400 | E90: 829300 | F90: =SUM(C90:E90) -> 4341700 | G90: 1447100 | H90: 4535429.3 | I90: 4535429.3 | J90: =G90+H90 -> 5982529.3 | K90: =F90+J90 -> 10324229 | L90: 3790820.4 | M90: 76000 | N90: 900341 | O90: =L90+M90+N90 -> 4767161.4 | P90: 1327771.7 | Q90: 12455572 | R90: 491630.91 | S90: =P90+Q90+R90 -> 14274975 | T90: =O90+S90 -> 19042136 | U90: 0 | V90: 0 | W90: 0 | X90: =U90+V90+W90 -> 0 | Y90: 0 | Z90: 0 | AA90: 0 | AB90: =SUM(Y90:AA90) -> 0 | AC90: =AB90+X90 -> 0 | AD90: 0 | AE90: 0 | AF90: 0 | AG90: =AD90+AE90+AF90 -> 0 | AH90: 0 | AI90: 0 | AJ90: 0 | AK90: =SUM(AH90:AJ90) -> 0 | AL90: =AK90+AG90 -> 0 | AM90: 0 | AN90: 0 | AO90: 0 | AP90: =AM90+AN90+AO90 -> 0 | AQ90: 0 | AR90: 0 | AS90: 0 | AT90: =SUM(AQ90:AS90) -> 0 | AU90: =AT90+AP90 -> 0 | AV90: 0 | AW90: 0 | AX90: 0 | AY90: =AV90+AW90+AX90 -> 0 | AZ90: 0 | BA90: 0 | BB90: 0 | BC90: =AZ90+BA90+BB90 -> 0 | BD90: =AY90+BC90 -> 0
A91: 088 | B91: Villes et territoires durables | C91: 147900 | D91: 25400 | E91: 715900 | F91: =SUM(C91:E91) -> 889200 | G91: 81382100 | H91: 48880501 | I91: 48880501 | J91: =G91+H91 -> 1.302626e+08 | K91: =F91+J91 -> 1.311518e+08 | L91: 108960.85 | M91: 24000 | N91: 424267.25 | O91: =L91+M91+N91 -> 557228.09 | P91: 1.1316731e+08 | Q91: 1090207.8 | R91: 75039730 | S91: =P91+Q91+R91 -> 1.8929724e+08 | T91: =O91+S91 -> 1.8985447e+08 | U91: 243858 | V91: 31600 | W91: 555875 | X91: =U91+V91+W91 -> 831333 | Y91: 41298547 | Z91: 643923 | AA91: 64991946 | AB91: =SUM(Y91:AA91) -> 106934416 | AC91: =X91+AB91 -> 107765749 | AD91: 161877 | AE91: 36600 | AF91: 575875 | AG91: =AD91+AE91+AF91 -> 774352 | AH91: 61515308 | AI91: 0 | AJ91: 28470258 | AK91: =SUM(AH91:AJ91) -> 89985566 | AL91: =AG91+AK91 -> 90759918 | AM91: 173208 | AN91: 36600 | AO91: 575875 | AP91: =AM91+AN91+AO91 -> 785683 | AQ91: 55717170 | AR91: 0 | AS91: 111826000 | AT91: =SUM(AQ91:AS91) -> 167543170 | AU91: =AP91+AT91 -> 168328853 | AV91: 180594 | AW91: 36600 | AX91: 575875 | AY91: =AV91+AW91+AX91 -> 793069 | AZ91: 59184707 | BA91: 0 | BB91: 41291000 | BC91: =AZ91+BA91+BB91 -> 100475707 | BD91: =AY91+BC91 -> 101268776
A92: 116 | B92: Infrastructures et Transports | O92: =L92+M92+N92 -> 0 | S92: =P92+Q92+R92 -> 0 | T92: =O92+S92 -> 0 | U92: 817820 | V92: 288200 | W92: 316013 | X92: =U92+V92+W92 -> 1422033 | Y92: 97179806 | Z92: 0 | AA92: 35922594 | AB92: =SUM(Y92:AA92) -> 133102400 | AC92: =X92+AB92 -> 134524433 | AD92: 286918 | AE92: 448212 | AF92: 392000 | AG92: =AD92+AE92+AF92 -> 1127130 | AH92: 102842011 | AI92: 1879996 | AJ92: 28645000 | AK92: =SUM(AH92:AJ92) -> 133367007 | AL92: =AG92+AK92 -> 134494137 | AM92: 306586 | AN92: 448213 | AO92: 392000 | AP92: =AM92+AN92+AO92 -> 1146799 | AQ92: 110396492 | AR92: 1879995 | AS92: 16000000 | AT92: =SUM(AQ92:AS92) -> 128276487 | AU92: =AT92+AP92 -> 129423286 | AV92: 319405 | AW92: 448213 | AX92: 392000 | AY92: =AV92+AW92+AX92 -> 1159618 | AZ92: 164759215 | BA92: 1879995 | BB92: 8000000 | BC92: =AZ92+BA92+BB92 -> 174639210 | BD92: =AY92+BC92 -> 175798828
A93: 089 | B93: Construction et Habitat | C93: 54700 | D93: 5300 | E93: 29800 | F93: =SUM(C93:E93) -> 89800 | G93: 16670600 | H93: 7019061.5 | I93: 6950356 | J93: =G93+H93 -> 23689661 | K93: =F93+J93 -> 23779461 | L93: 91774.954 | M93: 21000 | N93: 209812.5 | O93: =L93+M93+N93 -> 322587.45 | P93: 35991190 | Q93: 0 | R93: 0 | S93: =P93+Q93+R93 -> 35991190 | T93: =O93+S93 -> 36313778 | U93: 210649 | V93: 30000 | W93: 289750 | X93: =U93+V93+W93 -> 530399 | Y93: 77419115 | Z93: 0 | AA93: 29170530 | AB93: =SUM(Y93:AA93) -> 106589645 | AC93: =X93+AB93 -> 107120044 | AD93: 180944 | AE93: 35000 | AF93: 76425 | AG93: =AD93+AE93+AF93 -> 292369 | AH93: 55552111 | AI93: 0 | AJ93: 18945000 | AK93: =SUM(AH93:AJ93) -> 74497111 | AL93: =AG93+AK93 -> 74789480 | AM93: 193339 | AN93: 35000 | AO93: 76425 | AP93: =AM93+AN93+AO93 -> 304764 | AQ93: 80086853 | AR93: 0 | AS93: 8595000 | AT93: =SUM(AQ93:AS93) -> 88681853 | AU93: =AP93+AT93 -> 88986617 | AV93: 201417 | AW93: 35000 | AX93: 76425 | AY93: =AV93+AW93+AX93 -> 312842 | AZ93: 115523067 | BA93: 0 | BB93: 3000000 | BC93: =AZ93+BA93+BB93 -> 118523067 | BD93: =AY93+BC93 -> 118835909
A94: MINISTERE DES SPORTS | C94: =C95+C96+C97 -> 606500 | D94: =D95+D96+D97 -> 1607100 | E94: =E95+E96+E97 -> 5761400 | F94: =C94+D94+E94 -> 7975000 | G94: =G95+G96+G97 -> 25279900 | H94: =H95+H96+H97 -> 0 | I94: =I95+I96+I97 -> 0 | J94: =G94+H94+I94 -> 25279900 | K94: =F94+J94 -> 33254900 | L94: =L95+L96+L97 -> 916710.31 | M94: =M95+M96+M97 -> 1728464.7 | N94: =N95+N96+N97 -> 5066550.8 | O94: =L94+M94+N94 -> 7711725.8 | P94: =P95+P96+P97 -> 23512999 | Q94: =Q95+Q96+Q97 -> 0 | R94: =R95+R96+R97 -> 0 | S94: =P94+Q94+R94 -> 23512999 | T94: =O94+S94 -> 31224724 | U94: =U95+U96+U97 -> 942252 | V94: =V95+V96+V97 -> 2249270 | W94: =W95+W96+W97+W98 -> 7727055 | X94: =U94+V94+W94 -> 10918577 | Y94: =Y95+Y96+Y97+Y98 -> 32883378 | Z94: =Z95+Z96+Z97+Z98 -> 0 | AA94: =AA95+AA96+AA97+AA98 -> 0 | AB94: =Y94+Z94+AA94 -> 32883378 | AC94: =X94+AB94 -> 43801955 | AD94: =AD95+AD96+AD97+AD98 -> 915558 | AE94: =AE95+AE96+AE97+AE98 -> 2575870 | AF94: =AF95+AF96+AF97+AF98 -> 7400455 | AG94: =AD94+AE94+AF94 -> 10891883 | AH94: =AH95+AH96+AH97+AH98 -> 23923409 | AI94: =AI95+AI96+AI97+AI98 -> 0 | AJ94: =AJ95+AJ96+AJ97+AJ98 -> 0 | AK94: =AH94+AI94+AJ94 -> 23923409 | AL94: =AG94+AK94 -> 34815292 | AM94: =AM95+AM96+AM97+AM98 -> 977103 | AN94: =AN95+AN96+AN97+AN98 -> 2575870 | AO94: =AO95+AO96+AO97+AO98 -> 7400455 | AP94: =AM94+AN94+AO94 -> 10953428 | AQ94: =AQ95+AQ96+AQ97+AQ98 -> 33764336 | AR94: =AR95+AR96+AR97+AR98 -> 0 | AS94: =AS95+AS96+AS97+AS98 -> 0 | AT94: =AQ94+AR94+AS94 -> 33764336 | AU94: =AP94+AT94 -> 44717764 | AV94: =AV95+AV96+AV97+AV98 -> 1025104 | AW94: =AW95+AW96+AW97+AW98 -> 2575870 | AX94: =AX95+AX96+AX97+AX98 -> 7400455 | AY94: =AV94+AW94+AX94 -> 11001429 | AZ94: =AZ95+AZ96+AZ97+AZ98 -> 38081400 | BA94: =BA95+BA96+BA97+BA98 -> 0 | BB94: =BB95+BB96+BB97+BB98 -> 0 | BC94: =AZ94+BA94+BB94 -> 38081400 | BD94: =AY94+BC94 -> 49082829
A95: 099 | B95: Pilotage et soutien aux services du Msports | C95: 432300 | D95: 850000 | E95: 227000 | F95: =SUM(C95:E95) -> 1509300 | G95: 0 | H95: 0 | I95: 0 | J95: =G95+H95+I95 -> 0 | K95: =F95+J95 -> 1509300 | L95: 383647.39 | M95: 959399.66 | N95: 150000 | O95: =L95+M95+N95 -> 1493047 | P95: 0 | S95: =P95+Q95+R95 -> 0 | T95: =O95+S95 -> 1493047 | U95: 482290 | V95: 1308745 | W95: 539000 | X95: =SUM(U95:W95) -> 2330035 | Y95: 0 | AB95: =Y95+Z95+AA95 -> 0 | AC95: =X95+AB95 -> 2330035 | AD95: 474397 | AE95: 1458606 | AF95: 304000 | AG95: =SUM(AD95:AF95) -> 2237003 | AH95: 0 | AK95: =AH95+AI95+AJ95 -> 0 | AL95: =AG95+AK95 -> 2237003 | AM95: 505004 | AN95: 1458606 | AO95: 304000 | AP95: =SUM(AM95:AO95) -> 2267610 | AQ95: 0 | AT95: =AQ95+AR95+AS95 -> 0 | AU95: =AP95+AT95 -> 2267610 | AV95: 528876 | AW95: 1458606 | AX95: 304000 | AY95: =AV95+AW95+AX95 -> 2291482 | AZ95: 0 | BA95: 0 | BB95: 0 | BC95: =AZ95+BA95+BB95 -> 0 | BD95: =AY95+BC95 -> 2291482
A96: 091 | B96: Sport | C96: 169100 | D96: 690300 | E96: 4850900 | F96: =SUM(C96:E96) -> 5710300 | G96: 25109900 | H96: 0 | I96: 0 | J96: =G96+H96+I96 -> 25109900 | K96: =F96+J96 -> 30820200 | L96: 510588.17 | M96: 715732.06 | N96: 4500050.8 | O96: =L96+M96+N96 -> 5726371 | P96: 23042999 | R96: 0 | S96: =P96+Q96+R96 -> 23042999 | T96: =O96+S96 -> 28769370 | U96: 427690 | V96: 863030 | W96: 3996055 | X96: =SUM(U96:W96) -> 5286775 | Y96: 32383378 | AA96: 0 | AB96: =Y96+Z96+AA96 -> 32383378 | AC96: =X96+AB96 -> 37670153 | AD96: 398569 | AE96: 966857 | AF96: 4052055 | AG96: =SUM(AD96:AF96) -> 5417481 | AH96: 23423409 | AJ96: 0 | AK96: =AH96+AI96+AJ96 -> 23423409 | AL96: =AG96+AK96 -> 28840890 | AM96: 426527 | AN96: 966857 | AO96: 4052055 | AP96: =SUM(AM96:AO96) -> 5445439 | AQ96: =2413215+30851121 -> 33264336 | AS96: 0 | AT96: =AQ96+AR96+AS96 -> 33264336 | AU96: =AP96+AT96 -> 38709775 | AV96: 448332 | AW96: 966857 | AX96: 4052055 | AY96: =AV96+AW96+AX96 -> 5467244 | AZ96: =2464215+35117185 -> 37581400 | BA96: 0 | BB96: 0 | BC96: =AZ96+BA96+BB96 -> 37581400 | BD96: =AY96+BC96 -> 43048644
A97: 092 | B97: Jeunesse et Loisirs | C97: 5100 | D97: 66800 | E97: 683500 | F97: =SUM(C97:E97) -> 755400 | G97: 170000 | H97: 0 | I97: 0 | J97: =G97+H97+I97 -> 170000 | K97: =F97+J97 -> 925400 | L97: 22474.746 | M97: 53333 | N97: 416500 | O97: =L97+M97+N97 -> 492307.75 | P97: 470000 | Q97: 0 | S97: =P97+Q97+R97 -> 470000 | T97: =O97+S97 -> 962307.75 | U97: 32272 | V97: 77495 | W97: 192000 | X97: =SUM(U97:W97) -> 301767 | Y97: 500000 | Z97: 0 | AB97: =Y97+Z97+AA97 -> 500000 | AC97: =X97+AB97 -> 801767 | AD97: 42592 | AE97: 150407 | AF97: 44400 | AG97: =SUM(AD97:AF97) -> 237399 | AH97: 500000 | AI97: 0 | AK97: =AH97+AI97+AJ97 -> 500000 | AL97: =AG97+AK97 -> 737399 | AM97: 45572 | AN97: 150407 | AO97: 44400 | AP97: =SUM(AM97:AO97) -> 240379 | AQ97: 500000 | AR97: 0 | AT97: =AQ97+AR97+AS97 -> 500000 | AU97: =AP97+AT97 -> 740379 | AV97: 47896 | AW97: 150407 | AX97: 44400 | AY97: =AV97+AW97+AX97 -> 242703 | AZ97: 500000 | BA97: 0 | BB97: 0 | BC97: =AZ97+BA97+BB97 -> 500000 | BD97: =AY97+BC97 -> 742703
A98: 117 | B98: Fonds de développement du sport | O98: =L98+M98+N98 -> 0 | S98: =P98+Q98+R98 -> 0 | T98: =O98+S98 -> 0 | U98: 0 | V98: 0 | W98: 3000000 | X98: =SUM(U98:W98) -> 3000000 | Y98: 0 | Z98: 0 | AA98: 0 | AB98: 0 | AC98: =X98+AB98 -> 3000000 | AD98: 0 | AE98: 0 | AF98: 3000000 | AG98: =SUM(AD98:AF98) -> 3000000 | AH98: 0 | AI98: 0 | AJ98: 0 | AK98: 0 | AL98: =AG98+AK98 -> 3000000 | AM98: 0 | AO98: 3000000 | AP98: =SUM(AM98:AO98) -> 3000000 | AU98: =AP98+AT98 -> 3000000 | AV98: 0 | AW98: 0 | AX98: 3000000 | AY98: =AV98+AW98+AX98 -> 3000000 | BC98: =AZ98+BA98+BB98 -> 0 | BD98: =AY98+BC98 -> 3000000
A99: MINISTERE DE LA DEFENSE NATIONALE | C99: =C100+C101+C102 -> 37503896 | D99: =D100+D101+D102 -> 9804652.4 | E99: =E100+E101+E102 -> 486991.24 | F99: =C99+D99+E99 -> 47795539 | G99: =G100+G101+G102 -> 54775908 | H99: =H100+H101+H102 -> 0 | I99: =I100+I101+I102 -> 8000000 | J99: =G99+H99 -> 54775908 | K99: =K100+K101+K102 -> 1.055945e+08 | L99: =L100+L101+L102 -> 50492409 | M99: =M100+M101+M102 -> 18817275 | N99: =N100+N101+N102 -> 456000 | O99: =L99+M99+N99 -> 69765684 | P99: =P100+P101+P102 -> 16264238 | Q99: =Q100+Q101+Q102 -> 0 | R99: =R100+R101+R102 -> 0 | S99: =P99+Q99+R99 -> 16264238 | T99: =T100+T101+T102 -> 90413011 | U99: =U100+U101+U102 -> 53529725 | V99: =V100+V101+V102 -> 20932384 | W99: =W100+W101+W102 -> 750000 | X99: =U99+V99+W99 -> 75212109 | Y99: =Y100+Y101+Y102 -> 18239984 | Z99: =Z100+Z101+Z102 -> 0 | AA99: =AA100+AA101+AA102 -> 8000000 | AB99: =Y99+Z99+AA99 -> 26239984 | AC99: =X99+AB99 -> 101452093 | AD99: =AD100+AD101+AD102 -> 60711122 | AE99: =AE100+AE101+AE102 -> 42369185 | AF99: =AF100+AF101+AF102 -> 1313200 | AG99: =AD99+AE99+AF99 -> 104393507 | AH99: =AH100+AH101+AH102 -> 21737228 | AI99: =AI100+AI101+AI102 -> 0 | AJ99: =AJ100+AJ101+AJ102 -> 0 | AK99: =SUM(AH99:AJ99) -> 21737228 | AL99: =AG99+AK99 -> 126130735 | AM99: =AM100+AM101+AM102 -> 65206248 | AN99: =AN100+AN101+AN102 -> 42369185 | AO99: =AO100+AO101+AO102 -> 1313200 | AP99: =AM99+AN99+AO99 -> 108888633 | AQ99: =AQ100+AQ101+AQ102 -> 21522373 | AR99: =AR100+AR101+AR102 -> 0 | AS99: =AS100+AS101+AS102 -> 0 | AT99: =AQ99+AR99+AS99 -> 21522373 | AU99: =AP99+AT99 -> 130411006 | AV99: =AV100+AV101+AV102 -> 69443272 | AW99: =AW100+AW101+AW102 -> 42369184 | AX99: =AX100+AX101+AX102 -> 1313200 | AY99: =AV99+AW99+AX99 -> 113125656 | AZ99: =AZ100+AZ101+AZ102 -> 24013737 | BA99: =BA100+BA101+BA102 -> 0 | BB99: =BB100+BB101+BB102 -> 0 | BC99: =AZ99+BA99+BB99 -> 24013737 | BD99: =AY99+BC99 -> 137139393
A100: 048 | B100: Pilotage et soutien aux services du MDN | C100: 81092.476 | D100: 5436327 | E100: 269991.24 | F100: =SUM(C100:E100) -> 5787410.7 | G100: 226760.97 | H100: 0 | I100: 0 | J100: =G100+H100+I100 -> 226760.97 | K100: =F100+J100 -> 6014171.7 | L100: 227512.88 | M100: 1277024 | N100: 130000 | O100: =L100+M100+N100 -> 1634536.8 | P100: 16264238 | S100: =P100+Q100+R100 -> 16264238 | T100: =O100+S100 -> 17898774 | U100: 1197969 | V100: 1675516 | W100: 170000 | X100: =U100+V100+W100 -> 3043485 | Y100: 18239984 | AB100: =Y100+Z100+AA100 -> 18239984 | AC100: =X100+AB100 -> 21283469 | AD100: 500000 | AE100: 1603849 | AF100: 241668 | AG100: =AD100+AE100+AF100 -> 2345517 | AH100: 21737228 | AK100: =AH100+AI100+AJ100 -> 21737228 | AL100: =AG100+AK100 -> 24082745 | AM100: 500000 | AN100: 1603848 | AO100: 241668 | AP100: =AM100+AN100+AO100 -> 2345516 | AQ100: 21522373 | AT100: =AQ100+AR100+AS100 -> 21522373 | AU100: =AP100+AT100 -> 23867889 | AV100: 500000 | AW100: 1603848 | AX100: 241668 | AY100: =AV100+AW100+AX100 -> 2345516 | AZ100: 24013737 | BC100: =AZ100+BA100+BB100 -> 24013737 | BD100: =AY100+BC100 -> 26359253
A101: 049 | B101: Protection du territoire national et participation aux opérations militaires | C101: 37422803 | D101: 4368325.4 | E101: 217000 | F101: =SUM(C101:E101) -> 42008129 | G101: 54549147 | H101: 0 | I101: 0 | J101: =G101+H101+I101 -> 54549147 | K101: =F101+J101 -> 96557276 | L101: 50264896 | M101: 17540251 | N101: 326000 | O101: =L101+M101+N101 -> 68131147 | P101: 0 | Q101: 0 | R101: 0 | S101: =P101+Q101+R101 -> 0 | T101: =O101+S101 -> 68131147 | U101: 52331756 | V101: 19256868 | W101: 580000 | X101: =U101+V101+W101 -> 72168624 | Y101: 0 | Z101: 0 | AA101: 0 | AB101: =Y101+Z101+AA101 -> 0 | AC101: =X101+AB101 -> 72168624 | AD101: 59211122 | AE101: 33765336 | AF101: 1071532 | AG101: =AD101+AE101+AF101 -> 94047990 | AH101: 0 | AI101: 0 | AJ101: 0 | AK101: =AH101+AI101+AJ101 -> 0 | AL101: =AG101+AK101 -> 94047990 | AM101: 63706248 | AN101: 33765337 | AO101: 1071532 | AP101: =AM101+AN101+AO101 -> 98543117 | AQ101: 0 | AR101: 0 | AS101: 0 | AT101: =AQ101+AR101+AS101 -> 0 | AU101: =AP101+AT101 -> 98543117 | AV101: 67943272 | AW101: 33765336 | AX101: 1071532 | AY101: =AV101+AW101+AX101 -> 102780140 | AZ101: 0 | BA101: 0 | BB101: 0 | BC101: =AZ101+BA101+BB101 -> 0 | BD101: =AY101+BC101 -> 102780140
...

Sheet Classif Fonctionnelle
G4: 2022 | N4: 2023 | U4: 2024 | AB4: 2025 | AI4: 2026 | AP4: 2027
A6: N° | B6: FONCTIONS | G6: DEPENSES ORDINAIRES | J6: DEPENSES EN CAPITAL | L6: TOTAL FONCTION | M6: Poids | N6: DEPENSES ORDINAIRES | Q6: DEPENSES EN CAPITAL | S6: TOTAL FONCTION | T6: Poids | U6: DEPENSES ORDINAIRES | X6: DEPENSES EN CAPITAL | Z6: TOTAL FONCTION | AA6: Poids | AB6: DEPENSES ORDINAIRES | AE6: DEPENSES EN CAPITAL | AG6: TOTAL FONCTION | AH6: Poids | AI6: DEPENSES ORDINAIRES | AL6: DEPENSES EN CAPITAL | AN6: TOTAL FONCTION | AO6: Poids | AP6: DEPENSES ORDINAIRES | AS6: DEPENSES EN CAPITAL | AU6: TOTAL FONCTION | AV6: Poids | AW6: Observations
G7: DEPENSES DE PERSONNEL | H7: ACHATS DE BIENS ET SERVICES | I7: AUTRES TRANSFERTS COURANTS | J7: FINANCEMENT INTERIEUR | K7: FINANCEMENT EXTERIEUR | N7: DEPENSES DE PERSONNEL | O7: ACHATS DE BIENS ET SERVICES | P7: AUTRES TRANSFERTS COURANTS | Q7: FINANCEMENT INTERIEUR | R7: FINANCEMENT EXTERIEUR | U7: DEPENSES DE PERSONNEL | V7: DEPENSES D'ACQUISITION DE BIENS ET SERVICES | W7: AUTRES TRANSFERTS COURANTS | X7: FINANCEMENT INTERIEUR | Y7: FINANCEMENT EXTERIEUR | AB7: DEPENSES DE PERSONNEL | AC7: ACHATS DE BIENS ET SERVICES | AD7: AUTRES TRANSFERTS COURANTS | AE7: FINANCEMENT INTERIEUR | AF7: FINANCEMENT EXTERIEUR | AI7: DEPENSES DE PERSONNEL | AJ7: ACHATS DE BIENS ET SERVICES | AK7: AUTRES TRANSFERTS COURANTS | AL7: FINANCEMENT INTERIEUR | AM7: FINANCEMENT EXTERIEUR | AP7: DEPENSES DE PERSONNEL | AQ7: ACHATS DE BIENS ET SERVICES | AR7: AUTRES TRANSFERTS COURANTS | AS7: FINANCEMENT INTERIEUR | AT7: FINANCEMENT EXTERIEUR
A8: 01 | B8: Services Généraux des Administrations publiques | G8: ='[1]Classification fonct-économique'!$Z$4 -> 86302826 | H8: ='[1]Classification fonct-économique'!$AA$4 -> 72680267 | I8: ='[1]Classification fonct-économique'!$AB$4 -> 30126668 | J8: ='[1]Classification fonct-économique'!$AC$4 -> 25994533 | K8: ='[1]Classification fonct-économique'!$AD$4 -> 14541245 | L8: 413895080 | M8: =L8/$Z$19 -> 0.16220366 | N8: ='Classif Prog-Admin-Eco'!L7+'Classif Prog-Admin-Eco'!L16+'Classif Prog-Admin-Eco'!L40+'Classif Prog-Admin-Eco'!L44+'Classif Prog-Admin-Eco'!L126+'Classif Prog-Admin-Eco'!L127+'Classif Prog-Admin-Eco'!L128+'Classif Prog-Admin-Eco'!L129+'Classif Prog-Admin-Eco'!L130+'Classif Prog-Admin-Eco'!L131+'Classif Prog-Admin-Eco'!L132+'Classif Prog-Admin-Eco'!L133+'Classif Prog-Admin-Eco'!L134+'Classif Prog-Admin-Eco'!L135+'Classif Prog-Admin-Eco'!L136+'Classif Prog-Admin-Eco'!L138 -> 72991013 | O8: ='Classif Prog-Admin-Eco'!M7+'Classif Prog-Admin-Eco'!M16+'Classif Prog-Admin-Eco'!M40+'Classif Prog-Admin-Eco'!M44+'Classif Prog-Admin-Eco'!M126+'Classif Prog-Admin-Eco'!M127+'Classif Prog-Admin-Eco'!M128+'Classif Prog-Admin-Eco'!M129+'Classif Prog-Admin-Eco'!M130+'Classif Prog-Admin-Eco'!M131+'Classif Prog-Admin-Eco'!M132+'Classif Prog-Admin-Eco'!M133+'Classif Prog-Admin-Eco'!M134+'Classif Prog-Admin-Eco'!M135+'Classif Prog-Admin-Eco'!M136+'Classif Prog-Admin-Eco'!M137+'Classif Prog-Admin-Eco'!M138 -> 42778869 | P8: ='[3]Regroupement par fonction'!$AB$4 -> 3.5043894e+08 | Q8: ='[3]Regroupement par fonction'!$AC$4 -> 28878270 | R8: ='[3]Regroupement par fonction'!$AD$4 -> 12684375 | S8: =N8+O8+P8+Q8+R8+'Classif Prog-Admin-Eco'!L138 -> 5.4078392e+08 | T8: =S8/$AG$19 -> 0.19463028 | U8: 114011028 | V8: 49891199 | W8: 318030344 | X8: 26100829 | Y8: 11393353 | Z8: =U8+V8+W8+X8+Y8+'Classif Prog-Admin-Eco'!X139 -> 520023332 | AA8: =Z8/$AG$19 -> 0.18715846 | AB8: ='Classif Prog-Admin-Eco'!AD7+'Classif Prog-Admin-Eco'!AD16+'Classif Prog-Admin-Eco'!AD40+'Classif Prog-Admin-Eco'!AD44+'Classif Prog-Admin-Eco'!AD126+'Classif Prog-Admin-Eco'!AD127+'Classif Prog-Admin-Eco'!AD128+'Classif Prog-Admin-Eco'!AD129+'Classif Prog-Admin-Eco'!AD130+'Classif Prog-Admin-Eco'!AD131+'Classif Prog-Admin-Eco'!AD132+'Classif Prog-Admin-Eco'!AD133+'Classif Prog-Admin-Eco'!AD134+'Classif Prog-Admin-Eco'!AD135+'Classif Prog-Admin-Eco'!AD136+'Classif Prog-Admin-Eco'!AD138 -> 121579086 | AC8: ='Classif Prog-Admin-Eco'!AE7+'Classif Prog-Admin-Eco'!AE16+'Classif Prog-Admin-Eco'!AE40+'Classif Prog-Admin-Eco'!AE44+'Classif Prog-Admin-Eco'!AE126+'Classif Prog-Admin-Eco'!AE127+'Classif Prog-Admin-Eco'!AE128+'Classif Prog-Admin-Eco'!AE129+'Classif Prog-Admin-Eco'!AE130+'Classif Prog-Admin-Eco'!AE131+'Classif Prog-Admin-Eco'!AE132+'Classif Prog-Admin-Eco'!AE133+'Classif Prog-Admin-Eco'!AE134+'Classif Prog-Admin-Eco'!AE135+'Classif Prog-Admin-Eco'!AE136+'Classif Prog-Admin-Eco'!AE138 -> 56799811 | AD8: ='Classif Prog-Admin-Eco'!AF7+'Classif Prog-Admin-Eco'!AF16+'Classif Prog-Admin-Eco'!AF40+'Classif Prog-Admin-Eco'!AF44+'Classif Prog-Admin-Eco'!AF126+'Classif Prog-Admin-Eco'!AF127+'Classif Prog-Admin-Eco'!AF128+'Classif Prog-Admin-Eco'!AF129+'Classif Prog-Admin-Eco'!AF130+'Classif Prog-Admin-Eco'!AF131+'Classif Prog-Admin-Eco'!AF132+'Classif Prog-Admin-Eco'!AF133+'Classif Prog-Admin-Eco'!AF134+'Classif Prog-Admin-Eco'!AF135+'Classif Prog-Admin-Eco'!AF136+'Classif Prog-Admin-Eco'!AF137+'Classif Prog-Admin-Eco'!AF138 -> 358801607 | AE8: ='Classif Prog-Admin-Eco'!AH7+'Classif Prog-Admin-Eco'!AH16+'Classif Prog-Admin-Eco'!AH40+'Classif Prog-Admin-Eco'!AH44+'Classif Prog-Admin-Eco'!AH126+'Classif Prog-Admin-Eco'!AH136 -> 26627232 | AF8: ='Classif Prog-Admin-Eco'!AI40+'Classif Prog-Admin-Eco'!AI125+'Classif Prog-Admin-Eco'!AJ125 -> 22667587 | AG8: =AB8+AC8+AD8+AE8+AF8+'Classif Prog-Admin-Eco'!AG139 -> 587120523 | AH8: =AG8/$AN$19 -> 0.19423711 | AI8: ='Classif Prog-Admin-Eco'!AM7+'Classif Prog-Admin-Eco'!AM16+'Classif Prog-Admin-Eco'!AM40+'Classif Prog-Admin-Eco'!AM44+'Classif Prog-Admin-Eco'!AM125 -> 130202754 | AJ8: ='Classif Prog-Admin-Eco'!AN7+'Classif Prog-Admin-Eco'!AN16+'Classif Prog-Admin-Eco'!AN40+'Classif Prog-Admin-Eco'!AN44+'Classif Prog-Admin-Eco'!AN125 -> 62217492 | AK8: ='Classif Prog-Admin-Eco'!AO7+'Classif Prog-Admin-Eco'!AO16+'Classif Prog-Admin-Eco'!AO40+'Classif Prog-Admin-Eco'!AO44+'Classif Prog-Admin-Eco'!AO125 -> 371816070 | AL8: ='Classif Prog-Admin-Eco'!AQ7+'Classif Prog-Admin-Eco'!AQ16+'Classif Prog-Admin-Eco'!AQ40+'Classif Prog-Admin-Eco'!AQ44+'Classif Prog-Admin-Eco'!AQ126+'Classif Prog-Admin-Eco'!AQ136 -> 37389829 | AM8: ='Classif Prog-Admin-Eco'!AR125+'Classif Prog-Admin-Eco'!AS125 -> 10862032 | AN8: =AI8+AJ8+AK8+AL8+AM8+'Classif Prog-Admin-Eco'!AU139 -> 613133377 | AO8: =AN8/$AU$19 -> 0.18468429 | AP8: ='Classif Prog-Admin-Eco'!AV7+'Classif Prog-Admin-Eco'!AV16+'Classif Prog-Admin-Eco'!AV40+'Classif Prog-Admin-Eco'!AV44+'Classif Prog-Admin-Eco'!AV125 -> 140298453 | AQ8: ='Classif Prog-Admin-Eco'!AW7+'Classif Prog-Admin-Eco'!AW16+'Classif Prog-Admin-Eco'!AW40+'Classif Prog-Admin-Eco'!AW44+'Classif Prog-Admin-Eco'!AW125 -> 74747092 | AR8: ='Classif Prog-Admin-Eco'!AX7+'Classif Prog-Admin-Eco'!AX16+'Classif Prog-Admin-Eco'!AX40+'Classif Prog-Admin-Eco'!AX44+'Classif Prog-Admin-Eco'!AX125 -> 414428470 | AS8: ='Classif Prog-Admin-Eco'!AZ7+'Classif Prog-Admin-Eco'!AZ16+'Classif Prog-Admin-Eco'!AZ40+'Classif Prog-Admin-Eco'!AZ44+'Classif Prog-Admin-Eco'!AZ125 -> 44022311 | AT8: ='Classif Prog-Admin-Eco'!BA125+'Classif Prog-Admin-Eco'!BB125 -> 5534032 | AU8: =SUM(AP8:AT8)+'Classif Prog-Admin-Eco'!BD139 -> 679675558 | AV8: =AU8/$AU$19 -> 0.20472772 | AW8: MDC, MAEC, MDGL, MTFP, AN, CC, CS, CES, HAC, HCJ, MR, CENA, CBDH, APDP, PR, Dépenses d'intervention publique accidentelle et imprévisible, Cour des Comptes et Dotations pour les crédits destinés à couvrir les défauts de remboursement ou les appels en garanties intervenues sur les comptes d'avances, de prêts, d'aval et de garanties
A9: 02 | B9: Defense | G9: ='[1]Classification fonct-économique'!$Z$12 -> 37503896 | H9: ='[1]Classification fonct-économique'!$AA$12 -> 9804652.4 | I9: ='[1]Classification fonct-économique'!$AB$12 -> 48699.124 | J9: ='[1]Classification fonct-économique'!$AC$12 -> 54775908 | K9: ='[1]Classification fonct-économique'!$AD$12 -> 0 | L9: =G9+H9+I9+J9+K9 -> 1.0213316e+08 | M9: =L9/$Z$19 -> 0.040025534 | N9: ='[3]Regroupement par fonction'!$Z$5 -> 50492409 | O9: ='[3]Regroupement par fonction'!$AA$5 -> 18817275 | P9: ='[3]Regroupement par fonction'!$AB$5 -> 456000 | Q9: ='[3]Regroupement par fonction'!$AC$5 -> 16264238 | R9: ='[3]Regroupement par fonction'!$AD$5 -> 0 | S9: =N9+O9+P9+Q9+R9+'Classif Prog-Admin-Eco'!T102 -> 90413011 | T9: =S9/$AG$19 -> 0.032540001 | U9: 53529725 | V9: 20932385 | W9: 750000 | X9: 18239984 | Y9: 8000000 | Z9: =U9+V9+W9+X9+Y9 -> 101452094 | AA9: =Z9/$AG$19 -> 0.036513011 | AB9: ='Classif Prog-Admin-Eco'!AD99 -> 60711122 | AC9: ='Classif Prog-Admin-Eco'!AE99 -> 42369185 | AD9: ='Classif Prog-Admin-Eco'!AF99 -> 1313200 | AE9: ='Classif Prog-Admin-Eco'!AH99 -> 21737228 | AF9: ='Classif Prog-Admin-Eco'!AJ99 -> 0 | AG9: =AB9+AC9+AD9+AE9+AF9 -> 126130735 | AH9: =AG9/$AN$19 -> 0.041727838 | AI9: ='Classif Prog-Admin-Eco'!AM99 -> 65206248 | AJ9: ='Classif Prog-Admin-Eco'!AN99 -> 42369185 | AK9: ='Classif Prog-Admin-Eco'!AO99 -> 1313200 | AL9: ='Classif Prog-Admin-Eco'!AQ99 -> 21522373 | AM9: ='Classif Prog-Admin-Eco'!AS99 -> 0 | AN9: =AI9+AJ9+AK9+AL9+AM9 -> 130411006 | AO9: =AN9/$AU$19 -> 0.039281607 | AP9: ='Classif Prog-Admin-Eco'!AV99 -> 69443272 | AQ9: ='Classif Prog-Admin-Eco'!AW99 -> 42369184 | AR9: ='Classif Prog-Admin-Eco'!AX99 -> 1313200 | AS9: ='Classif Prog-Admin-Eco'!AZ99 -> 24013737 | AT9: ='Classif Prog-Admin-Eco'!BB99 -> 0 | AU9: =AP9+AQ9+AR9+AS9+AT9 -> 137139393 | AV9: =AU9/$AU$19 -> 0.04130829 | AW9: MDN, Compte OME
A10: 03 | B10: Ordre et Sécurité Publique | G10: ='[1]Classification fonct-économique'!$Z$10 -> 43725970 | H10: ='[1]Classification fonct-économique'!$AA$10 -> 11336852 | I10: ='[1]Classification fonct-économique'!$AB$10 -> 1153385.8 | J10: ='[1]Classification fonct-économique'!$AC$10 -> 7145248.2 | K10: ='[1]Classification fonct-économique'!$AD$10 -> 0 | L10: =G10+H10+I10+J10+K10 -> 63361456 | M10: =L10/$Z$19 -> 0.024831076 | N10: ='Classif Prog-Admin-Eco'!L10+'Classif Prog-Admin-Eco'!L29 -> 55488371 | O10: ='[3]Regroupement par fonction'!$AA$6 -> 9503559.8 | P10: ='[3]Regroupement par fonction'!$AB$6 -> 11712790 | Q10: ='[3]Regroupement par fonction'!$AC$6 -> 11176116 | R10: 0 | S10: =N10+O10+P10+Q10+R10 -> 87880837 | T10: =S10/$AG$19 -> 0.031628661 | U10: 65910849 | V10: 13347204 | W10: 10887981 | X10: 23330000 | Y10: ='Classif Prog-Admin-Eco'!AI10+'Classif Prog-Admin-Eco'!AI29 -> 0 | Z10: =U10+V10+W10+X10+Y10 -> 113476034 | AA10: =Z10/$AG$19 -> 0.040840474 | AB10: ='Classif Prog-Admin-Eco'!AD10+'Classif Prog-Admin-Eco'!AD29 -> 68542405 | AC10: ='Classif Prog-Admin-Eco'!AE10+'Classif Prog-Admin-Eco'!AE29 -> 12483095 | AD10: ='Classif Prog-Admin-Eco'!AF10+'Classif Prog-Admin-Eco'!AF29 -> 12652090 | AE10: ='Classif Prog-Admin-Eco'!AH10+'Classif Prog-Admin-Eco'!AH29 -> 19820000 | AF10: ='Classif Prog-Admin-Eco'!AI10+'Classif Prog-Admin-Eco'!AI29 -> 0 | AG10: =AB10+AC10+AD10+AE10+AF10 -> 113497590 | AH10: =AG10/$AN$19 -> 0.037548414 | AI10: ='Classif Prog-Admin-Eco'!AM10+'Classif Prog-Admin-Eco'!AM29 -> 76491380 | AJ10: ='Classif Prog-Admin-Eco'!AN10+'Classif Prog-Admin-Eco'!AN29 -> 12483095 | AK10: ='Classif Prog-Admin-Eco'!AO10+'Classif Prog-Admin-Eco'!AO29 -> 12652090 | AL10: ='Classif Prog-Admin-Eco'!AQ10+'Classif Prog-Admin-Eco'!AQ29 -> 25550000 | AM10: ='Classif Prog-Admin-Eco'!AR29 -> 0 | AN10: =AI10+AJ10+AK10+AL10+AM10 -> 127176565 | AO10: =AN10/$AU$19 -> 0.038307348 | AP10: ='Classif Prog-Admin-Eco'!AV10+'Classif Prog-Admin-Eco'!AV29 -> 82542771 | AQ10: ='Classif Prog-Admin-Eco'!AW10+'Classif Prog-Admin-Eco'!AW29 -> 12483095 | AR10: ='Classif Prog-Admin-Eco'!AX10+'Classif Prog-Admin-Eco'!AX29 -> 12652090 | AS10: ='Classif Prog-Admin-Eco'!AZ10+'Classif Prog-Admin-Eco'!AZ29 -> 19687000 | AT10: ='Classif Prog-Admin-Eco'!BB10 -> 0 | AU10: =AP10+AQ10+AR10+AS10+AT10 -> 127364956 | AV10: =AU10/$AU$19 -> 0.038364094 | AW10: MJL, MISP
A11: 04 | B11: Affaires économiques | G11: ='[1]Classification fonct-économique'!$Z$5 -> 24565704 | H11: ='[1]Classification fonct-économique'!$AA$5 -> 14624641 | I11: ='[1]Classification fonct-économique'!$AB$5 -> 3064110.1 | J11: 204172939 | K11: ='[1]Classification fonct-économique'!$AD$5 -> 1.3080697e+08 | L11: =G11+H11+I11+J11+K11 -> 3.7723436e+08 | M11: =L11/$Z$19 -> 0.14783649 | N11: ='[3]Regroupement par fonction'!$Z$7 -> 34572783 | O11: ='[3]Regroupement par fonction'!$AA$7 -> 17174712 | P11: ='[3]Regroupement par fonction'!$AB$7 -> 36090038 | Q11: ='[3]Regroupement par fonction'!$AC$7 -> 1.98803e+08 | R11: ='[3]Regroupement par fonction'!$AD$7 -> 2.2920836e+08 | S11: =N11+O11+P11+Q11+R11+'Classif Prog-Admin-Eco'!T140 -> 7.060772e+08 | T11: =S11/$AG$19 -> 0.25411998 | U11: 35825986 | V11: 27483451 | W11: 51929218 | X11: 166705901 | Y11: 129848216 | Z11: =U11+V11+W11+X11+Y11+'Classif Prog-Admin-Eco'!X140 -> 621796193 | AA11: =Z11/$AG$19 -> 0.22378691 | AB11: ='Classif Prog-Admin-Eco'!AD21+'Classif Prog-Admin-Eco'!AD22+'Classif Prog-Admin-Eco'!AD23+'Classif Prog-Admin-Eco'!AD24+'Classif Prog-Admin-Eco'!AD25+'Classif Prog-Admin-Eco'!AD35+'Classif Prog-Admin-Eco'!AD67+'Classif Prog-Admin-Eco'!AD80+'Classif Prog-Admin-Eco'!AD92+'Classif Prog-Admin-Eco'!AD107+'Classif Prog-Admin-Eco'!AD114 -> 36609711 | AC11: ='Classif Prog-Admin-Eco'!AE21+'Classif Prog-Admin-Eco'!AE22+'Classif Prog-Admin-Eco'!AE23+'Classif Prog-Admin-Eco'!AE24+'Classif Prog-Admin-Eco'!AE25+'Classif Prog-Admin-Eco'!AE35+'Classif Prog-Admin-Eco'!AE67+'Classif Prog-Admin-Eco'!AE80+'Classif Prog-Admin-Eco'!AE92+'Classif Prog-Admin-Eco'!AE107+'Classif Prog-Admin-Eco'!AE114 -> 28142921 | AD11: ='Classif Prog-Admin-Eco'!AF21+'Classif Prog-Admin-Eco'!AF22+'Classif Prog-Admin-Eco'!AF23+'Classif Prog-Admin-Eco'!AF24+'Classif Prog-Admin-Eco'!AF25+'Classif Prog-Admin-Eco'!AF35+'Classif Prog-Admin-Eco'!AF67+'Classif Prog-Admin-Eco'!AF80+'Classif Prog-Admin-Eco'!AF92+'Classif Prog-Admin-Eco'!AF107+'Classif Prog-Admin-Eco'!AF114+'Classif Prog-Admin-Eco'!AF28 -> 73944312 | AE11: ='Classif Prog-Admin-Eco'!AH20+'Classif Prog-Admin-Eco'!AH35+'Classif Prog-Admin-Eco'!AH67+'Classif Prog-Admin-Eco'!AH80+'Classif Prog-Admin-Eco'!AH92+'Classif Prog-Admin-Eco'!AH107+'Classif Prog-Admin-Eco'!AH114 -> 176470312 | AF11: ='Classif Prog-Admin-Eco'!AI20+'Classif Prog-Admin-Eco'!AJ20+'Classif Prog-Admin-Eco'!AI35+'Classif Prog-Admin-Eco'!AJ35+'Classif Prog-Admin-Eco'!AJ67+'Classif Prog-Admin-Eco'!AI92+'Classif Prog-Admin-Eco'!AJ92+'Classif Prog-Admin-Eco'!AI107+'Classif Prog-Admin-Eco'!AJ107+'Classif Prog-Admin-Eco'!AI114+'Classif Prog-Admin-Eco'!AJ114 -> 1.916009e+08 | AG11: =AB11+AC11+AD11+AE11+AF11+'Classif Prog-Admin-Eco'!AG140 -> 7.4512295e+08 | AH11: =AG11/$AN$19 -> 0.24650907 | AI11: ='Classif Prog-Admin-Eco'!AM21+'Classif Prog-Admin-Eco'!AM22+'Classif Prog-Admin-Eco'!AM23+'Classif Prog-Admin-Eco'!AM24+'Classif Prog-Admin-Eco'!AM25+'Classif Prog-Admin-Eco'!AM35+'Classif Prog-Admin-Eco'!AM67+'Classif Prog-Admin-Eco'!AM80+'Classif Prog-Admin-Eco'!AM92+'Classif Prog-Admin-Eco'!AM107+'Classif Prog-Admin-Eco'!AM114 -> 39044381 | AJ11: ='Classif Prog-Admin-Eco'!AN21+'Classif Prog-Admin-Eco'!AN22+'Classif Prog-Admin-Eco'!AN23+'Classif Prog-Admin-Eco'!AN24+'Classif Prog-Admin-Eco'!AN25+'Classif Prog-Admin-Eco'!AN35+'Classif Prog-Admin-Eco'!AN67+'Classif Prog-Admin-Eco'!AN80+'Classif Prog-Admin-Eco'!AN92+'Classif Prog-Admin-Eco'!AN107+'Classif Prog-Admin-Eco'!AN114 -> 28182299 | AK11: ='Classif Prog-Admin-Eco'!AO21+'Classif Prog-Admin-Eco'!AO22+'Classif Prog-Admin-Eco'!AO23+'Classif Prog-Admin-Eco'!AO25+'Classif Prog-Admin-Eco'!AO28+'Classif Prog-Admin-Eco'!AO35+'Classif Prog-Admin-Eco'!AO67+'Classif Prog-Admin-Eco'!AO80+'Classif Prog-Admin-Eco'!AO92+'Classif Prog-Admin-Eco'!AO107+'Classif Prog-Admin-Eco'!AO114 -> 73898035 | AL11: ='Classif Prog-Admin-Eco'!AQ20+'Classif Prog-Admin-Eco'!AQ35+'Classif Prog-Admin-Eco'!AQ67+'Classif Prog-Admin-Eco'!AQ80+'Classif Prog-Admin-Eco'!AQ92+'Classif Prog-Admin-Eco'!AQ114 -> 211405057 | AM11: ='Classif Prog-Admin-Eco'!AR20+'Classif Prog-Admin-Eco'!AS20+'Classif Prog-Admin-Eco'!AR35+'Classif Prog-Admin-Eco'!AS35+'Classif Prog-Admin-Eco'!AS67+'Classif Prog-Admin-Eco'!AR92+'Classif Prog-Admin-Eco'!AS92+'Classif Prog-Admin-Eco'!AR107+'Classif Prog-Admin-Eco'!AS107+'Classif Prog-Admin-Eco'!AR114+'Classif Prog-Admin-Eco'!AS114 -> 137424426 | AN11: =AI11+AJ11+AK11+AL11+AM11+'Classif Prog-Admin-Eco'!AU140 -> 751708998 | AO11: =AN11/$AU$19 -> 0.22642519 | AP11: ='Classif Prog-Admin-Eco'!AV21+'Classif Prog-Admin-Eco'!AV22+'Classif Prog-Admin-Eco'!AV23+'Classif Prog-Admin-Eco'!AV24+'Classif Prog-Admin-Eco'!AV25+'Classif Prog-Admin-Eco'!AV35+'Classif Prog-Admin-Eco'!AV67+'Classif Prog-Admin-Eco'!AV80+'Classif Prog-Admin-Eco'!AV92+'Classif Prog-Admin-Eco'!AV107+'Classif Prog-Admin-Eco'!AV114 -> 41092695 | AQ11: ='Classif Prog-Admin-Eco'!AW21+'Classif Prog-Admin-Eco'!AW22+'Classif Prog-Admin-Eco'!AW23+'Classif Prog-Admin-Eco'!AW24+'Classif Prog-Admin-Eco'!AW25+'Classif Prog-Admin-Eco'!AW35+'Classif Prog-Admin-Eco'!AW67+'Classif Prog-Admin-Eco'!AW80+'Classif Prog-Admin-Eco'!AW92+'Classif Prog-Admin-Eco'!AW107+'Classif Prog-Admin-Eco'!AW114 -> 28221299 | AR11: ='Classif Prog-Admin-Eco'!AX22+'Classif Prog-Admin-Eco'!AX23+'Classif Prog-Admin-Eco'!AX25+'Classif Prog-Admin-Eco'!AX28+'Classif Prog-Admin-Eco'!AX35+'Classif Prog-Admin-Eco'!AX67+'Classif Prog-Admin-Eco'!AX80+'Classif Prog-Admin-Eco'!AX92+'Classif Prog-Admin-Eco'!AX107+'Classif Prog-Admin-Eco'!AX114 -> 73872505 | AS11: ='Classif Prog-Admin-Eco'!AZ20+'Classif Prog-Admin-Eco'!AZ35+'Classif Prog-Admin-Eco'!AZ67+'Classif Prog-Admin-Eco'!AZ80+'Classif Prog-Admin-Eco'!AZ92+'Classif Prog-Admin-Eco'!AZ114 -> 277513964 | AT11: ='Classif Prog-Admin-Eco'!BA20+'Classif Prog-Admin-Eco'!BB20+'Classif Prog-Admin-Eco'!BA35+'Classif Prog-Admin-Eco'!BB35+'Classif Prog-Admin-Eco'!BB67+'Classif Prog-Admin-Eco'!BA80+'Classif Prog-Admin-Eco'!BA92+'Classif Prog-Admin-Eco'!BB92+'Classif Prog-Admin-Eco'!BA107+'Classif Prog-Admin-Eco'!BB107+'Classif Prog-Admin-Eco'!BA114+'Classif Prog-Admin-Eco'!BB114 -> 70321237 | AU11: =AP11+AQ11+AR11+AS11+AT11+'Classif Prog-Admin-Eco'!BD140 -> 776476500 | AV11: =AU11/$AU$19 -> 0.23388551 | AW11: MEF, MAEP, MIT, MCVT (Infrastructure et transport) MIC, MPMEPE, MEEM (Energie), MND et Charge financière de la dette
A12: 05 | B12: Protection de l'environnement | G12: ='[1]Classification fonct-économique'!$Z$7 -> 4367812.6 | H12: ='[1]Classification fonct-économique'!$AA$7 -> 947318.89 | I12: ='[1]Classification fonct-économique'!$AB$7 -> 175716.36 | J12: ='[1]Classification fonct-économique'!$AC$7 -> 1.3069156e+08 | K12: ='[1]Classification fonct-économique'!$AD$7 -> 1.0093356e+08 | L12: =G12+H12+I12+J12+K12 -> 2.3711596e+08 | M12: =L12/$Z$19 -> 0.092924702 | N12: ='[3]Regroupement par fonction'!$Z$8 -> 3894392.6 | O12: ='[3]Regroupement par fonction'!$AA$8 -> 98200 | P12: ='[3]Regroupement par fonction'!$AB$8 -> 1965671 | Q12: ='[3]Regroupement par fonction'!$AC$8 -> 27456545 | R12: ='[3]Regroupement par fonction'!$AD$8 -> 35320157 | S12: =N12+O12+P12+Q12+R12 -> 68734966 | T12: =S12/$AG$19 -> 0.024737987 | U12: 3601129 | V12: 143000 | W12: 2128156 | X12: 18219505 | Y12: 27393659 | Z12: =U12+V12+W12+X12+Y12 -> 51485449 | AA12: =Z12/$AG$19 -> 0.018529817 | AB12: ='Classif Prog-Admin-Eco'!AD89 -> 4412844 | AC12: ='Classif Prog-Admin-Eco'!AE89 -> 153000 | AD12: ='Classif Prog-Admin-Eco'!AF89 -> 2545656 | AE12: ='Classif Prog-Admin-Eco'!AH89 -> 29089814 | AF12: ='Classif Prog-Admin-Eco'!AI89+'Classif Prog-Admin-Eco'!AJ89 -> 14220169 | AG12: =AB12+AC12+AD12+AE12+AF12 -> 50421483 | AH12: =AG12/$AN$19 -> 0.016680942 | AI12: ='Classif Prog-Admin-Eco'!AM89 -> 4714535 | AJ12: ='Classif Prog-Admin-Eco'!AN89 -> 153000 | AK12: ='Classif Prog-Admin-Eco'!AO89 -> 2545657 | AL12: ='Classif Prog-Admin-Eco'!AQ89 -> 15596663 | AM12: ='Classif Prog-Admin-Eco'!AR89+'Classif Prog-Admin-Eco'!AS89 -> 51739586 | AN12: =AI12+AJ12+AK12+AL12+AM12 -> 74749441 | AO12: =AN12/$AU$19 -> 0.02251557 | AP12: ='Classif Prog-Admin-Eco'!AV89 -> 4911164 | AQ12: ='Classif Prog-Admin-Eco'!AW89 -> 153000 | AR12: ='Classif Prog-Admin-Eco'!AX89 -> 2545656 | AS12: ='Classif Prog-Admin-Eco'!AZ89 -> 26539506 | AT12: ='Classif Prog-Admin-Eco'!BA89+'Classif Prog-Admin-Eco'!BB89 -> 42653895 | AU12: =AP12+AQ12+AR12+AS12+AT12 -> 76803221 | AV12: =AU12/$AU$19 -> 0.023134197 | AW12: MCVT (données pilotage et soutien, environnement et climat, forêt et chasse)
A13: 06 | B13: Logement et équipements collectifs | G13: ='[1]Classification fonct-économique'!$Z$13 -> 64578.058 | H13: ='[1]Classification fonct-économique'!$AA$13 -> 1406823.6 | I13: ='[1]Classification fonct-économique'!$AB$13 -> 5356.7142 | J13: ='[1]Classification fonct-économique'!$AC$13 -> 45246275 | K13: 74398883 | L13: =G13+H13+I13+J13+K13 -> 1.2112192e+08 | M13: =L13/$Z$19 -> 0.047467146 | N13: ='[3]Regroupement par fonction'!$Z$9 -> 2288789.5 | O13: ='[3]Regroupement par fonction'!$AA$9 -> 2017193.2 | P13: ='[3]Regroupement par fonction'!$AB$9 -> 706079.75 | Q13: ='[3]Regroupement par fonction'!$AC$9 -> 2.0022156e+08 | R13: ='[3]Regroupement par fonction'!$AD$9 -> 79912703 | S13: =N13+O13+P13+Q13+R13 -> 2.8514632e+08 | T13: =S13/$AG$19 -> 0.10262529 | U13: 4660684 | V13: 4166981 | W13: 1095829 | X13: 188015458 | Y13: 128091846 | Z13: =U13+V13+W13+X13+Y13 -> 326030798 | AA13: =Z13/$AG$19 -> 0.11733978 | AB13: ='Classif Prog-Admin-Eco'!AD88+'Classif Prog-Admin-Eco'!AD91+'Classif Prog-Admin-Eco'!AD93+'Classif Prog-Admin-Eco'!AD113+'Classif Prog-Admin-Eco'!AD115+'Classif Prog-Admin-Eco'!AD116 -> 4005118 | AC13: ='Classif Prog-Admin-Eco'!AE113+'Classif Prog-Admin-Eco'!AE115+'Classif Prog-Admin-Eco'!AE116+'Classif Prog-Admin-Eco'!AE88+'Classif Prog-Admin-Eco'!AE91+'Classif Prog-Admin-Eco'!AE93 -> 4736406 | AD13: ='Classif Prog-Admin-Eco'!AF88+'Classif Prog-Admin-Eco'!AF91+'Classif Prog-Admin-Eco'!AF93+'Classif Prog-Admin-Eco'!AF116 -> 902504 | AE13: ='Classif Prog-Admin-Eco'!AH88+'Classif Prog-Admin-Eco'!AH91+'Classif Prog-Admin-Eco'!AH93+'Classif Prog-Admin-Eco'!AH113+'Classif Prog-Admin-Eco'!AH115+'Classif Prog-Admin-Eco'!AH116 -> 185795320 | AF13: ='Classif Prog-Admin-Eco'!AJ93+'Classif Prog-Admin-Eco'!AI115+'Classif Prog-Admin-Eco'!AJ115+'Classif Prog-Admin-Eco'!AJ91 -> 76207794 | AG13: =AB13+AC13+AD13+AE13+AF13 -> 2.7164714e+08 | AH13: =AG13/$AN$19 -> 0.089869038 | AI13: ='Classif Prog-Admin-Eco'!AM88+'Classif Prog-Admin-Eco'!AM91+'Classif Prog-Admin-Eco'!AM93+'Classif Prog-Admin-Eco'!AM113+'Classif Prog-Admin-Eco'!AM115+'Classif Prog-Admin-Eco'!AM116 -> 4288160 | AJ13: ='Classif Prog-Admin-Eco'!AN113+'Classif Prog-Admin-Eco'!AN115+'Classif Prog-Admin-Eco'!AN116+'Classif Prog-Admin-Eco'!AN88+'Classif Prog-Admin-Eco'!AN91+'Classif Prog-Admin-Eco'!AN93 -> 4743305 | AK13: ='Classif Prog-Admin-Eco'!AO116+'Classif Prog-Admin-Eco'!AO88+'Classif Prog-Admin-Eco'!AO91+'Classif Prog-Admin-Eco'!AO93 -> 902504 | AL13: ='Classif Prog-Admin-Eco'!AQ88+'Classif Prog-Admin-Eco'!AQ91+'Classif Prog-Admin-Eco'!AQ93+'Classif Prog-Admin-Eco'!AQ113+'Classif Prog-Admin-Eco'!AQ115+'Classif Prog-Admin-Eco'!AQ116 -> 205705978 | AM13: ='Classif Prog-Admin-Eco'!AS91+'Classif Prog-Admin-Eco'!AS93+'Classif Prog-Admin-Eco'!AR115+'Classif Prog-Admin-Eco'!AS115 -> 178492500 | AN13: =AI13+AJ13+AK13+AL13+AM13 -> 394132447 | AO13: =AN13/$AU$19 -> 0.11871817 | AP13: ='Classif Prog-Admin-Eco'!AV88+'Classif Prog-Admin-Eco'!AV91+'Classif Prog-Admin-Eco'!AV93+'Classif Prog-Admin-Eco'!AV113+'Classif Prog-Admin-Eco'!AV115+'Classif Prog-Admin-Eco'!AV116 -> 4461956 | AQ13: ='Classif Prog-Admin-Eco'!AW88+'Classif Prog-Admin-Eco'!AW91+'Classif Prog-Admin-Eco'!AW93+'Classif Prog-Admin-Eco'!AW113+'Classif Prog-Admin-Eco'!AW115+'Classif Prog-Admin-Eco'!AW116 -> 4743305 | AR13: ='Classif Prog-Admin-Eco'!AX88+'Classif Prog-Admin-Eco'!AX91+'Classif Prog-Admin-Eco'!AX93+'Classif Prog-Admin-Eco'!AX116 -> 902504 | AS13: ='Classif Prog-Admin-Eco'!AZ88+'Classif Prog-Admin-Eco'!AZ91+'Classif Prog-Admin-Eco'!AZ93+'Classif Prog-Admin-Eco'!AZ113+'Classif Prog-Admin-Eco'!AZ115+'Classif Prog-Admin-Eco'!AZ116 -> 254448956 | AT13: ='Classif Prog-Admin-Eco'!BB91+'Classif Prog-Admin-Eco'!BB93+'Classif Prog-Admin-Eco'!BA115+'Classif Prog-Admin-Eco'!BB115 -> 139213571 | AU13: =AP13+AQ13+AR13+AS13+AT13 -> 403770292 | AV13: =AU13/$AU$19 -> 0.12162122 | AW13: MCVT (données ville et territoire durable, habitat), MEEM
A14: 07 | B14: Santé | G14: ='[1]Classification fonct-économique'!$Z$8 -> 32255330 | H14: ='[1]Classification fonct-économique'!$AA$8 -> 8390781.2 | I14: ='[1]Classification fonct-économique'!$AB$8 -> 2304662.5 | J14: ='[1]Classification fonct-économique'!$AC$8 -> 9607510.9 | K14: ='[1]Classification fonct-économique'!$AC$8 -> 9607510.9 | L14: =G14+H14+I14+J14+K14 -> 62165796 | M14: =L14/$Z$19 -> 0.024362502 | N14: ='[3]Regroupement par fonction'!$Z$10 -> 43085256 | O14: ='[3]Regroupement par fonction'!$AA$10 -> 5736964 | P14: ='[3]Regroupement par fonction'!$AB$10 -> 27125027 | Q14: ='[3]Regroupement par fonction'!$AC$10 -> 10325657 | R14: ='[3]Regroupement par fonction'!$AD$10 -> 29336268 | S14: =N14+O14+P14+Q14+R14 -> 1.1560917e+08 | T14: =S14/$AG$19 -> 0.041608199 | U14: 48359062 | V14: 10336301 | W14: 35232574 | X14: 18565339 | Y14: 23789967 | Z14: =U14+V14+W14+X14+Y14 -> 136283243 | AA14: =Z14/$AG$19 -> 0.049048879 | AB14: ='Classif Prog-Admin-Eco'!AD48 -> 47069461 | AC14: ='Classif Prog-Admin-Eco'!AE48 -> 10686567 | AD14: ='Classif Prog-Admin-Eco'!AF48 -> 37730247 | AE14: ='Classif Prog-Admin-Eco'!AH48 -> 19000000 | AF14: ='Classif Prog-Admin-Eco'!AI48+'Classif Prog-Admin-Eco'!AJ48 -> 35625192 | AG14: =AB14+AC14+AD14+AE14+AF14 -> 150111467 | AH14: =AG14/$AN$19 -> 0.049661385 | AI14: ='Classif Prog-Admin-Eco'!AM48 -> 49519262 | AJ14: ='Classif Prog-Admin-Eco'!AN48 -> 10686567 | AK14: ='Classif Prog-Admin-Eco'!AO48 -> 37730248 | AL14: ='Classif Prog-Admin-Eco'!AQ48 -> 22200000 | AM14: ='Classif Prog-Admin-Eco'!AR48+'Classif Prog-Admin-Eco'!AS48 -> 28972192 | AN14: =AI14+AJ14+AK14+AL14+AM14 -> 149108269 | AO14: =AN14/$AU$19 -> 0.044913482 | AP14: ='Classif Prog-Admin-Eco'!AV48 -> 51845695 | AQ14: ='Classif Prog-Admin-Eco'!AW48 -> 10686567 | AR14: ='Classif Prog-Admin-Eco'!AX48 -> 37730248 | AS14: ='Classif Prog-Admin-Eco'!AZ48 -> 25700000 | AT14: ='Classif Prog-Admin-Eco'!BB48 -> 25249000 | AU14: =AP14+AQ14+AR14+AS14+AT14 -> 151211510 | AV14: =AU14/$AU$19 -> 0.045547007 | AW14: MS
A15: 08 | B15: Loisirs, Culture et Culte | G15: ='[1]Classification fonct-économique'!$Z$11 -> 1992711.9 | H15: ='[1]Classification fonct-économique'!$AA$11 -> 2800247.1 | I15: ='[1]Classification fonct-économique'!$AB$11 -> 937588.41 | J15: ='[1]Classification fonct-économique'!$AC$11 -> 51169250 | K15: ='[1]Classification fonct-économique'!$AD$11 -> 16987964 | L15: =G15+H15+I15+J15+K15 -> 73887762 | M15: =L15/$Z$19 -> 0.028956289 | N15: ='[3]Regroupement par fonction'!$Z$11 -> 2378218.9 | O15: ='[3]Regroupement par fonction'!$AA$11 -> 4182587.5 | P15: ='[3]Regroupement par fonction'!$AB$11 -> 6580197.7 | Q15: ='[3]Regroupement par fonction'!$AC$11 -> 49803547 | R15: ='[3]Regroupement par fonction'!$AD$11 -> 15288895 | S15: =N15+O15+P15+Q15+R15 -> 78233447 | T15: =S15/$AG$19 -> 0.028156528 | U15: 2617389 | V15: 5354761 | W15: 10527055 | X15: 60208620 | Y15: 13198590 | Z15: =U15+V15+W15+X15+Y15 -> 91906415 | AA15: =Z15/$AG$19 -> 0.033077483 | AB15: ='Classif Prog-Admin-Eco'!AD94+'Classif Prog-Admin-Eco'!AD117 -> 2542001 | AC15: ='Classif Prog-Admin-Eco'!AE117+'Classif Prog-Admin-Eco'!AE94 -> 5492961 | AD15: ='Classif Prog-Admin-Eco'!AF94+'Classif Prog-Admin-Eco'!AF117 -> 10388855 | AE15: ='Classif Prog-Admin-Eco'!AH117+'Classif Prog-Admin-Eco'!AH94 -> 48296085 | AF15: ='Classif Prog-Admin-Eco'!AI117+'Classif Prog-Admin-Eco'!AJ117 -> 34427290 | AG15: =AB15+AC15+AD15+AE15+AF15 -> 101147192 | AH15: =AG15/$AN$19 -> 0.033462531 | AI15: ='Classif Prog-Admin-Eco'!AM117+'Classif Prog-Admin-Eco'!AM94 -> 2691376 | AJ15: ='Classif Prog-Admin-Eco'!AN94+'Classif Prog-Admin-Eco'!AN117 -> 5492961 | AK15: ='Classif Prog-Admin-Eco'!AO117+'Classif Prog-Admin-Eco'!AO94 -> 10388855 | AL15: ='Classif Prog-Admin-Eco'!AQ94+'Classif Prog-Admin-Eco'!AQ117 -> 58204313 | AM15: ='Classif Prog-Admin-Eco'!AR117+'Classif Prog-Admin-Eco'!AS117 -> 23401290 | AN15: =AI15+AJ15+AK15+AL15+AM15 -> 100178795 | AO15: =AN15/$AU$19 -> 0.030175245 | AP15: ='Classif Prog-Admin-Eco'!AV117+'Classif Prog-Admin-Eco'!AV94 -> 2823655 | AQ15: ='Classif Prog-Admin-Eco'!AW94+'Classif Prog-Admin-Eco'!AW117 -> 5492961 | AR15: ='Classif Prog-Admin-Eco'!AX117+'Classif Prog-Admin-Eco'!AX94 -> 10388855 | AS15: ='Classif Prog-Admin-Eco'!AZ94+'Classif Prog-Admin-Eco'!AZ117 -> 62381400 | AT15: ='Classif Prog-Admin-Eco'!BA117+'Classif Prog-Admin-Eco'!BB117 -> 185557290 | AU15: =AP15+AQ15+AR15+AS15+AT15 -> 266644161 | AV15: =AU15/$AU$19 -> 0.080316926 | AW15: M Sport, MTCA
A16: 09 | B16: Enseignement | G16: ='[1]Classification fonct-économique'!$Z$6 -> 2.1160962e+08 | H16: ='[1]Classification fonct-économique'!$AA$6 -> 29612076 | I16: ='[1]Classification fonct-économique'!$AB$6 -> 4546437.9 | J16: ='[1]Classification fonct-économique'!$AC$6 -> 33355859 | K16: ='[1]Classification fonct-économique'!$AD$6 -> 14596587 | L16: =G16+H16+I16+J16+K16 -> 2.9372058e+08 | M16: =L16/$Z$19 -> 0.1151078 | N16: ='[3]Regroupement par fonction'!$Z$12 -> 2.4199563e+08 | O16: ='[3]Regroupement par fonction'!$AA$12 -> 46564124 | P16: ='[3]Regroupement par fonction'!$AB$12 -> 47565925 | Q16: ='[3]Regroupement par fonction'!$AC$12 -> 37887078 | R16: ='[3]Regroupement par fonction'!$AD$12 -> 3134575.8 | S16: 352213154 | T16: =S16/$AG$19 -> 0.12676291 | U16: 264706900 | V16: 49954605 | W16: 50609235 | X16: 47695217 | Y16: 45524311 | Z16: =U16+V16+W16+X16+Y16 -> 458490268 | AA16: =Z16/Z19 -> 0.17968032 | AB16: ='Classif Prog-Admin-Eco'!AD52+'Classif Prog-Admin-Eco'!AD57+'Classif Prog-Admin-Eco'!AD62 -> 285380187 | AC16: ='Classif Prog-Admin-Eco'!AE62+'Classif Prog-Admin-Eco'!AE57+'Classif Prog-Admin-Eco'!AE52 -> 55882349 | AD16: ='Classif Prog-Admin-Eco'!AF62+'Classif Prog-Admin-Eco'!AF57+'Classif Prog-Admin-Eco'!AF52 -> 68936514 | AE16: ='Classif Prog-Admin-Eco'!AH62+'Classif Prog-Admin-Eco'!AH57+'Classif Prog-Admin-Eco'!AH52 -> 41714941 | AF16: ='Classif Prog-Admin-Eco'!AJ52+'Classif Prog-Admin-Eco'!AI57+'Classif Prog-Admin-Eco'!AJ57 -> 48822073 | AG16: =AB16+AC16+AD16+AE16+AF16 -> 500736064 | AH16: =AG16/$AN$19 -> 0.16565854 | AI16: ='Classif Prog-Admin-Eco'!AM52+'Classif Prog-Admin-Eco'!AM57+'Classif Prog-Admin-Eco'!AM62 -> 313781553 | AJ16: ='Classif Prog-Admin-Eco'!AN52+'Classif Prog-Admin-Eco'!AN57+'Classif Prog-Admin-Eco'!AN62 -> 52853907 | AK16: ='Classif Prog-Admin-Eco'!AO52+'Classif Prog-Admin-Eco'!AO57+'Classif Prog-Admin-Eco'!AO62 -> 69159235 | AL16: ='Classif Prog-Admin-Eco'!AQ52+'Classif Prog-Admin-Eco'!AQ57+'Classif Prog-Admin-Eco'!AQ62 -> 53292614 | AM16: ='Classif Prog-Admin-Eco'!AS52+'Classif Prog-Admin-Eco'!AR57+'Classif Prog-Admin-Eco'!AS57 -> 33628974 | AN16: =AI16+AJ16+AK16+AL16+AM16 -> 522716283 | AO16: =AN16/$AU$19 -> 0.15744941 | AP16: ='Classif Prog-Admin-Eco'!AV52+'Classif Prog-Admin-Eco'!AV57+'Classif Prog-Admin-Eco'!AV62 -> 339794262 | AQ16: ='Classif Prog-Admin-Eco'!AW52+'Classif Prog-Admin-Eco'!AW57+'Classif Prog-Admin-Eco'!AW62 -> 52853906 | AR16: ='Classif Prog-Admin-Eco'!AX52+'Classif Prog-Admin-Eco'!AX57+'Classif Prog-Admin-Eco'!AX62 -> 69159235 | AS16: ='Classif Prog-Admin-Eco'!AZ52+'Classif Prog-Admin-Eco'!AZ57+'Classif Prog-Admin-Eco'!AZ62 -> 43442953 | AT16: ='Classif Prog-Admin-Eco'!BA57+'Classif Prog-Admin-Eco'!BB57 -> 23808975 | AU16: =AP16+AQ16+AR16+AS16+AT16 -> 529059331 | AV16: =AU16/$AU$19 -> 0.15936002 | AW16: MESRS, MESTFP, MEMP, Partenariat mondial pour l'éducation
A17: 10 | B17: Protection sociale | G17: 1721211 | H17: 2179324 | I17: 483773281 | J17: ='[1]Classification fonct-économique'!$AB$9 -> 10250950 | K17: ='[1]Classification fonct-économique'!$AD$9 -> 0 | L17: =G17+H17+I17+J17+K17 -> 4.9792477e+08 | M17: =L17/$Z$19 -> 0.19513452 | N17: ='[3]Regroupement par fonction'!$Z$13 -> 2729853 | O17: ='[3]Regroupement par fonction'!$AA$13 -> 2284398 | P17: ='[3]Regroupement par fonction'!$AB$13 -> 88353745 | Q17: ='[3]Regroupement par fonction'!$AC$13 -> 2034103.6 | R17: ='[3]Regroupement par fonction'!$AD$13 -> 26651308 | S17: =N17+O17+P17+Q17+R17 -> 1.2205341e+08 | T17: =S17/$AG$19 -> 0.043927505 | U17: 2812248 | V17: 9255113 | W17: 101609608 | X17: 14703147 | Y17: 2376058 | Z17: =U17+V17+W17+X17+Y17 -> 130756174 | AA17: =Z17/$AG$19 -> 0.047059665 | AB17: ='Classif Prog-Admin-Eco'!AD103+'Classif Prog-Admin-Eco'!AD26 -> 3030065 | AC17: ='Classif Prog-Admin-Eco'!AE26+'Classif Prog-Admin-Eco'!AE27+'Classif Prog-Admin-Eco'!AE103 -> 9271705 | AD17: ='Classif Prog-Admin-Eco'!AF103+'Classif Prog-Admin-Eco'!AF26 -> 102085015 | AE17: ='Classif Prog-Admin-Eco'!AH103 -> 15511068 | AF17: ='Classif Prog-Admin-Eco'!AJ103 -> 2686000 | AG17: =AB17+AC17+AD17+AE17+AF17 -> 132583853 | AH17: =AG17/$AN$19 -> 0.043862723 | AI17: ='Classif Prog-Admin-Eco'!AM103+'Classif Prog-Admin-Eco'!AM26 -> 3207926 | AJ17: ='Classif Prog-Admin-Eco'!AN26+'Classif Prog-Admin-Eco'!AN27+'Classif Prog-Admin-Eco'!AN103 -> 9321112 | AK17: ='Classif Prog-Admin-Eco'!AO103+'Classif Prog-Admin-Eco'!AO26 -> 127243608 | AL17: ='Classif Prog-Admin-Eco'!AQ103 -> 16030173 | AM17: ='Classif Prog-Admin-Eco'!AS103 -> 3582000 | AN17: =AI17+AJ17+AK17+AL17+AM17 -> 159384819 | AO17: =AN17/$AU$19 -> 0.048008922 | AP17: ='Classif Prog-Admin-Eco'!AV26+'Classif Prog-Admin-Eco'!AV103 -> 3378185 | AQ17: ='Classif Prog-Admin-Eco'!AW26+'Classif Prog-Admin-Eco'!AW27+'Classif Prog-Admin-Eco'!AW103 -> 9321112 | AR17: ='Classif Prog-Admin-Eco'!AX103+'Classif Prog-Admin-Eco'!AX26 -> 139443608 | AS17: ='Classif Prog-Admin-Eco'!AZ103 -> 16030173 | AT17: ='Classif Prog-Admin-Eco'!BB103 -> 3582000 | AU17: =AP17+AQ17+AR17+AS17+AT17 -> 171755078 | AV17: =AU17/$AU$19 -> 0.051735016 | AW17: MASM, Assurance retraite des agents de l'Etat, Prévention et gestion des catastrophes
A19: TOTAL FONCTIONS | G19: =SUM(G8:G17) -> 4.4410966e+08 | H19: =SUM(H8:H17) -> 1.5378298e+08 | I19: =SUM(I8:I17) -> 5.2613591e+08 | J19: =SUM(J8:J17) -> 5.7241003e+08 | K19: =SUM(K8:K17) -> 3.6187271e+08 | L19: =SUM(L8:L17) -> 2.2425608e+09 | N19: =SUM(N8:N17) -> 5.0991672e+08 | O19: =SUM(O8:O17) -> 1.4915788e+08 | P19: =SUM(P8:P17) -> 5.7099441e+08 | Q19: =SUM(Q8:Q17) -> 5.8285011e+08 | R19: =SUM(R8:R17) -> 4.3153664e+08 | S19: =SUM(S8:S17) -> 2.4471454e+09 | U19: =SUM(U8:U17) -> 596035000 | V19: =SUM(V8:V17) -> 190865000 | W19: =SUM(W8:W17) -> 582800000 | X19: =SUM(X8:X17) -> 581784000 | Y19: =SUM(Y8:Y17) -> 389616000 | Z19: =SUM(Z8:Z17) -> 2551700000 | AB19: =SUM(AB8:AB17) -> 633882000 | AC19: =SUM(AC8:AC17) -> 2.26018e+08 | AD19: =SUM(AD8:AD17) -> 669300000 | AE19: =SUM(AE8:AE17) -> 584062000 | AF19: =SUM(AF8:AF17) -> 426257000 | AG19: =SUM(AG8:AG17) -> 2.778519e+09 | AI19: =SUM(AI8:AI17) -> 689147575 | AJ19: =SUM(AJ8:AJ17) -> 228502923 | AK19: =SUM(AK8:AK17) -> 707649502 | AL19: =SUM(AL8:AL17) -> 666897000 | AM19: =SUM(AM8:AM17) -> 468103000 | AN19: =SUM(AN8:AN17) -> 3022700000 | AP19: =SUM(AP8:AP17) -> 740592108 | AQ19: =SUM(AQ8:AQ17) -> 241071521 | AR19: =SUM(AR8:AR17) -> 762436371 | AS19: =SUM(AS8:AS17) -> 793780000 | AT19: =SUM(AT8:AT17) -> 495920000 | AU19: =AU8+AU9+AU10+AU11+AU12+AU13+AU14+AU15+AU16+AU17 -> 3319900000
U41: =SUM(U22:U40) -> 0
